 Dungeon Crawl Stone Soup version 0.29.0-11-gd7f09526c8 (webtiles) character file.

Game seed: 6814433475562549917

1838999 iguanaiguana the Luminary of Lethal Lore (level 27, -10/218 HPs)
             Began as a Gargoyle Venom Mage on Sept 2, 2022.
             Was the Champion of Vehumet.
             Killed by an exploding ball lightning (18 damage)
             ... on level 18 of a ziggurat on Sept 4, 2022.
             The game lasted 12:55:30 (99466 turns).

iguanaiguana the Luminary of Lethal Lore (GrVM)    Turns: 99466, Time: 12:55:30

Health: -10/218    AC: 82    Str: 11 (14) XL:     27
Magic:  53/54      EV: 10    Int: 39 (42) God:    Vehumet [******]
Gold:   20916      SH: 19    Dex: 12 (14) Spells: 0/80 levels left

rFire   + + +      SeeInvis +   a - +3 Elemental Staff {rElec rF++ rC++ AC+5}
rCold   + + +      Faith    .   o - +2 shield of Resistance {rF++ rC++ Will++}
rNeg    + + .      Spirit   .   s - +8 orange crystal plate armour {Archmagi, Int+3 Clar}
rPois   ∞          Reflect  .   Y - +3 helmet of the Learner {rN+ Str+2}
rElec   +          Harm     .   V - +3 cloak of Bespelled Curiosity {rF+ Regen+ Dex+4}
rCorr   +          Rampage  .   m - +0 pair of gloves "Gufes" {Fly rElec Regen+}
Will    ++++.      Archmagi + + c - +3 pair of mountain boots {steadfast, rC+}
Stlth   +++....... Clarity  +   S - amulet of Vitality {RegenMP++ Regen++}
HPRegen 3.66/turn               G - ring "Zauf" {Drain rCorr Int+9 Slay-4 SInv}
MPRegen 1.14/turn               I - ring of the Mage {Wiz Archmagi}

@: flying, studying 3 skills
A: sickness immunity, AC +20, big wings, negative energy resistance 1,
electricity resistance, torment resistance 1, petrification resistance, mutation
resistance 1, robust 1, sturdy frame 1
}: 14/15 runes: serpentine, barnacled, slimy, silver, iron, obsidian, icy, bone,
abyssal, demonic, glowing, magical, fiery, dark
a: Renounce Religion


You were on level 18 of a ziggurat.
You worshipped Vehumet.
Vehumet was exalted by your worship.
You visited 17 branches of the dungeon, and saw 84 of its levels.
You visited Pandemonium 1 time, and saw 10 of its levels.
You visited the Abyss 13 times.
You visited 9 ziggurats (completing 8), and saw 234 of their levels.
You also visited: Bailey.

You collected 27625 gold pieces.
You spent 6709 gold pieces at shops.

Inventory:

Hand Weapons
 a - the +3 Elemental Staff (weapon) {rElec rF++ rC++ AC+5}
   (You acquired it on level 10 of the Dungeon)

   If the wielder is skilled in Evocations, they can discharge powerful blasts
   of elemental energy when striking with it.
   It enhances your fire, ice, earth and air magic.
   AC:        It affects your AC (+5).
   rF:        It greatly protects you from fire.
   rC:        It greatly protects you from cold.
   rElec:     It insulates you from electricity.
 T - a +1 hand axe of distortion
Missiles
 f - a javelin
 F - 15 throwing nets
 P - 88 silver javelins (quivered)
Armour
 c - the +3 pair of mountain boots (worn) {steadfast, rC+}
   (You found it on level 5 of a ziggurat)

   It prevents involuntary movement, except for blinking, teleportation, or
   banishment.
   rC:        It protects you from cold.
 h - the -2 hat of the Alchemist {rElec rPois rF+ rC+ rN+ Will+ rMut rCorr}
   (You found it on level 25 of a ziggurat)

   rF:        It protects you from fire.
   rC:        It protects you from cold.
   rElec:     It insulates you from electricity.
   rPois:     It protects you from poison.
   rN:        It protects you from negative energy.
   rCorr:     It protects you from acid and corrosion.
   rMut:      It protects you from mutation.
   Will:      It increases your willpower.
 m - the +0 pair of gloves "Gufes" (worn) {Fly rElec Regen+}
   (You found it on level 16 of a ziggurat)

   rElec:     It insulates you from electricity.
   Fly:       It grants you flight.
   Regen:     It increases your rate of health regeneration.
 o - the +2 shield of Resistance (worn) {rF++ rC++ Will++}
   (You found it on level 11 of a ziggurat)

   rF:        It greatly protects you from fire.
   rC:        It greatly protects you from cold.
   Will:      It greatly increases your willpower.
 s - the +8 orange crystal plate armour (worn) {Archmagi, Int+3 Clar}
   (You found it on level 11 of a ziggurat)

   Int:       It affects your intelligence (+3).
   Clar:      It protects you against confusion.
 J - the +10 tower shield of Ignorance {rN+ Int-4}
   (You found it on level 19 of a ziggurat)

   Int:       It affects your intelligence (-4).
   rN:        It protects you from negative energy.
 L - an orb of mayhem
 R - the +1 plate armour of the Hungering Gods {*Corrode rF- Regen+ Int+10}
   (You found it on level 19 of a ziggurat)

   Int:       It affects your intelligence (+10).
   rF:        It makes you vulnerable to fire.
   Regen:     It increases your rate of health regeneration.
   *Corrode:  It may corrode you when you take damage.
 V - the +3 cloak of Bespelled Curiosity (worn) {rF+ Regen+ Dex+4}
   (You acquired it on level 3 of the Vaults)

   Dex:       It affects your dexterity (+4).
   rF:        It protects you from fire.
   Regen:     It increases your rate of health regeneration.
 Y - the +3 helmet of the Learner (worn) {rN+ Str+2}
   (You found it on level 23 of a ziggurat)

   Str:       It affects your strength (+2).
   rN:        It protects you from negative energy.
Jewellery
 b - the ring "Liob" {rF+ SInv}
   (You found it on level 5 of a ziggurat)

   [ring of see invisible]

   rF:        It protects you from fire.
   SInv:      It lets you see invisible.
 l - the dreamshard necklace {*Dream Drain}
   (You found it on level 7 of Gehenna)

   [amulet of nothing]

   It shatters if its wearer takes lethal or near-lethal damage, preventing the
   blow and releasing protective dreams that heal and fight for the wearer.
   Drain:     It drains your maximum health when unequipped.
 G - the ring "Zauf" (left hand) {Drain rCorr Int+9 Slay-4 SInv}
   (You found it on level 15 of a ziggurat)

   [ring of see invisible]

   Int:       It affects your intelligence (+9).
   Slay:      It affects your accuracy & damage with ranged weapons and melee
   (-4).
   SInv:      It lets you see invisible.
   rCorr:     It protects you from acid and corrosion.
   Drain:     It drains your maximum health when unequipped.
 I - the ring of the Mage (right hand) {Wiz Archmagi}
   (You took it off a deep elf annihilator on level 3 of the Elven Halls)

   [ring of wizardry]

   It improves your spell success rate.
   Archmagi:  It increases the power of your magical spells.
 S - the amulet of Vitality (around neck) {RegenMP++ Regen++}
   (You found it on level 16 of a ziggurat)

   [amulet of magic regeneration]

   It increases your rate of magic regeneration.
   Regen:     It increases your rate of health regeneration.
 Z - the ring of Salvation {rCorr Str+4 SInv}
   (You found it on level 12 of a ziggurat)

   [ring of see invisible]

   Str:       It affects your strength (+4).
   SInv:      It lets you see invisible.
   rCorr:     It protects you from acid and corrosion.
Wands
 e - a wand of paralysis (123)
 k - a wand of digging (38) {@v3}
 r - a wand of quicksilver (65)
 H - a wand of roots (80)
Scrolls
 d - 63 scrolls of blinking {@r4}
 i - 15 scrolls of fear
 j - 29 scrolls of vulnerability
 n - 11 scrolls of poison
 t - 101 scrolls of teleportation {@r3}
 v - 114 scrolls of butterflies
 C - 28 scrolls of silence
 K - 9 scrolls of summoning
 N - 69 scrolls of immolation
Potions
 g - 24 potions of magic
 p - 140 potions of mutation
 w - 14 potions of brilliance
 x - 51 potions of curing {@q1}
 z - 31 potions of haste {@q4}
 B - 48 potions of cancellation
 D - 10 potions of resistance {@q5}
 O - 18 potions of ambrosia
 U - 11 potions of invisibility
 W - 17 potions of heal wounds {@q2}
 X - 22 potions of lignification
Miscellaneous
 u - the horn of Geryon
 y - a tin of tremorstones (2/2)
 A - a phantom mirror
 E - a phial of floods
 Q - a condenser vane


   Skills:
 O Level 27 Fighting
 O Level 27 Short Blades
 O Level 27 Long Blades
 O Level 27 Axes
 O Level 27 Maces & Flails
 O Level 27 Polearms
 O Level 27 Staves
 O Level 27 Ranged Weapons
 O Level 27 Throwing
 O Level 27 Armour
 O Level 27 Dodging
 O Level 27 Stealth
 O Level 27 Shields
 O Level 27 Unarmed Combat
 O Level 27 Spellcasting
 O Level 27 Conjurations
 O Level 27 Hexes
 O Level 27 Summonings
 O Level 27 Necromancy
 O Level 27 Translocations
 O Level 27 Transmutations
 O Level 27 Fire Magic
 O Level 27 Ice Magic
 O Level 27 Air Magic
 O Level 27 Earth Magic
 O Level 27 Poison Magic
 O Level 27 Invocations
 O Level 27 Evocations


You couldn't memorise any spells.
You knew the following spells:

 Your Spells              Type           Power      Damage    Failure   Level
a - Chain Lightning       Conj/Air       100%       3d133     1%          9
b - Fire Storm            Conj/Fire      100%       8d25      1%          9
c - Shatter               Erth           100%       3d71*     1%          9
d - Ignition              Fire           100%       3d25      1%          8
e - Polar Vortex          Ice            100%       N/A       1%          9
f - Death's Door          Necr           92%        N/A       5%          9
g - Disjunction           Tloc           92%        N/A       1%          8
h - Malign Gateway        Summ/Tloc      92%        N/A       1%          7
i - Necromutation         Tmut/Necr      92%        N/A       1%          8
j - Apportation           Tloc           100%       N/A       0%          1
k - Ozocubu's Armour      Ice            100%       N/A       0%          3

Your spell library contained the following spells:

 Spells                   Type           Power      Damage    Failure   Level
 Beastly Appendage        Tmut           100%       N/A       0%          1
 Foxfire                  Conj/Fire      100%       2x1d9     0%          1
 Freeze                   Ice            100%       1d11      0%          1
 Magic Dart               Conj           100%       1d8       0%          1
 Necrotise                Necr           100%       1d9       0%          1
 Sandblast                Erth           100%       2d20      0%          1
 Shock                    Conj/Air       100%       1d9       0%          1
 Slow                     Hex            100%       N/A       0%          1
 Sting                    Tmut/Pois      100%       1d8       0%          1
 Summon Small Mammal      Summ           100%       N/A       0%          1
 Blink                    Tloc           100%       N/A       0%          2
 Call Imp                 Summ           100%       N/A       0%          2
 Ensorcelled Hibernation  Hex/Ice        100%       N/A       0%          2
 Passwall                 Tmut/Erth      100%       N/A       0%          2
 Poisonous Vapours        Pois/Air       100%       N/A       0%          2
 Scorch                   Fire           100%       2d10      0%          2
 Searing Ray              Conj           100%       2d8       0%          2
 Static Discharge         Conj/Air       100%       3-16/arc  0%          2
 Wereblood                Tmut           100%       N/A       0%          2
 Call Canine Familiar     Summ           100%       N/A       0%          3
 Confusing Touch          Hex            100%       N/A       0%          3
 Conjure Flame            Conj/Fire      100%       6-21      0%          3
 Dazzling Flash           Conj/Hex       100%       N/A       0%          3
 Frozen Ramparts          Ice            100%       1d16      0%          3
 Gell's Gravitas          Tloc           100%       N/A       0%          3
 Ignite Poison            Fire/Tmut/Pois 100%       N/A       0%          3
 Inner Flame              Hex/Fire       100%       N/A       0%          3
 Lesser Beckoning         Tloc           100%       N/A       0%          3
 Mephitic Cloud           Conj/Pois/Air  100%       N/A       0%          3
 Portal Projectile        Hex/Tloc       100%       N/A       0%          3
 Spider Form              Tmut/Pois      100%       N/A       0%          3
 Stone Arrow              Conj/Erth      100%       3d13      0%          3
 Summon Guardian Golem    Hex/Summ       100%       N/A       0%          3
 Swiftness                Air            100%       N/A       0%          3
 Teleport Other           Tloc           100%       N/A       0%          3
 Tukima's Dance           Hex            100%       N/A       0%          3
 Vampiric Draining        Necr           100%       2d13      0%          3
 Airstrike                Air            100%       2d(15-31) 0%          4
 Anguish                  Hex/Necr       92%        N/A       0%          4
 Animate Armour           Summ/Erth      100%       N/A       0%          4
 Animate Dead             Necr           100%       N/A       0%          4
 Cause Fear               Hex            92%        N/A       0%          4
 Corpse Rot               Necr/Pois/Air  100%       N/A       0%          4
 Dispel Undead            Necr           100%       3d31      0%          4
 Flame Wave               Conj/Fire      100%       2d21      0%          4
 Fulminant Prism          Conj/Hex       92%        3d37      0%          4
 Hailstorm                Conj/Ice       100%       3d20      0%          4
 Ice Form                 Ice/Tmut       100%       N/A       0%          4
 Iskenderun's Mystic Bla  Conj/Tloc      100%       2d19      0%          4
 Leda's Liquefaction      Hex/Erth       100%       N/A       0%          4
 Olgreb's Toxic Radiance  Pois           100%       N/A       0%          4
 Passage of Golubria      Tloc           100%       N/A       0%          4
 Petrify                  Tmut/Erth      100%       N/A       0%          4
 Sticky Flame             Conj/Fire      100%       2d11      0%          4
 Summon Ice Beast         Ice/Summ       100%       N/A       0%          4
 Summon Lightning Spire   Summ/Air       100%       N/A       0%          4
 Agony                    Necr           100%       N/A       0%          5
 Alistair's Intoxication  Tmut/Pois      100%       N/A       0%          5
 Blade Hands              Tmut           92%        N/A       0%          5
 Borgnjor's Vile Clutch   Necr/Erth      100%       N/A       0%          5
 Fireball                 Conj/Fire      100%       3d36      0%          5
 Freezing Cloud           Conj/Ice/Air   100%       6-21      0%          5
 Irradiate                Conj/Tmut      92%        3d42      0%          5
 Iskenderun's Battlesphe  Conj           100%       2d15      0%          5
 Lee's Rapid Deconstruct  Erth           100%       3d45*     0%          5
 Lightning Bolt           Conj/Air       100%       1d131     0%          5
 Manifold Assault         Tloc           100%       N/A       0%          5
 Metabolic Englaciation   Hex/Ice        100%       N/A       0%          5
 Silence                  Hex/Air        100%       N/A       0%          5
 Summon Forest            Summ/Tloc      92%        N/A       0%          5
 Summon Mana Viper        Hex/Summ       100%       N/A       0%          5
 Yara's Violent Unravell  Hex/Tmut       92%        3d33      0%          5
 Conjure Ball Lightning   Conj/Air       100%       3x3d38    0%          6
 Death Channel            Necr           92%        N/A       0%          6
 Dispersal                Tloc           92%        N/A       0%          6
 Eringya's Noxious Bog    Tmut/Pois      92%        N/A       0%          6
 Iron Shot                Conj/Erth      100%       9d18      0%          6
 Simulacrum               Ice/Necr       100%       N/A       0%          6
 Starburst                Conj/Fire      100%       6d25      0%          6
 Summon Cactus Giant      Summ           92%        N/A       0%          6
 Dragon Form              Tmut           92%        N/A       1%          7
 Enfeeble                 Hex            92%        N/A       1%          7
 Haunt                    Necr/Summ      92%        N/A       1%          7
 Monstrous Menagerie      Summ           92%        N/A       1%          7
 Orb of Destruction       Conj           92%        9d20      1%          7
 Ozocubu's Refrigeration  Ice            100%       4d29      1%          7
 Spellforged Servitor     Conj/Summ      92%        N/A       1%          7
 Storm Form               Tmut/Air       100%       N/A       1%          7
 Summon Hydra             Summ           92%        N/A       1%          7
 Borgnjor's Revivificati  Necr           92%        N/A       1%          8
 Discord                  Hex            92%        N/A       1%          8
 Infestation              Necr           92%        N/A       1%          8
 Lehudib's Crystal Spear  Conj/Erth      100%       10d22     1%          8
 Maxwell's Capacitive Co  Air            100%       ∞         1%          8
 Summon Horrible Things   Summ           92%        N/A       1%          8
 Dragon's Call            Summ           92%        N/A       5%          9
 Sublimation of Blood     Necr           Unusable   N/A       N/A         2
 Statue Form              Tmut/Erth      Unusable   N/A       N/A         6

Dungeon Overview and Level Annotations

Branches:
Dungeon (15/15)            Temple (1/1) D:7            Lair (5/5) D:8
 Shoals (4/4) Lair:3        Snake (4/4) Lair:3        Slime (5/5) Lair:4
    Orc (2/2) D:12            Elf (3/3) Orc:2        Vaults (5/5) D:13
  Crypt (3/3) Vaults:2       Tomb (0/3) Crypt:3      Depths (4/4) D:15
   Hell (visited)             Dis (7/7) Hell            Geh (7/7) Hell
    Coc (7/7) Hell            Tar (7/7) Hell            Zot (4/5) Depths:4
 Bailey (visited)

Altars:
Ashenzari
Cheibriados
Dithmenos
Elyvilon
Fedhas
Gozag
Hepliaklqana
Kikubaaqudgha
Makhleb
Nemelex Xobeh
Okawaru
Qazlal
Ru
Sif Muna
Trog
Uskayaw
Vehumet
Wu Jian
Xom
Yredelemnul
Zin
The Shining One
Jiyva

Shops:
D:3 [   D:10 :   D:12 [   Orc:2 [(!?   Elf:2 [   Shoals:2 *   Shoals:3 =
Snake:1 *   Snake:3 [   Vaults:1 [   Vaults:2 ?   Vaults:5 !?   Depths:1 *

Portals:
Hell: Depths:1 Depths:2 Depths:3 Depths:4
Abyss: Depths:3
Pandemonium: Depths:1 Depths:2

Annotations:
D:4 exclusion: downstairs
D:7 exclusion: downstairs
Lair:2 exclusion: downstairs
Lair:4 1 transporter
Crypt:3 exclusion: downstairs
Dis:1 1 exclusion
Dis:7 1 exclusion
Coc:7 Antaeus
Zot:4 exclusion: 4 downstairs


Innate Abilities, Weirdness & Mutations

You are immune to sickness and miasma.
Your stone body is resilient. (AC +20)
You are immune to poison.
Your large and strong wings let you fly.
You resist negative energy. (rN+)
You are resistant to electric shocks. (rElec)
You are resistant to unholy torment.
You are immune to petrification.
You are somewhat resistant to further mutation.
You are robust. (+10% HP)
Your movements are slightly less encumbered by armour. (ER -2)


Message History

Basuil hits you!
* * * LOW HITPOINT WARNING * * *
You feel your attacks grow feeble.
Igomest comes into view.
Unknown command.
Okay, then.
Okay, then.
Okay, then.
Your magical effects are unravelling.
You feel magically purged.
Your hearing returns.
Your attacks no longer feel as feeble.
You feel less vulnerable to fire.
The world stops spinning.
Rodotag is engulfed in freezing vapours.
Rodotag hits you!!
* * * LOW HITPOINT WARNING * * *
The Killer Klown blinks!
Plog gestures.
Nidowaud gestures.
The dungeon shakes, a horrible noise fills the air, and a portal to some otherworldly place is opened!
Rarietel hits you!
* * * LOW HITPOINT WARNING * * *
You feel your power leaking away.
Teihuz comes into view.
Defedd sneers, "I shall feast on thy spine!"
Defedd gestures.
Defedd blinks!
Rodotag is engulfed in freezing vapours.
Basuil sneers, "Kneel, thou tasty dinner!"
The Killer Klown blinks! x4; Tuptif blinks!
The Killer Klown blinks!
Vydwin gestures at you.
Mianwoarph blinks!
Plog gestures.
The ball lightning explodes!
The blast of lightning engulfs Tuvvyuj.
Tuvvyuj resists.
Tuvvyuj dies!
The blast of lightning engulfs the ball lightning.
The ball lightning completely resists.
The blast of lightning engulfs Pessof!!
The blast of lightning engulfs Rodotag!
Rodotag resists.
Rodotag dies!
The blast of lightning engulfs you!! You resist.
You die...

......p.▓
.§§§....▓▓▓▓▓▓▓▓▓▓
§§&§........§....▓
.§§§1#...§.∩§....▓
.&§§&§....§§.....▓
†.)§§&...........▓
..*.§*&&&........▓
.§§&*.○@&.......∩▓
..§&*..&&........▓
.*.&p*§..p.......▓
.&*.&.#..........▓
&†.p..#..........▓
†)..&.#..p.......▓
&.......▓▓▓▓▓▓▓▓▓▓
&.......▓


You could see Basuil, Bychikh, Defedd, Eropops (unsilenced), Igomest,
Mianwoarph, Nidowaud (invisible, unsilenced), Ocauloss (wandering, unsilenced),
Pessof, Plog (unsilenced), Rarietel, Satuushe, Teihuz (unsilenced), Tuptif
(unsilenced), Viufit (silencing, unsilenced), Vydwin (unsilenced), Wiehim
(clouds), Wuepil, Zoel, 5 Killer Klowns, a Hell Sentinel and 7 ball lightnings.

Vanquished Creatures
  Cerebov (Pan)
  The ghost of Haitsiopt the Axe Maniac, a legendary DsGl of Makhleb (Zig:24)
  Asmodeus (Geh:7)
  The ghost of Vuopse the Conqueror, a legendary GnIE of Ashenzari (Zig:24)
  The ghost of Vuopse the Conqueror, a legendary GnIE of Ashenzari (Zig:20)
  the Royal Jelly (Slime:5)
  The ghost of astronautguy the Formicid Barricade, a legendary FoEE of Makhleb (Zig:18)
  The ghost of astronautguy the Formicid Barricade, a legendary FoEE of Makhleb (Zig:24)
  Gloorx Vloq (Pan)
  Lom Lobon (Pan)
  Dissolution (Slime:5)
  the Serpent of Hell (Dis:7)
  Mnoleg (Pan)
  The ghost of Oreexun the Archmage, a legendary DECj of Vehumet (Zig:18)
  The ghost of Piginabag the Conqueror, a legendary DsSk of Gozag (Zig:24)
  The ghost of Piginabag the Conqueror, a legendary DsSk of Gozag (Zig:18)
  The ghost of Teaz Xo Upt the Hoplite, a legendary GnFE of Ashenzari (Zig:24)
  The ghost of Xuqyot the Conqueror, a legendary DsFi of Jiyva (Zig:24)
  The ghost of swap the Archmage, a legendary DEFE of Vehumet (Zig:24)
  The ghost of Marixus the Axe Maniac, a legendary DDFi of Cheibriados (Zig:18)
  142 dread liches
  Tiamat (Zot:1)
  The ghost of BerryKnight the Divine Blade, a legendary DgFi (Zig:20)
  Dispater (Dis:7)
  75 orbs of fire
  The ghost of Ekeiwkem the Impregnable, a legendary DsFi of Makhleb (Zig:24)
  The ghost of Ekeiwkem the Impregnable, a legendary DsFi of Makhleb (Zig:18)
  The ghost of Ekeiwkem the Impregnable, a legendary DsFi of Makhleb (Zig:24)
  The ghost of Boduf the Metallomancer, a legendary FoHu of Cheibriados (Zig:18)
  Mennas (Crypt:1)
  The ghost of scarywalker64 the Sorcerer, a veteran BaSu of Sif Muna (Zig:24)
  The ghost of scarywalker64 the Sorcerer, a veteran BaSu of Sif Muna (Zig:24)
  The ghost of scarywalker64 the Sorcerer, a veteran BaSu of Sif Muna (Zig:24)
  Mara (Depths:2)
  124 ancient liches
  The ghost of Hacvoq the Conqueror, a legendary HOFi of Zin (Zig:18)
  The ghost of reasonance the Bringer of Law, a legendary HOMo of Zin (Zig:20)
  The ghost of Hacvoq the Conqueror, a legendary HOFi of Zin (Zig:24)
  The ghost of reasonance the Bringer of Law, a legendary HOMo of Zin (Zig:24)
  The ghost of melllvar the Conqueror, a legendary MiBe of the Shining One (Zig:24)
  The ghost of deprived the Bringer of Light, a legendary HOFi of the Shining One (Zig:20)
  The ghost of melllvar the Conqueror, a legendary MiBe of the Shining One (Zig:20)
  The ghost of melllvar the Conqueror, a legendary MiBe of the Shining One (Zig:20)
  The ghost of corvin the Slayer, a legendary OgWn of Dithmenos (Zig:24)
  The ghost of Xorhowon the Invulnerable, a legendary MiBe of Trog (Zig:24)
  The ghost of Zonian the Slayer, a legendary HOFi of Beogh (Zig:20)
  The ghost of Zonian the Slayer, a legendary HOFi of Beogh (Zig:20)
  The ghost of Xatwola the Axe Maniac, a legendary DDFi of Makhleb (Zig:24)
  The ghost of Xatwola the Axe Maniac, a legendary DDFi of Makhleb (Zig:24)
  The ghost of Xatwola the Axe Maniac, a legendary DDFi of Makhleb (Zig:24)
  The ghost of Ucrups the Swordmaster, a legendary MiFi of the Shining One (Zig:20)
  The ghost of Xatwola the Axe Maniac, a legendary DDFi of Makhleb (Zig:18)
  The ghost of Fusentrap the Slayer, a legendary MiBe of Makhleb (Zig:24)
  The ghost of Fusentrap the Slayer, a legendary MiBe of Makhleb (Zig:20)
  The ghost of Fusentrap the Slayer, a legendary MiBe of Makhleb (Zig:24)
  The ghost of Fusentrap the Slayer, a legendary MiBe of Makhleb (Zig:24)
  The ghost of Veodywke the Conqueror, a legendary MiBe of the Shining One (Zig:24)
  The ghost of Shayle the Gnoll Aeon, a legendary GnHW of Cheibriados (Zig:20)
  The ghost of Hewasun the Conqueror, a legendary MiBe of the Shining One (Zig:20)
  The ghost of agentgt the Executioner, a legendary MiCK of Xom (Zig:18)
  The ghost of wingedge the Slayer, a legendary MiFi of Okawaru (Zig:18)
  The ghost of strangelove the Metallomancer, a master GrEE of Vehumet (Zig:24)
  The ghost of strangelove the Metallomancer, a master GrEE of Vehumet (Zig:20)
  The ghost of Jeklifit the Conqueror, a legendary FoFi of the Shining One (Zig:24)
  The ghost of Jargh the Formicid Barricade, a legendary FoFi of the Shining One (Zig:20)
  The ghost of Qeilemp the Conqueror, a legendary HOFi of Beogh (Zig:24)
  The ghost of Becvyf the Gnoll Aeon, a legendary GnFi of Cheibriados (Zig:20)
  The ghost of Zenecom the Conqueror, a legendary MiFi of Makhleb (Zig:20)
  The ghost of Zenecom the Conqueror, a legendary MiFi of Makhleb (Zig:20)
  The ghost of Fugi the Sniper, a legendary FoFi of Ashenzari (Zig:24)
  The ghost of Zenecom the Conqueror, a legendary MiFi of Makhleb (Zig:20)
  The ghost of grandjackal the Rhythm of Life and Death, a legendary DsGl of Uskayaw (Zig:24)
  The ghost of grandjackal the Rhythm of Life and Death, a legendary DsGl of Uskayaw (Zig:24)
  The ghost of grandjackal the Rhythm of Life and Death, a legendary DsGl of Uskayaw (Zig:20)
  The ghost of runemage the Impregnable, a legendary GnFi of Gozag (Zig:20)
  The ghost of Denobboc the Imperceptible, a legendary OpMo of Jiyva (Zig:24)
  192 pandemonium lords
  The ghost of Ecsetopt the Hawkeye, a legendary BaWn of Cheibriados (Zig:24)
  The ghost of Kalug the Executioner, a legendary DrFi of Cheibriados (Zig:24)
  The ghost of Zoplarin the Conqueror, a legendary BaSk of Cheibriados (Zig:18)
  The ghost of Hillam the Grand Master, a legendary DsTm of Cheibriados (Zig:20)
  The ghost of frimble the Slayer, a legendary DsFi of Okawaru (Zig:20)
  The ghost of Xaowkis the Impregnable, a legendary GnWr of Cheibriados (Zig:20)
  The ghost of Zachydoop the Conqueror, a veteran MiMo of Ru (Zig:24)
  The ghost of Zachydoop the Conqueror, a veteran MiMo of Ru (Zig:24)
  21 juggernauts
  The ghost of Alysiarr the Cutthroat, a legendary KoHu of Okawaru (Zig:24)
  The ghost of Alysiarr the Cutthroat, a legendary KoHu of Okawaru (Zig:24)
  The ghost of Xocw the Executioner, a legendary GrMo of the Shining One (Zig:18)
  The ghost of Xocw the Executioner, a legendary GrMo of the Shining One (Zig:24)
  Sojobo (Vaults:5)
  The ghost of stevelinton the Ninja, a legendary KoBe of Trog (Zig:20)
  The ghost of stevelinton the Ninja, a legendary KoBe of Trog (Zig:18)
  Josephina (Depths:2)
  The ghost of Rirumasy the Octopoid Blade, a legendary OpWn of Gozag (Zig:20)
  The ghost of Walil the Intangible, a veteran MiMo of Dithmenos (Zig:18)
  148 royal mummies
  The ghost of Kufiz the Slayer, a master GrCK of Xom (Zig:20)
  The ghost of heteroy the Invulnerable, a legendary DsHu of Uskayaw (Zig:24)
  The ghost of Viugiw the Slayer, a legendary TeBe of the Shining One (Zig:20)
  Vv (Depths:4)
  The ghost of Waohesse the Slayer, a legendary VSFi of the Shining One (Zig:20)
  The ghost of Waohesse the Slayer, a legendary VSFi of the Shining One (Zig:24)
  The ghost of Dameikh the Hoplite, a veteran FoFi of Nemelex Xobeh (Zig:24)
  The ghost of Dameikh the Hoplite, a veteran FoFi of Nemelex Xobeh (Zig:20)
  The ghost of Dameikh the Hoplite, a veteran FoFi of Nemelex Xobeh (Zig:24)
  The ghost of Dameikh the Hoplite, a veteran FoFi of Nemelex Xobeh (Zig:24)
  The ghost of Dameikh the Hoplite, a veteran FoFi of Nemelex Xobeh (Zig:20)
  The ghost of Godueg the Slayer, a veteran HOFi of the Shining One (Zig:24)
  The ghost of Godueg the Slayer, a veteran HOFi of the Shining One (Zig:20)
  Boris (thrice) (Depths:4 Vaults:2 Crypt:1)
  97 Killer Klowns
  The ghost of frimble the Slayer, a legendary GrFi of Okawaru (Zig:24)
  The ghost of frimble the Slayer, a legendary GrFi of Okawaru (Zig:20)
  The ghost of frimble the Slayer, a legendary GrFi of Okawaru (Zig:20)
  100 shard shrikes
  The ghost of Ycuhohed the Acrobat, a veteran TeBe of Trog (Zig:24)
  The ghost of Ycuhohed the Acrobat, a veteran TeBe of Trog (Zig:18)
  135 caustic shrikes
  The ghost of Pusocauss the Warrior, a legendary VSBe of Trog (Zig:24)
  The ghost of meatyocre the Brawler, a veteran TrFi of Uskayaw (Zig:18)
  The ghost of meatyocre the Brawler, a veteran TrFi of Uskayaw (Zig:20)
  The ghost of astronautguy the Lord of Darkness, a master DEFE of Kikubaaqudgha (Zig:24)
  15 curse toes
  Geryon (Hell)
  The ghost of Anafel the Impregnable, a legendary GrFi of the Shining One (Zig:20)
  A caustic shrike (shapeshifter) (Zig:24)
  288 golden dragons
  2 golden dragons (shapeshifter)
  The ghost of Pohawk the Severer, an adept MiGl of the Shining One (Zig:20)
  The ghost of Gemnonof the Warrior, an adept DgCj (Zig:24)
  The ghost of Imio the Warrior, an adept DgCj (Depths:3)
  Nikola (Depths:2)
  the Enchantress (Depths:3)
  The ghost of Ebassic the Hoplite, a veteran GrFi of the Shining One (Zig:24)
  The ghost of Rocah the Hoplite, a veteran GrFi of the Shining One (Zig:20)
  62 profane servitors
  86 pearl dragons
  152 bone dragons
  34 Tzitzimimeh
  An iron giant (shapeshifter) (Zig:24)
  Jorgrun (Shoals:1)
  118 hellephants
  23 doom hounds
  The ghost of Xutext the Spry, an adept DsAK of Lugonu (Zig:24)
  44 iron giants
  63 Brimstone Fiends
  2 spectral shard shrikes (Tar:3)
  22 electric golems
  237 tentacled monstrosities
  71 searing wretches
  2 walking crystal tomes
  Asterion (Elf:1)
  101 Hell Sentinels
  110 deep elf blademasters
  The ghost of Zeph the Severer, an adept NaFi of Cheibriados (Zig:24)
  The ghost of Zeph the Severer, an adept NaFi of Cheibriados (Zig:20)
  The ghost of Zeph the Severer, an adept NaFi of Cheibriados (Zig:20)
  A walking earthen tome (Zig:13)
  90 liches
  2 walking divine tomes (Depths:3)
  32 tainted leviathans
  191 Ice Fiends
  A titan (shapeshifter) (Zig:24)
  8 quicksilver dragons (shapeshifter)
  107 deep elf master archers
  46 quicksilver dragons
  141 titans
  Mlioglotl (Snake:3)
  209 acid blobs
  2 eldritch tentacles
  140 ancient champions
  14 death cobs
  Polyphemus (Shoals:2)
  The ghost of frimble the Victor of a Thousand Battles, an adept DsGl of Okawaru (Zig:24)
  The ghost of frimble the Victor of a Thousand Battles, an adept DsGl of Okawaru (Zig:24)
  The ghost of frimble the Victor of a Thousand Battles, an adept DsGl of Okawaru (Zig:24)
  Kirke (Snake:1)
  14 thorn hunters
  The ghost of Viocziel the Brawler, an adept TrMo of Nemelex Xobeh (Zig:24)
  The ghost of Amikeex the Brawler, an adept TrMo of Nemelex Xobeh (Zig:24)
  The ghost of Amikeex the Brawler, an adept TrMo of Nemelex Xobeh (Zig:24)
  The ghost of Barug the Brawler, an adept TrMo of Nemelex Xobeh (Zig:20)
  The ghost of Barug the Brawler, an adept TrMo of Nemelex Xobeh (Zig:20)
  The ghost of Amikeex the Brawler, an adept TrMo of Nemelex Xobeh (Zig:24)
  The ghost of Ubraesch the Brawler, an adept TrMo of Nemelex Xobeh (Zig:18)
  The ghost of Amikeex the Brawler, an adept TrMo of Nemelex Xobeh (Zig:20)
  The ghost of Ubraesch the Brawler, an adept TrMo of Nemelex Xobeh (Zig:24)
  The ghost of LaularuKyrumo the Fencer, an adept NaBe of Trog (Shoals:1)
  52 sphinxes
  47 Executioners
  57 shadow dragons
  92 tentacled starspawn
  37 tengu reavers
  5 sphinxes (shapeshifter)
  An acid blob (shapeshifter) (Zig:21)
  40 storm dragons
  5 shadow dragons (shapeshifter)
  4 azure jellies (shapeshifter)
  166 revenants
  158 draconian monks
  Roxanne (Shoals:2)
  4 fenstrider witches
  Ilsuiw (Shoals:2)
  86 daevas
  8 fenstrider witches (shapeshifter)
  199 narguns
  64 azure jellies
  260 nagarajas
  43 quicksilver elementals
  8 fire giants (shapeshifter)
  64 rockslimes
  160 draconian scorchers
  105 fire giants
  173 emperor scorpions
  51 frost giants
  21 deep elf sorcerers
  33 demonspawn warmongers
  54 iron dragons
  4 frost giants (shapeshifter)
  An iron dragon (shapeshifter) (Zig:24)
  A ghost moth (shapeshifter) (Zig:16)
  49 vault wardens
  52 orc warlords
  Aizul (Snake:1)
  299 ghost moths
  12 deep elf elementalists
  160 draconian knights
  137 curse skulls
  8 caustic shrike zombies
  57 angels
  213 balrugs
  65 reapers
  173 draconian stormcallers
  8 juggernaut zombies
  A broodmother (shapeshifter) (Depths:4)
  38 cacodemons
  7 juggernaut skeletons
  37 ghouls
  5 spectral caustic shrikes
  31 ironbound preservers
  64 quicksilver oozes
  159 draconian shifters
  A quicksilver ooze (shapeshifter) (Zig:10)
  4 stone giants (shapeshifter)
  42 demonspawn blood saints
  90 demonspawn corrupters
  85 very ugly things
  35 ophanim
  90 stone giants
  155 draconian annihilators
  31 broodmothers
  3 spriggan defenders (Depths:3)
  93 war gargoyles
  2 caustic shrike skeletons
  8 ironbound thunderhulks
  The ghost of Fifowuza the Grappler, a journeyman DrTm of Wu Jian (Lair:4)
  16 elemental wellsprings
  41 apis
  102 vampire knights
  81 deep elf demonologists
  109 deep elf annihilators
  64 demonspawn black suns
  34 bennus
  81 green draconians
  7 eleionomae (shapeshifter)
  25 lorocyprocas
  79 white draconians
  8 dire elephants (shapeshifter)
  53 dire elephants
  50 spark wasps
  199 wendigos
  27 putrid mouths
  41 eleionomae
  3 minotaurs (shapeshifter)
  3 entropy weavers (shapeshifter)
  2 spark wasps (shapeshifter)
  53 bunyips
  71 black draconians
  227 entropy weavers
  79 red draconians
  2 bunyips (shapeshifter)
  151 eidola
  101 purple draconians
  Snorg (D:14)
  91 yellow draconians
  A minotaur (Shoals:4)
  119 mummy priests
  123 blizzard demons
  80 iron golems
  79 fire dragons
  An ettin (shapeshifter) (Zig:27)
  3 fire dragons (shapeshifter)
  2 quicksilver dragon zombies
  76 deep elf death magi
  A spectral golden dragon (Zig:14)
  113 deep elf high priests
  43 merfolk impalers
  65 merfolk javelineers
  216 green deaths
  20 jiangshi
  43 ettins
  25 crystal guardians
  A spectral spriggan (Tar:2)
  201 shambling mangroves
  54 yaktaur captains
  56 great orbs of eyes
  Erolcha (D:11)
  2 ice dragons (shapeshifter) (Zig:6)
  40 vault guards
  A hydra (shapeshifter) (Zig:26)
  6 rakshasas
  10 spriggan zombies
  Harold (D:11)
  30 spriggan air magi
  A spectral tengu (Zig:19)
  15 hell beasts
  38 ice dragons
  244 hydras
  Fannar (Orc:1)
  251 salamander tyrants
  52 ghost crabs
  5 ironbound frosthearts
  3 boulder beetles (shapeshifter)
  5 quicksilver dragon skeletons
  48 radroaches
  38 boulder beetles
  A catoblepas (shapeshifter) (Zig:21)
  4 radroaches (shapeshifter)
  32 centaur warriors
  34 jorogumos
  113 merfolk aquamancers
  47 catoblepae
  2 peacekeepers
  8 caustic shrike simulacra
  12 ogre magi
  A fenstrider witch skeleton (Crypt:1)
  7 spriggan skeletons
  8 two-headed ogres
  11 juggernaut simulacra
  46 anacondas
  3 two-headed ogres (shapeshifter)
  14 merfolk avatars
  6 alligator snapping turtles (shapeshifter)
  9 alligator snapping turtles
  3 jorogumos (shapeshifter)
  68 naga warriors
  12 stokers
  21 death yaks
  2 death knights (Vaults:2)
  7 deep troll shamans
  7 tengu warriors
  A bennu zombie (Crypt:1)
  49 hell hogs
  3 anacondas (shapeshifter)
  50 alligators
  An alligator (shapeshifter) (Zig:27)
  64 death scarabs
  188 dancing weapons
  3 satyrs (shapeshifter)
  25 satyrs
  107 vampire magi
  13 deep troll earth magi
  3 shock serpents (shapeshifter)
  52 orc high priests
  11 spriggan berserkers
  A spectral dire elephant (Tar:3)
  Urug (D:11)
  81 shock serpents
  69 thrashing horrors
  133 deep elf knights
  5 titan zombies
  64 soul eaters
  92 naga sharpshooters
  34 hell knights
  32 crystal echidnas
  6 storm dragon zombies
  162 wretched stars
  26 fire crabs
  30 sun demons
  6 titan skeletons
  3 iron trolls (shapeshifter)
  7 fire crabs (shapeshifter)
  17 iron trolls
  2 goliath frogs (shapeshifter)
  26 sun moths
  20 skeletal warriors
  33 spatial maelstroms
  69 shadow wraiths
  24 salamander mystics
  18 sixfirhies
  57 flayed ghosts
  95 pharaoh ants
  A sea snake (shapeshifter) (Zig:23)
  52 sea snakes
  82 steelbarb worms
  188 death drakes
  4 death drakes (shapeshifter)
  An entropy weaver zombie (Vaults:4)
  6 deep trolls (shapeshifter)
  10 golden dragon zombies
  A quicksilver dragon simulacrum (Zig:18)
  74 spriggan druids
  31 goliath frogs
  An anaconda zombie (Crypt:2)
  47 cherubim
  32 ironbound convokers
  40 deep trolls
  A spark wasp zombie (Zig:6)
  21 obsidian statues
  2 glowing orange brains (shapeshifter)
  167 swamp dragons
  8 steelbarb worms (shapeshifter)
  37 glowing orange brains
  A bunyip zombie (Crypt:3)
  An iron giant zombie (Crypt:3)
  A storm dragon skeleton (Zig:18)
  8 tengu zombies
  7 spriggan simulacra
  An orb spider (shapeshifter) (Zig:8)
  227 orb spiders
  99 deep elf archers
  25 orange crystal statues
  4 lindwurms (shapeshifter)
  4 swamp dragons (shapeshifter)
  25 shadow demons
  42 naga ritualists
  An anaconda skeleton (Crypt:3)
  2 shadow dragon zombies
  44 orc knights
  The ghost of Kazon the Trooper, a novice DgFi (D:6)
  A kraken simulacrum (Hell)
  9 tengu skeletons
  74 harpies
  72 ugly things
  22 bog bodies
  39 mana vipers
  10 wizards
  2 sphinx zombies
  194 deep elf zephyrmancers
  A fenstrider witch simulacrum (Coc:2)
  22 necromancers
  6 golden dragon skeletons
  8 lindwurms
  130 large abominations
  61 phantasmal warriors
  6 mana vipers (shapeshifter)
  6 wolf spiders (shapeshifter)
  3 iron dragon zombies
  3 shining eyes (shapeshifter)
  53 shining eyes
  41 salamanders
  2 harpies (shapeshifter)
  A jorogumo zombie (Crypt:2)
  204 deep elf pyromancers
  34 oklob plants
  10 worldbinders
  A frost giant zombie (Zig:2)
  105 wolf spiders
  3 human zombies
  57 orc sorcerers
  49 will-o-the-wisps
  33 cyclopes
  2 sphinx skeletons
  7 moths of wrath (shapeshifter)
  34 elephants
  3 manticores (shapeshifter)
  3 fauns (shapeshifter)
  42 fauns
  2 elephants (shapeshifter)
  A salamander (shapeshifter) (Elf:2)
  54 manticores
  A fire giant zombie (Zig:2)
  10 rust devils
  A centaur zombie (Crypt:3)
  143 moths of wrath
  7 shadow dragon skeletons
  2 glowing shapeshifters
  38 merfolk sirens
  69 guardian serpents
  111 water nymphs
  4 eyes of devastation (shapeshifter)
  4 iron dragon skeletons
  A dire elephant zombie (Crypt:3)
  60 apocalypse crabs
  4 water nymphs (shapeshifter)
  A frost giant skeleton (Zig:6)
  3 molten gargoyles (Lair:5)
  222 black mambas
  14 ice statues
  A stone giant skeleton (Crypt:3)
  A black mamba (shapeshifter) (Zig:14)
  5 guardian serpents (shapeshifter)
  36 vault sentinels
  18 orange demons
  9 storm dragon simulacra
  An alligator snapping turtle zombie (Crypt:3)
  A centaur skeleton (Crypt:2)
  68 cane toads
  11 titan simulacra
  7 gargoyles
  111 hellions
  2 unseen horrors (shapeshifter)
  91 smoke demons
  224 torpor snails
  40 komodo dragons
  9 torpor snails (shapeshifter)
  38 eyes of devastation
  128 naga magi
  5 cane toads (shapeshifter)
  An unseen horror (D:12)
  Maggie (Lair:2)
  2 kobold demonologists
  25 yaktaurs
  44 efreet
  A white draconian zombie (Crypt:2)
  A dire elephant skeleton (Pan)
  28 freezing wraiths
  19 rime drakes
  2 komodo dragons (shapeshifter)
  2 tengu conjurers (Depths:3)
  99 ancient zymes
  An iron giant simulacrum (Coc:7)
  21 ice devils
  110 tormentors
  3 anaconda simulacra
  211 guardian mummies
  A spectral glowing shapeshifter (Zig:19)
  72 demonic crawlers
  2 spectral nagas (Tar:2)
  2 yaktaurs (shapeshifter) (Zig:21)
  A catoblepas skeleton (Crypt:1)
  5 golden dragon simulacra
  2 queen bees (shapeshifter)
  2 spectral harpies
  5 meliai (shapeshifter)
  17 meliai
  8 red devils
  32 hellwings
  A queen bee (D:14)
  17 bloated husks
  3 silent spectres
  3 harpy zombies (Crypt:3)
  2 sea snake skeletons
  6 shadow dragon simulacra
  302 hornets
  36 wind drakes
  10 polar bears
  2 merfolk (shapeshifter)
  46 trolls
  4 polar bears (shapeshifter)
  65 tarantellas
  2 hornets (shapeshifter)
  A hydra skeleton (Hell)
  7 tengu simulacra
  3 wind drakes (shapeshifter)
  2 tarantellas (shapeshifter)
  2 ettin zombies (Crypt:3)
  2 harpy skeletons (Crypt:3)
  2 blink frogs (shapeshifter)
  167 merfolk
  4 sphinx simulacra
  33 tyrant leeches
  A deep troll zombie (Vaults:1)
  A tarantella zombie (Crypt:1)
  3 snapping turtles (shapeshifter)
  42 snapping turtles
  5 dream sheep (shapeshifter)
  20 blink frogs
  44 raiju
  8 dream sheep
  4 slime creatures (shapeshifter)
  3 iron dragon simulacra
  240 slime creatures
  2 fire giant simulacra
  A frost giant simulacrum (Zig:5)
  2 jumping spiders (shapeshifter)
  2 culicivoras (shapeshifter)
  77 flying skulls
  66 jumping spiders
  34 spriggans
  89 ushabtiu
  56 culicivoras
  An ettin skeleton (Zig:6)
  155 starcursed masses
  3 spriggans (shapeshifter)
  3 vampires
  21 wraiths
  40 ynoxinuls
  3 shadows
  100 water elementals
  A wyvern (shapeshifter) (Zig:23)
  2 alligator skeletons (Hell)
  3 dire elephant simulacra
  13 small abominations
  2 yaks (shapeshifter)
  97 yaks
  A basilisk (shapeshifter) (Zig:25)
  7 fire bats
  2 naga simulacra
  81 fire elementals
  2 humans (shapeshifter)
  A black mamba skeleton (Crypt:3)
  21 wyverns
  62 air elementals
  18 basilisks
  2 golden eyes (shapeshifter)
  7 hogs (Snake:1)
  38 golden eyes
  106 redbacks
  33 chaos spawn
  An alligator snapping turtle simulacrum (Coc:2)
  15 steam dragons
  4 redbacks (shapeshifter)
  64 neqoxecs
  A warg (shapeshifter) (Zig:18)
  An elf skeleton (Vaults:4)
  18 vampire mosquitoes
  26 wargs
  122 nagas
  An ogre zombie (Vaults:1)
  5 swamp worms (shapeshifter)
  5 acid dragons
  8 harpy simulacra
  57 water moccasins
  4 spatial vortices
  A human skeleton (Zig:6)
  7 glowing shapeshifter zombies
  3 floating eyes (shapeshifter)
  14 floating eyes
  5 glowing shapeshifter skeletons
  52 hell hounds
  A naga skeleton (Pan)
  A swamp drake (shapeshifter) (Zig:16)
  6 ice beasts
  13 swamp drakes
  193 orc warriors
  2 sky beasts (D:7)
  2 black bears (shapeshifter)
  A black bear (Lair:1)
  An alligator simulacrum (Hell)
  3 ettin simulacra
  63 ogres
  2 ogres (shapeshifter)
  A tengu (shapeshifter) (Zig:17)
  A swamp dragon skeleton (Pan)
  12 wolves
  19 centaurs
  A centaur (shapeshifter) (Zig:25)
  2 phantoms
  4 kobold brigands
  A komodo dragon zombie (Crypt:1)
  An elf zombie (Crypt:1)
  A yaktaur zombie (Crypt:2)
  9 bullfrogs
  A fire crab zombie (Crypt:2)
  6 glowing shapeshifter simulacra
  Blork the orc (D:5)
  6 necrophages
  2 gnoll sergeants
  A human simulacrum (Zig:4)
  58 earth elementals
  2 cyclops zombies
  A scorpion (D:6)
  11 wyvern skeletons (Crypt:3)
  A wight (D:9)
  A shapeshifter zombie (Crypt:2)
  45 killer bees
  5 electric eels
  9 howler monkeys
  5 crimson imps (Pan)
  5 lava snakes (Lair:5)
  A hound (D:6)
  A hound (shapeshifter) (Zig:21)
  A jelly (D:6)
  53 orc priests
  A gnoll bouda (D:7)
  2 iron imps (Abyss:4)
  Ijyb (D:5)
  An iguana (D:6)
  43 orc wizards
  4 lightning spires (Zig:20)
  2 hell rats
  A sky beast zombie (Crypt:1)
  An ice beast zombie (Crypt:1)
  An ogre skeleton (Crypt:2)
  A hound skeleton (Crypt:1)
  352 mummies
  26 gnolls
  8 adders
  2 river rats (D:8)
  A shadow imp (D:5)
  5 ufetubi
  3 worms
  4 dart slugs
  97 orcs
  6 bats
  10 endoplasms
  A giant cockroach (D:2)
  9 goblins
  9 hobgoblins
  8 jackals
  35 kobolds
  4 quokkas
  8 ball pythons
  3 frilled lizards
  A quokka skeleton (Crypt:1)
  4 rats
  11 ball lightnings
  79 briar patches
  3 butterflies (Lair:2)
  4 creeping infernos
  209 fire vortices
  65 plants
  29 starspawn tentacles
  6 withered plants (Crypt:3)
23117 creatures vanquished.

Vanquished Creatures (collateral kills)
  A Killer Klown (Zig:21)
  A caustic shrike (Dis:5)
  9 pandemonium lords
  A golden dragon (shapeshifter) (Zig:24)
  The ghost of Pohawk the Severer, an adept MiGl of the Shining One (Zig:24)
  A pearl dragon (Zig:25)
  A bone dragon (Zig:19)
  A doom hound (Zig:19)
  A walking crystal tome (Depths:3)
  A tainted leviathan (Zig:19)
  A sphinx (Depths:2)
  2 daevas (Zig:25)
  A storm dragon (Zig:27)
  A cacodemon (Zig:13)
  2 emperor scorpions
  A ghost moth (Zig:25)
  A curse skull (Zig:20)
  A demonspawn corrupter (Zig:22)
  2 angels (Zig:25)
  A shard shrike simulacrum (Coc:7)
  2 ophanim (Zig:25)
  2 stone giants (Depths:2)
  A very ugly thing (Zig:24)
  A demonspawn black sun (Zig:22)
  3 apis
  A spark wasp (Zig:25)
  A white draconian (Zot:1)
  An ettin (Depths:3)
  A deep elf high priest (Elf:3)
  An alligator snapping turtle (shapeshifter) (Zig:21)
  A deep troll earth mage (Depths:2)
  A dancing weapon (Elf:3)
  A shock serpent (Zig:27)
  A shadow wraith (Pan)
  2 iron trolls (shapeshifter)
  A sun moth (Zig:23)
  A flayed ghost (Zig:24)
  2 cherubim
  A steelbarb worm (Zig:25)
  An orb spider (Zig:14)
  A phantasmal warrior (Zig:20)
  A wizard (Zig:27)
  4 apocalypse crabs
  A meliai (Zig:23)
  A guardian mummy (Zig:19)
  A slime creature (shapeshifter) (Zig:21)
  A tarantella (Zig:25)
  2 air elementals (Zig:27)
  2 fire bats (Depths:3)
  A golden eye (Abyss:5)
  4 mummies
76 creatures vanquished.

Vanquished Creatures (others)
  The ghost of Motirgh the Ruinous, a legendary DgHW (Zig:24)
  8 pandemonium lords
  A Killer Klown (Zig:26)
  A golden dragon (Zig:16)
  An Ice Fiend (Zig:15)
  4 tentacled monstrosities
  A quicksilver dragon (shapeshifter) (Zig:26)
  A quicksilver dragon (Zig:25)
  A thorn hunter (Zig:11)
  4 eldritch tentacles
  The ghost of frimble the Victor of a Thousand Battles, an adept DsGl of Okawaru (Zig:20)
  A fenstrider witch (shapeshifter) (Zig:26)
  A shadow dragon (Zig:20)
  A nagaraja (Zig:27)
  A revenant (Zig:24)
  A fire giant (Zig:22)
  A draconian stormcaller (Zig:18)
  3 very ugly things
  A demonspawn corrupter (Zig:19)
  2 eleionomae
  An entropy weaver (shapeshifter) (Zig:24)
  A fire dragon (Zig:9)
  A deep elf death mage (Zig:24)
  4 green deaths
  2 eidola
  A deep elf high priest (Zig:17)
  2 shambling mangroves
  2 ghost crabs
  2 hydras
  An alligator (Zig:16)
  2 soul eaters
  3 spriggans
  A sixfirhy (Zig:19)
  An iron troll (shapeshifter) (Zig:23)
  2 goliath frogs
  4 death drakes
  A deep troll (Depths:3)
  An orb spider (shapeshifter) (Zig:26)
  4 swamp dragons
  A spriggan druid (Zig:26)
  A phantasmal warrior (Zig:20)
  A deep elf pyromancer (Zig:18)
  A deep elf zephyrmancer (Zig:17)
  A shining eye (shapeshifter) (Zig:21)
  A will-o-the-wisp (Zig:15)
  2 titan simulacra
  4 apocalypse crabs
  A smoke demon (Pan)
  A hellion (Geh:6)
  A red devil (Zig:26)
  A shadow dragon simulacrum (Zig:27)
  2 tengu simulacra
  8 hornets
  A blink frog (shapeshifter) (Zig:24)
  2 air elementals
  6 water elementals
  3 chaos spawn
  A vampire mosquito (Zig:26)
  A floating eye (shapeshifter) (Zig:24)
  A howler monkey (shapeshifter) (Zig:26)
  A mummy (Zig:16)
  18 ball lightnings
  A block of ice (Zig:21)
  4 briar patches
  A creeping inferno (Geh:7)
  3 demonic plants (Abyss:5)
  1369 fire vortices
  31 foxfires
  35 fungi
  198 plants
  43 starspawn tentacles
  42 withered plants (Crypt:3)
1859 creatures vanquished.

Grand Total: 25052 creatures vanquished

Notes
Turn   | Place    | Note
-------+----------+-------------------------------------------
     0 | D:1      | iguanaiguana the Gargoyle Venom Mage began the quest for
                  | the Orb.
     0 | D:1      | Reached XP level 1. HP: 10/10 MP: 3/3
   339 | D:1      | Reached XP level 2. HP: 11/15 MP: 0/5
   945 | D:1      | Reached XP level 3. HP: 19/19 MP: 4/6
  1267 | D:1      | Found a faded altar of an unknown god.
  1424 | D:1      | Learned a level 2 spell: Poisonous Vapours
  1428 | D:1      | Learned a level 3 spell: Mephitic Cloud
  2341 | D:2      | Reached XP level 4. HP: 21/24 MP: 7/7
  2638 | D:2      | Reached skill level 5 in Poison Magic
  3246 | D:2      | Reached XP level 5. HP: 28/28 MP: 8/8
  3586 | D:3      | Found a sparkling altar of Nemelex Xobeh.
  3793 | D:3      | Reached skill level 1 in Air Magic
  3968 | D:3      | Found a hide-covered altar of Uskayaw.
  4032 | D:3      | Found Elai's Armour Emporium.
  4334 | D:3      | Found a blossoming altar of Fedhas.
  4738 | D:4      | Noticed an ogre
  4761 | D:4      | Killed an ogre
  4762 | D:4      | Reached XP level 6. HP: 32/32 MP: 9/9
  4859 | D:4      | Found a shadowy altar of Dithmenos.
  5182 | D:5      | Entered Level 5 of the Dungeon
  5182 | D:5      | Noticed Ijyb
  5721 | D:4      | Reached skill level 1 in Evocations
  5788 | D:4      | Reached XP level 7. HP: 36/36 MP: 8/10
  6286 | D:4      | Gained mutation: Your flesh is cold resistant. (rC+)
                  | [potion of mutation]
  6286 | D:4      | Gained mutation: You are covered in fur. (AC +1) [potion of
                  | mutation]
  6286 | D:4      | Gained mutation: You are robust. (+10% HP) [potion of
                  | mutation]
  6354 | D:5      | Reached skill level 1 in Fighting
  6373 | D:5      | Learned a level 4 spell: Olgreb's Toxic Radiance
  6483 | D:5      | Noticed Blork the orc
  6492 | D:5      | Killed Blork the orc
  7278 | D:5      | Killed Ijyb
  7507 | D:5      | Reached XP level 8. HP: 48/48 MP: 8/11
  7851 | D:7      | Found a flagged portal.
  7857 | Bailey   | Entered a bailey
  7862 | Bailey   | Noticed an orc warlord
  8260 | Bailey   | Found a runed translucent gate.
  8260 | Bailey   | Found a runed translucent gate.
  8260 | Bailey   | Found a runed translucent gate.
  9204 | D:7      | Reached skill level 1 in Earth Magic
  9346 | D:7      | Found a staircase to the Ecumenical Temple.
  9380 | Temple   | Entered the Ecumenical Temple
  9429 | Temple   | Became a worshipper of Vehumet
  9483 | D:6      | Found a runed translucent door.
  9483 | D:6      | Noticed Kazon's ghost (novice DgFi)
  9538 | D:6      | Reached XP level 9. HP: 34/52 MP: 10/13
  9545 | D:6      | Reached skill level 5 in Earth Magic
 10010 | D:6      | Found a broken altar of Ashenzari.
 10593 | D:7      | Found a burning altar of Makhleb.
 10593 | D:7      | Found a glowing silver altar of Zin.
 10594 | D:7      | Noticed an angel
 10594 | D:7      | Noticed a green death
 10650 | D:7      | Found a bloodstained altar of Trog.
 11273 | D:8      | Noticed a death yak
 11338 | D:8      | Reached * piety under Vehumet
 11338 | D:8      | Offered knowledge of Sandblast by Vehumet.
 11343 | D:8      | Reached skill level 10 in Earth Magic
 11354 | D:8      | Reached skill level 1 in Shields
 11562 | D:8      | Found a shimmering altar of Xom.
 11587 | D:8      | Noticed a death yak
 11588 | D:8      | Noticed a death yak
 11667 | D:8      | Killed a death yak
 11668 | D:8      | Reached skill level 5 in Shields
 11668 | D:8      | Reached XP level 10. HP: 58/58 MP: 4/14
 11677 | D:8      | Killed a death yak
 11682 | D:7      | Learned a level 1 spell: Sandblast
 11788 | D:3      | Bought a +2 pair of boots of stealth for 236 gold pieces
 12051 | D:8      | Found a staircase to the Lair.
 12234 | D:8      | Killed a death yak
 12363 | D:8      | Found an ancient bone altar of Kikubaaqudgha.
 12363 | D:8      | Found a white marble altar of Elyvilon.
 12363 | D:8      | Found an iron altar of Okawaru.
 12468 | Lair:1   | Entered Level 1 of the Lair of Beasts
 12478 | Lair:1   | Noticed a cane toad
 12523 | D:9      | Noticed a boulder beetle
 12523 | D:9      | Noticed a wizard
 12732 | Lair:1   | Offered knowledge of Freeze by Vehumet.
 12743 | Lair:1   | Reached ** piety under Vehumet
 12744 | Lair:1   | Reached skill level 5 in Spellcasting
 12744 | Lair:1   | Reached XP level 11. HP: 11/62 MP: 11/19
 12874 | Lair:1   | Noticed a five-headed hydra
 12880 | Lair:1   | Learned a level 3 spell: Ozocubu's Armour
 12950 | Lair:1   | Identified the +0 cloak "Ozeess" {MP+9 Str+4 Int-3 Slay+2}
 13250 | D:3      | Bought the +2 pair of gloves of Ubiquitous Awe {rC+ rN+
                  | Dex-4} for 267 gold pieces
 13698 | Lair:1   | Reached skill level 1 in Maces & Flails
 14021 | Lair:1   | Killed a five-headed hydra
 14411 | Lair:2   | Noticed a four-headed hydra
 14507 | Lair:2   | Reached skill level 5 in Fighting
 14507 | Lair:2   | Reached skill level 5 in Conjurations
 14729 | Lair:2   | Noticed a death yak
 14768 | Lair:2   | Noticed a catoblepas
 14774 | Lair:2   | Noticed Maggie
 14921 | Lair:2   | Killed Maggie
 14991 | Lair:2   | Killed a four-headed hydra
 15199 | Lair:2   | Killed a catoblepas
 15200 | Lair:2   | Reached XP level 12. HP: 78/78 MP: 22/22
 15337 | Lair:2   | Noticed a death yak
 15339 | Lair:2   | Noticed a death yak
 15340 | Lair:2   | Noticed a death yak
 15367 | Lair:2   | Killed a death yak
 15609 | Lair:2   | Noticed a death yak
 15634 | Lair:2   | Killed a death yak
 15666 | Lair:2   | Killed a death yak
 15738 | Lair:2   | Noticed a death yak
 15774 | Lair:2   | Killed a death yak
 15776 | Lair:2   | Killed a death yak
 15777 | Lair:2   | Killed a death yak
 16236 | Lair:3   | Noticed a death yak
 16237 | Lair:3   | Noticed a death yak
 16239 | Lair:3   | Noticed a death yak
 16260 | Lair:2   | Killed a death yak
 16326 | Lair:3   | Reached skill level 10 in Fighting
 16329 | Lair:3   | Offered knowledge of Searing Ray by Vehumet.
 16519 | Lair:3   | Found a staircase to the Shoals.
 16524 | Lair:3   | Noticed a death yak
 16557 | Lair:3   | Killed a death yak
 16751 | Lair:3   | Reached XP level 13. HP: 94/94 MP: 25/25
 16899 | Lair:3   | Found a staircase to the Snake Pit.
 16901 | Lair:3   | Reached *** piety under Vehumet
 17199 | Lair:3   | Reached skill level 5 in Dodging
 17709 | Lair:4   | Reached skill level 1 in Armour
 17989 | Lair:4   | Offered knowledge of Ignite Poison by Vehumet.
 17994 | Lair:4   | Learned a level 3 spell: Ignite Poison
 18134 | Lair:4   | Found a staircase to the Slime Pits.
 18323 | Lair:4   | Found a transporter.
 18327 | Lair:4   | Noticed Fifowuza's ghost (journeyman DrTm)
 18328 | Lair:4   | Found a transporter.
 18663 | Lair:5   | Entered Level 5 of the Lair of Beasts
 18668 | Lair:5   | Reached skill level 5 in Armour
 18751 | Lair:5   | Reached **** piety under Vehumet
 18758 | Lair:5   | Offered knowledge of Lightning Bolt by Vehumet.
 18846 | Lair:5   | Reached skill level 5 in Stealth
 19005 | Lair:5   | Gained mutation: Your large and strong wings let you fly.
                  | [Gargoyle growth]
 19005 | Lair:5   | Reached XP level 14. HP: 96/101 MP: 26/26
 19151 | Lair:5   | Reached skill level 5 in Evocations
 19205 | Lair:5   | Reached ***** piety under Vehumet
 19422 | Lair:5   | Offered knowledge of Fireball by Vehumet.
 19786 | Lair:5   | Found a large runed translucent door.
 19786 | Lair:5   | Found a large runed translucent door.
 20445 | D:9      | Identified the ring "Rypiy" {+Blink rPois rCorr Str+2}
 20751 | D:9      | Reached skill level 10 in Spellcasting
 20900 | D:9      | Found a hazy altar of Hepliaklqana.
 21084 | D:10     | Entered Level 10 of the Dungeon
 21232 | D:10     | Found a glowing golden altar of the Shining One.
 21278 | D:10     | Found a basalt altar of Yredelemnul.
 21345 | D:10     | Found Lakuakhoe's Book Shop.
 21481 | D:10     | Identified a scroll of acquirement
 21482 | D:10     | Acquired the +3 Elemental Staff {rElec rF++ rC++ AC+5}
 21482 | D:10     | Found the +3 Elemental Staff {rElec rF++ rC++ AC+5}
 21711 | D:11     | Noticed Harold
 21720 | D:11     | Killed Harold
 21856 | D:11     | Noticed Erolcha
 21861 | D:11     | Noticed Urug
 21865 | D:11     | Killed Erolcha
 21884 | D:11     | Killed Urug
 21886 | D:11     | Offered knowledge of Spellforged Servitor by Vehumet.
 22581 | D:12     | Found a staircase to the Orcish Mines.
 22698 | D:12     | Found Cisiucra's Antique Armour Emporium.
 22737 | D:12     | Reached XP level 15. HP: 105/105 MP: 30/30
 22746 | D:12     | Bought a runed helmet for 247 gold pieces
 22956 | D:12     | Found a snail-covered altar of Cheibriados.
 23111 | Orc:1    | Entered Level 1 of the Orcish Mines
 23111 | Orc:1    | Noticed Fannar
 23117 | Orc:1    | Killed Fannar
 23527 | Orc:2    | Entered Level 2 of the Orcish Mines
 23527 | Orc:2    | Noticed an orc warlord
 23527 | Orc:2    | Found a staircase to the Elven Halls.
 23637 | D:10     | Bought the Octavo of Earth for 736 gold pieces
 23644 | D:10     | Learned a level 6 spell: Iron Shot
 23763 | Orc:2    | Killed an orc warlord
 23970 | Orc:2    | Found Ipakhlamu's Distillery.
 24133 | Orc:2    | Found Lysch's Magic Scroll Shop.
 24407 | Orc:2    | Found a shimmering blue altar of Sif Muna.
 24544 | Orc:2    | Noticed an orc warlord
 24599 | Orc:2    | Killed an orc warlord
 24612 | Orc:2    | Reached ****** piety under Vehumet
 24678 | Orc:2    | Found Zis Zimmasm's Antique Weapon Shoppe.
 24681 | Orc:2    | Found Ocoq's Antique Armour Emporium.
 24686 | Orc:2    | Bought an ichor-stained helmet for 256 gold pieces
 24686 | Orc:2    | Identified the +0 helmet "Seshril" {Int+3} (You bought it
                  | in a shop on level 2 of the Orcish Mines)
 25190 | D:13     | Offered knowledge of Eringya's Noxious Bog by Vehumet.
 25196 | D:13     | Reached skill level 10 in Conjurations
 25655 | D:13     | Found a gate to the Vaults.
 26062 | D:14     | Reached skill level 15 in Earth Magic
 26369 | D:14     | Reached XP level 16. HP: 111/111 MP: 31/31
 26411 | D:14     | Noticed Snorg
 26418 | D:14     | Killed Snorg
 26470 | D:14     | Identified the +3 flail "Cimnuymi" {venom, Drain rC- rN+++}
 26877 | D:14     | Offered knowledge of Freezing Cloud by Vehumet.
 27091 | D:15     | Entered Level 15 of the Dungeon
 27787 | D:15     | Found a staircase to the Depths.
 28055 | Elf:1    | Entered Level 1 of the Elven Halls
 28093 | Elf:1    | Found a radiant altar of Vehumet.
 28270 | D:10     | Bought a book of Unlife for 576 gold pieces
 28276 | D:10     | Learned a level 5 spell: Borgnjor's Vile Clutch
 28369 | Elf:1    | Reached skill level 1 in Transmutations
 28469 | Elf:1    | Reached skill level 1 in Fire Magic
 28474 | Elf:1    | Reached skill level 1 in Necromancy
 28615 | Elf:1    | Reached XP level 17. HP: 101/116 MP: 22/32
 29333 | Elf:1    | Noticed Asterion
 29357 | Elf:1    | Killed Asterion
 29653 | Elf:2    | Found Useops's Armour Emporium.
 29815 | Elf:2    | Reached skill level 5 in Transmutations
 29835 | Elf:2    | Found a runed translucent gate.
 29835 | Elf:2    | Found a runed translucent gate.
 29838 | Elf:2    | Found a runed translucent gate.
 29895 | Elf:2    | Offered knowledge of Iskenderun's Battlesphere by Vehumet.
 29896 | Elf:2    | Reached skill level 5 in Necromancy
 29934 | Elf:2    | Learned a level 1 spell: Apportation
 29936 | Elf:2    | Identified the +0 chain mail "Xaudam" {Drain rElec Dex+5}
 30111 | Elf:2    | Reached skill level 1 in Translocations
 30221 | Elf:2    | Noticed a deep elf blademaster
 30226 | Elf:2    | Killed a deep elf blademaster
 30319 | Elf:2    | Reached skill level 5 in Translocations
 30646 | Elf:3    | Entered Level 3 of the Elven Halls
 30668 | Elf:3    | Paralysed by an air elemental for 1 turns
 31054 | Elf:3    | Noticed a deep elf master archer
 31055 | Elf:3    | Reached XP level 18. HP: 126/127 MP: 33/33
 31065 | Elf:3    | Killed a deep elf master archer
 31194 | Elf:3    | Offered knowledge of Lee's Rapid Deconstruction by Vehumet.
 31207 | Elf:3    | Reached skill level 15 in Fighting
 31224 | Elf:3    | Noticed a deep elf blademaster
 31229 | Elf:3    | Killed a deep elf blademaster
 31230 | Elf:3    | Noticed a deep elf master archer
 31248 | Elf:3    | Killed a deep elf master archer
 31843 | Elf:3    | Identified the +4 scale mail "Laif" {Harm Stlth+}
 31843 | Elf:3    | Noticed a deep elf blademaster
 31849 | Elf:3    | Killed a deep elf blademaster
 31886 | Elf:3    | Noticed a deep elf master archer
 31903 | Elf:3    | Killed a deep elf master archer
 31904 | Elf:3    | Noticed a deep elf master archer
 31941 | Elf:3    | Learned a level 5 spell: Lee's Rapid Deconstruction
 32194 | Elf:3    | Identified the +4 shortbow of Chaos {flame, Str+4}
 32228 | Elf:3    | Identified the ring "Noteh" {rN+ rCorr Str-3 Int+3 Dex+3}
 32234 | Elf:3    | Identified the +7 sling "Eseohudoig" {vorpal, rElec rN+}
 32254 | Elf:3    | Identified the +1 ring mail of Card Tricks {Regen+ Int+2}
 32258 | Elf:3    | Identified the +0 leather armour "Fafod" {rPois rN+ Str+4}
 32262 | Elf:3    | Got Lafosae's Volume of Striking
 32268 | Elf:3    | Identified the ring of Youthful Indiscretion {Ice Str+5}
 32451 | Elf:2    | Upgraded the game from 0.29.0-10-g45618ea6d2 to
                  | 0.29.0-11-gd7f09526c8
 32453 | Elf:2    | Bought a +0 cloak for 58 gold pieces
 32482 | Elf:2    | Learned a level 8 spell: Lehudib's Crystal Spear
 32628 | Depths:1 | Entered Level 1 of the Depths
 32928 | Depths:1 | Found a one-way gateway to a ziggurat.
 32929 | Depths:1 | Noticed a dread lich
 32934 | Depths:1 | Killed a dread lich
 33031 | Depths:1 | Found a gateway to Hell.
 33096 | Depths:1 | Reached XP level 19. HP: 118/136 MP: 28/34
 33155 | Depths:1 | Found Kufa's Assorted Antiques.
 33327 | Depths:1 | Found a one-way gate leading to the halls of Pandemonium.
 33652 | Depths:2 | Reached skill level 5 in Ice Magic
 34072 | Depths:2 | Offered knowledge of Conjure Ball Lightning by Vehumet.
 34154 | Depths:2 | Noticed Nikola
 34253 | Depths:2 | Killed Nikola
 34253 | Depths:2 | Noticed Mara
 34294 | Depths:2 | Killed Mara
 34369 | Depths:2 | Noticed a caustic shrike
 34374 | Depths:2 | Killed a caustic shrike
 34547 | Depths:2 | Reached skill level 15 in Conjurations
 34746 | Depths:2 | Identified the ring of the Vendetta {Ice Will+ rCorr SInv}
 34746 | Depths:2 | Noticed Josephina
 34804 | Depths:2 | Killed Josephina
 35353 | Depths:2 | Identified the ring "Ymip" {Int+6 Dex+7}
 35364 | Depths:2 | Identified the +2 robe "Moukam" {Int+5}
 35395 | Depths:2 | Reached XP level 20. HP: 141/141 MP: 29/35
 35625 | Depths:3 | Offered knowledge of Fire Storm by Vehumet.
 35625 | Depths:3 | Offered knowledge of Shatter by Vehumet.
 35625 | Depths:3 | Offered knowledge of Ignition by Vehumet.
 35625 | Depths:3 | Noticed the Enchantress
 35663 | Depths:2 | Acquired 649 gold pieces
 35971 | Depths:3 | Found a runed translucent gate.
 35971 | Depths:3 | Found a runed translucent gate.
 35972 | Depths:3 | Found a runed translucent gate.
 35972 | Depths:3 | Noticed Imio's ghost (adept DgCj)
 36006 | Depths:3 | Killed the Enchantress
 36113 | Depths:3 | Noticed a golden dragon
 36118 | Depths:3 | Killed a golden dragon
 36344 | Depths:3 | Learned a level 9 spell: Shatter
 36683 | Depths:3 | Found a one-way gate to the infinite horrors of the Abyss.
 36811 | Depths:3 | Found a viscous altar of Jiyva.
 36850 | Depths:4 | Entered Level 4 of the Depths
 36850 | Depths:4 | Noticed Vv
 36856 | Depths:4 | Killed Vv
 36857 | Depths:4 | Reached skill level 5 in Fire Magic
 36902 | Depths:4 | Noticed a juggernaut
 36908 | Depths:4 | Killed a juggernaut
 37015 | Depths:4 | Noticed Boris
 37025 | Depths:4 | Killed Boris
 37128 | Depths:4 | Reached XP level 21. HP: 146/147 MP: 11/38
 37601 | Depths:4 | Noticed a golden dragon
 37605 | Depths:4 | Killed a golden dragon
 37677 | Depths:4 | Reached skill level 10 in Fire Magic
 37716 | Depths:4 | Noticed a bone dragon
 37721 | Depths:4 | Killed a bone dragon
 37768 | Depths:4 | Noticed a bone dragon
 37772 | Depths:4 | Killed a bone dragon
 37787 | Depths:4 | Found a gate to the Realm of Zot.
 38024 | Depths:3 | Paralysed by a great orb of eyes for 3 turns
 38172 | Depths:3 | Identified the +6 rapier "Rayl" {vorpal, rF+ MP+9}
 38533 | D:6      | Killed Kazon's ghost
 38759 | Lair:4   | Killed Fifowuza's ghost
 38980 | Orc:2    | Bought a scroll of magic mapping for 112 gold pieces
 38980 | Orc:2    | Bought a scroll of magic mapping for 112 gold pieces
 38980 | Orc:2    | Bought a scroll of teleportation for 45 gold pieces
 38980 | Orc:2    | Bought a scroll of summoning for 142 gold pieces
 38980 | Orc:2    | Bought a scroll of summoning for 142 gold pieces
 39020 | Orc:2    | Bought a potion of ambrosia for 128 gold pieces
 39020 | Orc:2    | Bought 2 potions of curing for 96 gold pieces
 39020 | Orc:2    | Bought a potion of brilliance for 64 gold pieces
 39020 | Orc:2    | Bought a potion of curing for 48 gold pieces
 39020 | Orc:2    | Bought 2 potions of lignification for 96 gold pieces
 39200 | Depths:1 | Bought 2 potions of brilliance for 200 gold pieces
 39200 | Depths:1 | Bought 2 potions of ambrosia for 400 gold pieces
 39817 | Depths:1 | Reached XP level 22. HP: 154/154 MP: 39/39
 39818 | Depths:1 | Reached XP level 23. HP: 158/158 MP: 40/40
 39819 | Depths:1 | Reached XP level 24. HP: 165/165 MP: 40/40
 39820 | Depths:1 | Reached skill level 15 in Fire Magic
 39820 | Depths:1 | Reached XP level 25. HP: 170/170 MP: 40/40
 39831 | Depths:1 | Learned a level 8 spell: Ignition
 39832 | Zig:1    | Entered Level 1 of a ziggurat
 39833 | Zig:1    | Paralysed by an air elemental for 1 turns
 39855 | Zig:2    | Entered Level 2 of a ziggurat
 39856 | Zig:2    | Noticed a dread lich
 39858 | Zig:2    | Killed a dread lich
 39873 | Zig:3    | Entered Level 3 of a ziggurat
 39887 | Zig:3    | Identified the +1 leather armour of the Abyss {Fly}
 39891 | Zig:4    | Entered Level 4 of a ziggurat
 39893 | Zig:4    | Noticed a shard shrike
 39898 | Zig:4    | Killed a shard shrike
 39931 | Zig:4    | Got Sif Muna's Opusculum on Creative Despicable Arts
 39933 | Zig:4    | Identified the +3 scale mail of the Mordant Hot Ocelot
                  | {Contam Fly MP+9 Int+7 Dex+4}
 39936 | Zig:5    | Entered Level 5 of a ziggurat
 39941 | Zig:5    | Found the +3 pair of mountain boots {steadfast, rC+}
 39983 | Zig:6    | Entered Level 6 of a ziggurat
 39998 | Zig:6    | Identified the +11 trident of Ocsovuics {flame, +Blink
                  | Will+ Stlth+}
 40000 | Zig:6    | Identified the +1 pair of gloves "Aqeatise" {-Tele +Inv
                  | rPois rC-}
 40013 | Zig:7    | Entered Level 7 of a ziggurat
 40019 | Zig:7    | Paralysed by an air elemental for 1 turns
 40047 | Zig:8    | Entered Level 8 of a ziggurat
 40066 | Zig:8    | Identified the ring "Hyolabof" {rPois Str+4 Stlth+}
 40074 | Zig:8    | Reached XP level 26. HP: 176/176 MP: 34/41
 40093 | Zig:9    | Entered Level 9 of a ziggurat
 40115 | Zig:9    | Learned a level 7 spell: Ozocubu's Refrigeration
 40121 | Zig:9    | Reached XP level 27. HP: 181/181 MP: 41/41
 40151 | Zig:10   | Entered Level 10 of a ziggurat
 40176 | Zig:10   | Identified the ring "Jibluli" {rF+ Str+4 Int+6}
 40203 | Zig:11   | Entered Level 11 of a ziggurat
 40214 | Zig:11   | Reached skill level 10 in Shields
 40227 | Zig:11   | Found the +2 shield of Resistance {rF++ rC++ Will++}
 40238 | Zig:11   | Got the Codex of the Summer
 40250 | Zig:11   | Got the Tractate on Hoarfrost and Changing
 40269 | Zig:12   | Entered Level 12 of a ziggurat
 40280 | Zig:12   | Found the +9 staff of Olgreb {rPois∞}
 40280 | Zig:12   | Noticed a dread lich
 40282 | Zig:12   | Noticed an ancient lich
 40284 | Zig:12   | Killed a dread lich
 40285 | Zig:12   | Reached skill level 15 in Spellcasting
 40286 | Zig:12   | Killed an ancient lich
 40291 | Zig:12   | Identified the +5 mace "Jypusu" {flame, rF+ Stlth+}
 40309 | Zig:12   | Got the Commentary on Calescent Black Deeds
 40320 | Zig:12   | Got the Meditations on Baleful Striking
 40350 | Zig:13   | Entered Level 13 of a ziggurat
 40365 | Zig:13   | Gained mutation: You are dopey. (Int -2) [a cacodemon]
 40365 | Zig:13   | Noticed Ecuwen the pandemonium lord
 40374 | Zig:13   | Killed Ecuwen the pandemonium lord
 40444 | Zig:13   | Got the Parchment of Rotation
 40448 | Zig:13   | Learned a level 2 spell: Blink
 40485 | Zig:14   | Entered Level 14 of a ziggurat
 40499 | Zig:14   | Found the +9 scales of the Dragon King {rPois rF+ rC+
                  | Will+}
 40624 | Zig:15   | Entered Level 15 of a ziggurat
 40687 | Zig:15   | Identified the +1 plate armour of Gravitas {rC++}
 40690 | Zig:16   | Entered Level 16 of a ziggurat
 40733 | Zig:16   | Learned a level 9 spell: Fire Storm
 40743 | Zig:16   | Identified the ring of the Tired Servitors {+Blink rPois
                  | Int+7 Dex-5 Slay+2}
 40746 | Zig:16   | Got Sif Muna's Book of Charred Guile
 40753 | Zig:17   | Entered Level 17 of a ziggurat
 40797 | Zig:17   | Identified the +2 long sword of Circular Logic {freeze,
                  | rElec Will- Str+2}
 40801 | Zig:17   | Got the Folio of Allies
 40807 | Zig:17   | Identified the +3 plate armour of Distant Shores {-Tele
                  | Harm Regen+ Int+6}
 40818 | Zig:18   | Entered Level 18 of a ziggurat
 40894 | Zig:18   | Got Jeskuuty's Vellum of Displacement and Snow
 40904 | Zig:18   | Identified the ring of Adwill {rF- rN+ Will+ Dex+6 Slay+2}
 40918 | Zig:18   | Got the Folio of the Altered Undead
 40935 | Zig:19   | Entered Level 19 of a ziggurat
 40949 | Zig:19   | Noticed a dread lich
 40951 | Zig:19   | Killed a dread lich
 40960 | Zig:19   | Reached skill level 15 in Shields
 40977 | Zig:19   | Got the Meditations on Frostbitten Weather
 40989 | Zig:19   | Got the Teachings on the Lithosphere
 41068 | Zig:19   | Identified the +4 dagger "Jallivov" {vorpal, rF+ rC- rN+
                  | rCorr}
 41070 | Zig:19   | Identified the +6 spear of the Whale {pain, rN+ Int+3}
 41076 | Zig:19   | Identified the +10 arbalest of Calculation {speed, +Blink
                  | rN+ Dex-5}
 41107 | Zig:20   | Entered Level 20 of a ziggurat
 41137 | Zig:20   | Found the +12 pair of quick blades "Gyre" and "Gimble"
                  | {protect}
 41152 | Zig:20   | Identified the +7 arbalest of Chaos {elec, Int+4 SInv}
 41157 | Zig:20   | Identified the +6 spear of a Million Princes {flame, rC+
                  | Int+7 Dex+3 Stlth-}
 41224 | Zig:21   | Entered Level 21 of a ziggurat
 41274 | Zig:21   | Got the Folio of the Seven Spreadsheets
 41283 | Zig:21   | Identified the ring "Ifex" {rF++ Will+ Str+2 Int-2 SInv
                  | Stlth+}
 41286 | Zig:21   | Got Caotuitt's Papyrus of the Aerial Pyre
 41287 | Zig:21   | Identified the +2 scimitar "Brush" {vamp, Will+}
 41294 | Zig:22   | Entered Level 22 of a ziggurat
 41398 | Zig:22   | Got Baett's Verses on Transmogrification and the Map
 41405 | Zig:22   | Identified the +2 great mace of Wisareu {vorpal, rN+ Will+
                  | Dex-4 SInv}
 41407 | Zig:22   | Identified the +8 dagger of Currency {vorpal, rCorr Int-4
                  | Dex+3 Stlth+}
 41408 | Zig:22   | Identified the +2 ring mail of Enloule {Str+3}
 41409 | Zig:22   | Identified the +4 plate armour of Minor Irritation {rElec
                  | Will++ Regen+ Str-2}
 41422 | Zig:22   | Identified the +10 shortbow "Suxkok" {speed, +Blink Str+3
                  | Int+2}
 41494 | Zig:23   | Entered Level 23 of a ziggurat
 41565 | Zig:23   | Identified the ring of Urchuca {rElec rPois rC- Int+5
                  | Dex-5}
 41566 | Zig:23   | Identified the amulet of Atoun {RegenMP Harm rC+ Int+6
                  | Dex-2}
 41582 | Zig:24   | Entered Level 24 of a ziggurat
 41597 | Zig:24   | Noticed Ymair the pandemonium lord
 41600 | Zig:24   | Noticed Zoephol the pandemonium lord
 41606 | Zig:24   | Killed Ymair the pandemonium lord
 41608 | Zig:24   | Noticed Abref the pandemonium lord
 41611 | Zig:24   | Killed Zoephol the pandemonium lord
 41614 | Zig:24   | Noticed Libb the pandemonium lord
 41615 | Zig:24   | Killed Abref the pandemonium lord
 41617 | Zig:24   | Killed Libb the pandemonium lord
 41617 | Zig:24   | Noticed Johemny the pandemonium lord
 41619 | Zig:24   | Killed Johemny the pandemonium lord
 41619 | Zig:24   | Noticed Bicot the pandemonium lord
 41620 | Zig:24   | Killed Bicot the pandemonium lord
 41621 | Zig:24   | Noticed Caushrogygg the pandemonium lord
 41621 | Zig:24   | Noticed Vuaderhi the pandemonium lord
 41621 | Zig:24   | Noticed Bamoixu the pandemonium lord
 41622 | Zig:24   | Killed Caushrogygg the pandemonium lord
 41623 | Zig:24   | Killed Vuaderhi the pandemonium lord
 41624 | Zig:24   | Killed Bamoixu the pandemonium lord
 41624 | Zig:24   | Killed Ruc Bilupraz the pandemonium lord
 41627 | Zig:24   | Noticed Ytiqe the pandemonium lord
 41628 | Zig:24   | Killed Ytiqe the pandemonium lord
 41629 | Zig:24   | Noticed Foyqeadu the pandemonium lord
 41629 | Zig:24   | Noticed Udghess the pandemonium lord
 41630 | Zig:24   | Noticed Baxzokem the pandemonium lord
 41631 | Zig:24   | Killed Udghess the pandemonium lord
 41631 | Zig:24   | Noticed Ekhliycir the pandemonium lord
 41632 | Zig:24   | Killed Baxzokem the pandemonium lord
 41634 | Zig:24   | Killed Foyqeadu the pandemonium lord
 41634 | Zig:24   | Noticed Odwis the pandemonium lord
 41635 | Zig:24   | Killed Ekhliycir the pandemonium lord
 41638 | Zig:24   | Killed Odwis the pandemonium lord
 41704 | Zig:24   | Identified the ring "Yxosomy" {rElec rF- Str+4 Int+7 Dex+6
                  | Stlth+}
 41714 | Zig:24   | Identified the +10 morningstar "Luopnuag" {protect, Dex+3}
 41721 | Zig:24   | Identified the +11 falchion of the Heavens {flame, Dex+4}
 41729 | Zig:24   | Identified the +0 long sword "Dragon's Tongue" {drain, rN+}
 41730 | Zig:24   | Identified the amulet "Tiexkur" {Reflect rCorr SH+5}
 41736 | Zig:24   | Identified the ring of Qadoniaw {Drain Fly rPois rC- rN++}
 41737 | Zig:24   | Identified the ring "Offivuz" {rF+ Will+ Slay+2}
 41747 | Zig:24   | Identified the +1 robe of Greed {Rampage Int+4}
 41783 | Zig:25   | Entered Level 25 of a ziggurat
 41836 | Zig:25   | Found the +4 Cigotuvi's embrace {rMiasma Drain rN+}
 41838 | Zig:25   | Found the +7 mace of Variability {chain chaos}
 41986 | Zig:25   | Identified the +3 scale mail of Ynarrylu {Regen+ rCorr
                  | Dex-3}
 42007 | Zig:25   | Identified the +1 pair of boots of Purpose {rElec rPois rF-
                  | SInv}
 42016 | Zig:25   | Identified the +3 plate armour "Jiasenent" {+Blink rPois
                  | Str-2}
 42045 | Zig:26   | Entered Level 26 of a ziggurat
 42098 | Zig:26   | Found the +5 scythe "Finisher" {speed, eviscerate}
 42146 | Zig:26   | Identified the amulet of Neiptor {Reflect rF+ rCorr SH+5}
 42150 | Zig:26   | Identified the +5 halberd "Pecejih" {venom, Int+4}
 42151 | Zig:26   | Identified the ring "Zynerch" {rPois Will+ Int+4}
 42152 | Zig:26   | Identified the +10 flail of Sedur {pain, rPois rF+}
 42168 | Zig:26   | Identified the +11 flail "Duilu" {speed, Int+4}
 42172 | Zig:26   | Identified the +2 war axe of Gigesucw {vorpal, rF+ rN+}
 42187 | Zig:26   | Identified the ring "Subuqumo" {Drain rC+ Will+ MP+9 Int+2}
 42188 | Zig:26   | Identified the ring of Uraqalytt {rPois rC+ rN+ EV+4
                  | Slay-5}
 42217 | Zig:27   | Entered Level 27 of a ziggurat
 42259 | Zig:27   | Noticed an ancient lich
 42260 | Zig:27   | Killed an ancient lich
 42356 | Zig:27   | Identified the amulet "Teush" {Spirit Str+3}
 42372 | Zig:27   | Identified the +3 glaive of Red Wine {chaos, rCorr Int-3
                  | Dex+3}
 42389 | Zig:27   | Identified the ring "Qaivosch" {Will+ Str+7 Int-4 Dex+4
                  | Slay+3}
 42456 | Hell     | Entered the Vestibule of Hell
 42464 | Hell     | Noticed Geryon
 42470 | Hell     | Killed Geryon
 42710 | Hell     | Found a gateway to the Iron City of Dis.
 42784 | Dis:1    | Entered Level 1 of the Iron City of Dis
 42840 | Dis:4    | Noticed a dread lich
 42841 | Dis:4    | Killed a dread lich
 43022 | Dis:7    | Entered Level 7 of the Iron City of Dis
 43424 | Dis:7    | Reached skill level 10 in Ice Magic
 43425 | Dis:7    | Noticed a juggernaut
 43428 | Dis:7    | Killed a juggernaut
 43567 | Dis:7    | Noticed the Serpent of Hell
 43583 | Dis:7    | Killed the Serpent of Hell
 43644 | Dis:7    | Reached skill level 1 in Throwing
 43808 | Dis:7    | Identified the ring of Zuzetoge {rC+ Will+ Str+4}
 43838 | Dis:7    | Noticed a juggernaut
 43840 | Dis:7    | Killed a juggernaut
 43860 | Dis:7    | Reached skill level 5 in Throwing
 43864 | Dis:7    | Noticed a juggernaut
 43871 | Dis:7    | Killed a juggernaut
 43979 | Dis:7    | Identified the +8 spear "Arcanum" {flame, rElec Str+3
                  | Int-3}
 43981 | Dis:7    | Got an iron rune of Zot
 43986 | Dis:7    | Found the +4 staff of Dispater
 43986 | Dis:7    | Noticed Dispater
 44003 | Dis:7    | Killed Dispater
 44261 | Hell     | Found a gateway to the freezing wastes of Cocytus.
 44305 | Hell     | Found a gateway to the ashen valley of Gehenna.
 44426 | Hell     | Found a gateway to the decaying netherworld of Tartarus.
 44710 | Snake:1  | Entered Level 1 of the Snake Pit
 44710 | Snake:1  | Noticed Aizul
 44713 | Snake:1  | Killed Aizul
 44812 | Snake:1  | Noticed Kirke
 44813 | Snake:1  | Killed Kirke
 45087 | Snake:1  | Found Nainonk's Assorted Antiques.
 45095 | Snake:1  | Bought a potion of brilliance for 140 gold pieces
 45095 | Snake:1  | Bought a scroll of amnesia for 140 gold pieces
 45095 | Snake:1  | Bought a scroll of identify for 70 gold pieces
 45095 | Snake:1  | Bought a scroll of immolation for 140 gold pieces
 46281 | Snake:2  | Reached skill level 10 in Throwing
 46517 | Snake:3  | Noticed Mlioglotl
 46521 | Snake:3  | Killed Mlioglotl
 46626 | Snake:3  | Found Arphoria's Antique Armour Emporium.
 46806 | Snake:3  | Bought a pair of smouldering gloves for 313 gold pieces
 46806 | Snake:3  | Identified the +1 pair of gloves of Awe {Harm rElec rF++
                  | Stlth+} (You bought it in a shop on level 3 of the Snake
                  | Pit)
 46806 | Snake:3  | Bought a pair of ancient boots for 313 gold pieces
 46806 | Snake:3  | Identified the +1 pair of boots "Wumej" {rPois Str+6 Dex-4
                  | Stlth+} (You bought it in a shop on level 3 of the Snake
                  | Pit)
 47105 | Snake:4  | Entered Level 4 of the Snake Pit
 47288 | Snake:4  | Got a serpentine rune of Zot
 48220 | Shoals:1 | Entered Level 1 of the Shoals
 48481 | Shoals:1 | Noticed Jorgrun
 48494 | Shoals:1 | Killed Jorgrun
 48845 | Shoals:1 | Found a runed translucent door.
 48845 | Shoals:1 | Found a shimmering altar of Xom.
 48845 | Shoals:1 | Noticed LaularuKyrumo's ghost (adept NaBe)
 48845 | Shoals:1 | Found the +8 storm bow {elec, penet}
 49091 | Shoals:1 | Killed LaularuKyrumo's ghost
 49138 | Shoals:2 | Noticed Ilsuiw
 49141 | Shoals:2 | Killed Ilsuiw
 49142 | Shoals:2 | Reached skill level 10 in Evocations
 49175 | Shoals:2 | Noticed Polyphemus
 49177 | Shoals:2 | Killed Polyphemus
 49259 | Shoals:2 | Found Boyxkelu's Assorted Antiques.
 49282 | Shoals:2 | Bought a scroll of magic mapping for 150 gold pieces
 49282 | Shoals:2 | Bought a potion of curing for 60 gold pieces
 49282 | Shoals:2 | Bought a scroll of magic mapping for 150 gold pieces
 49334 | Shoals:2 | Found a glowing golden altar of the Shining One.
 49530 | Shoals:2 | Noticed Roxanne
 49531 | Shoals:2 | Killed Roxanne
 49992 | Shoals:3 | Found Rionkahi's Jewellery Boutique.
 50843 | Shoals:4 | Entered Level 4 of the Shoals
 51202 | Shoals:4 | Got a barnacled rune of Zot
 51720 | Slime:1  | Entered Level 1 of the Pits of Slime
 51875 | Slime:3  | Found a viscous altar of Jiyva.
 52004 | Slime:5  | Entered Level 5 of the Pits of Slime
 52090 | Slime:5  | Gained mutation: Your spells are a little easier to cast,
                  | but a little less powerful. [a shining eye]
 52101 | Slime:5  | Noticed the Royal Jelly
 52161 | Slime:5  | Noticed Dissolution
 52165 | Slime:5  | Killed the Royal Jelly
 52168 | Slime:5  | Killed Dissolution
 52169 | Slime:5  | Reached skill level 15 in Evocations
 52260 | Slime:5  | Identified the +7 quarterstaff of Miguwem {vorpal, rElec
                  | rF+ Dex+4}
 52264 | Slime:5  | Identified the +0 pair of gloves of the Stallion {rC+ SInv}
 52312 | Slime:5  | Identified the +10 war axe "Fyukoi" {freeze, rElec rF+
                  | Dex+4}
 52316 | Slime:5  | Identified the +9 plate armour "Gaegi" {Dex+3}
 52341 | Slime:5  | Got a slimy rune of Zot
 52810 | Depths:1 | Acquired a book of Chaos
 52812 | Depths:1 | Lost mutation: Your flesh is cold resistant. (rC+) [potion
                  | of mutation]
 52812 | Depths:1 | Lost mutation: You are robust. (+10% HP) [potion of
                  | mutation]
 52812 | Depths:1 | Lost mutation: You are dopey. (Int -2) [potion of mutation]
 52812 | Depths:1 | Gained mutation: You are somewhat resistant to further
                  | mutation. [potion of mutation]
 52812 | Depths:1 | Gained mutation: You occasionally lose the ability to read
                  | scrolls when taking damage. [potion of mutation]
 52813 | Depths:1 | Lost mutation: Your spells are a little easier to cast, but
                  | a little less powerful. [potion of mutation]
 52813 | Depths:1 | Lost mutation: You are covered in fur. (AC +1) [potion of
                  | mutation]
 52813 | Depths:1 | Lost mutation: You are somewhat resistant to further
                  | mutation. [potion of mutation]
 52813 | Depths:1 | Gained mutation: You are partially covered in iridescent
                  | scales. (AC +2) [potion of mutation]
 52813 | Depths:1 | Gained mutation: You are dopey. (Int -2) [potion of
                  | mutation]
 52813 | Depths:1 | Gained mutation: You have a pair of small antennae on your
                  | head. [potion of mutation]
 52814 | Depths:1 | Lost mutation: You have a pair of small antennae on your
                  | head. [potion of mutation]
 52814 | Depths:1 | Lost mutation: You are partially covered in iridescent
                  | scales. (AC +2) [potion of mutation]
 52814 | Depths:1 | Gained mutation: You are partially covered in iridescent
                  | scales. (AC +2) [potion of mutation]
 52814 | Depths:1 | Gained mutation: Armour fits poorly on your strangely
                  | shaped body. [potion of mutation]
 52814 | Depths:1 | Gained mutation: You possess an exceptional clarity of
                  | mind. [potion of mutation]
 52815 | Depths:1 | Lost mutation: Armour fits poorly on your strangely shaped
                  | body. [potion of mutation]
 52815 | Depths:1 | Lost mutation: You are partially covered in iridescent
                  | scales. (AC +2) [potion of mutation]
 52815 | Depths:1 | Lost mutation: You possess an exceptional clarity of mind.
                  | [potion of mutation]
 52815 | Depths:1 | Gained mutation: Your body sometimes deteriorates upon
                  | taking damage. [potion of mutation]
 52815 | Depths:1 | Gained mutation: You are strong-willed. (Will+) [potion of
                  | mutation]
 52816 | Depths:1 | Lost mutation: Your body sometimes deteriorates upon taking
                  | damage. [potion of mutation]
 52816 | Depths:1 | Lost mutation: You occasionally lose the ability to read
                  | scrolls when taking damage. [potion of mutation]
 52816 | Depths:1 | Lost mutation: You are strong-willed. (Will+) [potion of
                  | mutation]
 52816 | Depths:1 | Gained mutation: You possess an exceptional clarity of
                  | mind. [potion of mutation]
 52816 | Depths:1 | Gained mutation: You are partially covered in iridescent
                  | scales. (AC +2) [potion of mutation]
 52816 | Depths:1 | Lost mutation: You possess an exceptional clarity of mind.
                  | [potion of mutation]
 52816 | Depths:1 | Gained mutation: You possess an exceptional clarity of
                  | mind. [potion of mutation]
 52953 | Vaults:1 | Entered Level 1 of the Vaults
 53740 | Vaults:1 | Found Adyede Xinan's Antique Armour Emporium.
 54389 | Vaults:2 | Noticed Boris
 54391 | Vaults:2 | Killed Boris
 54722 | Vaults:2 | Found a staircase to the Crypt.
 55007 | Vaults:2 | Found Wontotem's Magic Scroll Shoppe.
 55022 | Vaults:2 | Bought a scroll of blinking for 127 gold pieces
 55022 | Vaults:2 | Bought a scroll of magic mapping for 127 gold pieces
 55022 | Vaults:2 | Bought a scroll of magic mapping for 127 gold pieces
 55022 | Vaults:2 | Bought a scroll of teleportation for 51 gold pieces
 56121 | Vaults:3 | Acquired the +3 cloak of Bespelled Curiosity {rF+ Regen+
                  | Dex+4}
 56706 | Vaults:4 | Reached skill level 15 in Ice Magic
 57768 | Vaults:5 | Entered Level 5 of the Vaults
 57775 | Vaults:5 | Noticed Sojobo
 57781 | Vaults:5 | Killed Sojobo
 57784 | Vaults:5 | Noticed an ancient lich
 57785 | Vaults:5 | Killed an ancient lich
 57795 | Vaults:5 | Noticed a dread lich
 57859 | Vaults:5 | Killed a dread lich
 58035 | Vaults:5 | Got a silver rune of Zot
 58041 | Vaults:5 | Identified the ring "Ogeobb" {Fire Str+4 Int-5 SInv}
 58354 | Vaults:5 | Learned a level 9 spell: Polar Vortex
 58491 | Vaults:5 | Identified the +4 trident of Zualam Nius {protect, rPois
                  | rC+ Str+2 Int+3}
 58499 | Vaults:5 | Identified the +7 spear of Armageddon {vorpal, rElec rC+
                  | Will-}
 58548 | Vaults:5 | Found Jufocum's Distillery.
 58556 | Vaults:5 | Bought a potion of mutation for 120 gold pieces
 58556 | Vaults:5 | Bought a potion of mutation for 120 gold pieces
 58556 | Vaults:5 | Bought a potion of resistance for 150 gold pieces
 58907 | Vaults:5 | Found Zuxzaromn's Magic Scroll Boutique.
 58935 | Vaults:5 | Bought a scroll of immolation for 80 gold pieces
 58935 | Vaults:5 | Bought a scroll of magic mapping for 150 gold pieces
 58935 | Vaults:5 | Bought a scroll of immolation for 80 gold pieces
 58935 | Vaults:5 | Bought a scroll of immolation for 80 gold pieces
 58935 | Vaults:5 | Bought a scroll of teleportation for 60 gold pieces
 59318 | Crypt:1  | Entered Level 1 of the Crypt
 59341 | Crypt:1  | Noticed Boris
 59343 | Crypt:1  | Killed Boris
 59359 | Crypt:1  | Noticed Mennas
 59371 | Crypt:1  | Killed Mennas
 61250 | Crypt:3  | Entered Level 3 of the Crypt
 61784 | Crypt:3  | Found a staircase to the Tomb.
 61976 | Crypt:3  | Found an ancient bone altar of Kikubaaqudgha.
 62235 | Crypt:3  | Noticed a dread lich
 62238 | Crypt:3  | Killed a dread lich
 62250 | Crypt:3  | Noticed a dread lich
 62254 | Crypt:3  | Killed a dread lich
 62258 | Crypt:3  | Identified the +5 battleaxe "Tyhujon" {antimagic, *Corrode
                  | Will+ Int+2 Stlth+}
 63156 | Depths:3 | Killed Imio's ghost
 63213 | Depths:3 | Voluntarily entered the Abyss.
 63307 | Abyss:2  | Gained mutation: Your body sometimes deteriorates upon
                  | taking damage. [a neqoxec]
 63389 | Depths:3 | Escaped the Abyss
 63390 | Depths:3 | Lost mutation: You are partially covered in iridescent
                  | scales. (AC +2) [potion of mutation]
 63390 | Depths:3 | Lost mutation: You possess an exceptional clarity of mind.
                  | [potion of mutation]
 63390 | Depths:3 | Lost mutation: Your body sometimes deteriorates upon taking
                  | damage. [potion of mutation]
 63390 | Depths:3 | Gained mutation: Your magical capacity is low. (-10% MP)
                  | [potion of mutation]
 63390 | Depths:3 | Gained mutation: You have supernaturally acute eyesight.
                  | (SInv) [potion of mutation]
 63391 | Depths:3 | Lost mutation: You are dopey. (Int -2) [potion of mutation]
 63391 | Depths:3 | Lost mutation: Your magical capacity is low. (-10% MP)
                  | [potion of mutation]
 63391 | Depths:3 | Lost mutation: You have supernaturally acute eyesight.
                  | (SInv) [potion of mutation]
 63391 | Depths:3 | Gained mutation: A frigid envelope surrounds you and
                  | freezes all who hurt you. [potion of mutation]
 63391 | Depths:3 | Gained mutation: You possess an exceptional clarity of
                  | mind. [potion of mutation]
 63393 | Depths:3 | Voluntarily entered the Abyss.
 63462 | Depths:3 | Escaped the Abyss
 63464 | Depths:3 | Voluntarily entered the Abyss.
 63479 | Abyss:3  | Found a corrupted altar of Lugonu.
 63503 | Depths:3 | Escaped the Abyss
 63505 | Depths:3 | Voluntarily entered the Abyss.
 63608 | Depths:3 | Escaped the Abyss
 63610 | Depths:3 | Voluntarily entered the Abyss.
 63919 | Depths:3 | Escaped the Abyss
 63921 | Depths:3 | Voluntarily entered the Abyss.
 63942 | Abyss:4  | Reached skill level 10 in Necromancy
 63942 | Abyss:4  | Reached skill level 10 in Transmutations
 63969 | Abyss:4  | Got an abyssal rune of Zot
 64028 | Depths:3 | Escaped the Abyss
 64091 | Pan      | Entered Pandemonium
 64114 | Pan      | Noticed Tiokh the pandemonium lord
 64118 | Pan      | Killed Tiokh the pandemonium lord
 64162 | Pan      | Got a demonic rune of Zot
 64248 | Pan      | Entered the realm of Gloorx Vloq.
 64255 | Pan      | Noticed Gloorx Vloq
 64259 | Pan      | Killed Gloorx Vloq
 64414 | Pan      | Found an exit through the horrors of the Abyss.
 64453 | Pan      | Got a dark rune of Zot
 64475 | Pan      | Entered the realm of Lom Lobon.
 64485 | Pan      | Noticed Lom Lobon
 64488 | Pan      | Got a magical rune of Zot
 64494 | Pan      | Killed Lom Lobon
 64622 | Pan      | Entered the realm of Cerebov.
 64701 | Pan      | Identified the ring of Joeving {Ice rCorr Dex+3 Slay+2
                  | Stlth+}
 64760 | Pan      | Found the +6 sword of Cerebov {flame}
 64760 | Pan      | Noticed Cerebov
 64764 | Pan      | Identified the +3 scimitar "Tyed" {venom, rPois rF- rC++}
 64771 | Pan      | Killed Cerebov
 64843 | Pan      | Identified the ring "Usuanya" {rCorr Int+2}
 64869 | Pan      | Identified the ring of Etoisudgh {rPois rF+ Str+2 Int+2
                  | Dex+7}
 64871 | Pan      | Identified the amulet of Yroses {Spirit rF- Will++ Str+7}
 64908 | Pan      | Got a fiery rune of Zot
 64950 | Pan      | Entered the realm of Mnoleg.
 64952 | Pan      | Gained mutation: Armour fits poorly on your strangely
                  | shaped body. [a cacodemon]
 64981 | Pan      | Noticed Mnoleg
 64988 | Pan      | Killed Mnoleg
 65070 | Pan      | Got a glowing rune of Zot
 65131 | Pan      | Noticed Wuras the pandemonium lord
 65134 | Pan      | Killed Wuras the pandemonium lord
 65365 | Pan      | Noticed Gudwa the pandemonium lord
 65371 | Pan      | Killed Gudwa the pandemonium lord
 65380 | Depths:2 | Escaped Pandemonium
 65391 | Depths:2 | Learned a level 8 spell: Necromutation
 65441 | Geh:1    | Entered Level 1 of Gehenna
 65851 | Geh:7    | Entered Level 7 of Gehenna
 66010 | Geh:7    | Found the dreamshard necklace {*Dream Drain}
 66200 | Geh:7    | Reached skill level 15 in Necromancy
 66200 | Geh:7    | Reached skill level 15 in Transmutations
 66257 | Geh:7    | Found the +7 sceptre of Asmodeus
 66257 | Geh:7    | Noticed Asmodeus
 66279 | Geh:7    | Killed Asmodeus
 66421 | Geh:7    | Found the brooch of Shielding {Spirit SH+8}
 66459 | Geh:7    | Got an obsidian rune of Zot
 66572 | Tar:1    | Entered Level 1 of Tartarus
 66886 | Tar:7    | Entered Level 7 of Tartarus
 66907 | Tar:7    | Noticed a dread lich
 66909 | Tar:7    | Killed a dread lich
 67081 | Tar:7    | Noticed an ancient lich
 67086 | Tar:7    | Killed an ancient lich
 67523 | Tar:7    | Got a bone rune of Zot
 67578 | Coc:1    | Entered Level 1 of Cocytus
 67852 | Coc:7    | Entered Level 7 of Cocytus
 68106 | Coc:7    | Learned a level 9 spell: Chain Lightning
 68259 | Coc:7    | Found the ring of Shadows {Umbra +Inv Stlth+}
 68272 | Coc:7    | Got the Folio of Impurities
 68285 | Coc:7    | Paralysed by a wendigo for 1 turns
 68377 | Coc:7    | Reached skill level 5 in Air Magic
 68380 | Coc:7    | Identified the +5 spear of Law {pain, rCorr Str+6 Stlth-}
 68380 | Coc:7    | Noticed Antaeus
 68381 | Coc:7    | Paralysed by a wendigo for 1 turns
 68384 | Coc:7    | Got an icy rune of Zot
 68529 | Zot:1    | Entered Level 1 of the Realm of Zot
 68678 | Zot:1    | Noticed an orb of fire
 68768 | Depths:4 | Killed an orb of fire
 69330 | Zot:1    | Found the +4 dragonskin cloak
 69330 | Zot:1    | Noticed Tiamat
 69338 | Zot:1    | Killed Tiamat
 70428 | Zot:2    | Reached skill level 10 in Air Magic
 74014 | Zot:4    | Reached skill level 15 in Air Magic
 74115 | Zot:4    | Found the +11 plutonium sword {Contam Stlth-}
 75794 | Crypt:3  | Identified the +5 long sword of Jienaq {venom, Int+5 Dex+5}
 75797 | Zig:1    | Entered Level 1 of a ziggurat
 75837 | Zig:2    | Entered Level 2 of a ziggurat
 75909 | Zig:3    | Entered Level 3 of a ziggurat
 75996 | Zig:4    | Entered Level 4 of a ziggurat
 76005 | Zig:4    | Identified the ring of the Hammering Gods {rC+ Will- Dex+4
                  | SInv}
 76055 | Zig:5    | Entered Level 5 of a ziggurat
 76127 | Zig:6    | Entered Level 6 of a ziggurat
 76136 | Zig:6    | Identified the +8 broad axe "Leodyintu" {drain, Will- Str+3
                  | Int+7 Dex-3}
 76197 | Zig:6    | Acquired 1185 gold pieces
 76237 | Zig:7    | Entered Level 7 of a ziggurat
 76264 | Zig:7    | Identified the +7 spear of Oozing Pus {protect, Dex+4}
 76302 | Zig:8    | Entered Level 8 of a ziggurat
 76362 | Zig:9    | Entered Level 9 of a ziggurat
 76386 | Zig:9    | Identified the ring of Qutereo {rPois Will+ Str-3 Dex+7
                  | Stlth+}
 76393 | Zig:9    | Identified the +1 robe of Gluttony {MP+9 Str+2 Stlth+
                  | Archmagi}
 76425 | Zig:10   | Entered Level 10 of a ziggurat
 76450 | Zig:10   | Identified the ring of Ceraafatzo {rPois rF- Str+3 Dex+7}
 76462 | Zig:10   | Identified the +12 morningstar "Doym" {spect, *Slow Int+2
                  | Dex+4 SInv}
 76490 | Zig:11   | Entered Level 11 of a ziggurat
 76494 | Zig:11   | Noticed Qeko the pandemonium lord
 76495 | Zig:11   | Noticed Guocyd the pandemonium lord
 76497 | Zig:11   | Noticed Inguyzec the pandemonium lord
 76498 | Zig:11   | Killed Qeko the pandemonium lord
 76499 | Zig:11   | Killed Guocyd the pandemonium lord
 76504 | Zig:11   | Killed Inguyzec the pandemonium lord
 76504 | Zig:11   | Noticed Jaw Noa the pandemonium lord
 76504 | Zig:11   | Noticed Cucvag the pandemonium lord
 76505 | Zig:11   | Killed Jyos the pandemonium lord
 76505 | Zig:11   | Killed Jaw Noa the pandemonium lord
 76505 | Zig:11   | Killed Cucvag the pandemonium lord
 76513 | Zig:11   | Found the +12 glaive of Prune {vorpal}
 76536 | Zig:11   | Identified the +11 morningstar "Horuc" {drain, SInv Stlth+}
 76601 | Zig:12   | Entered Level 12 of a ziggurat
 76627 | Zig:12   | Identified the +9 longbow of the Morning {vorpal, Int+4}
 76628 | Zig:12   | Identified the ring "Naenoh" {Fly Str+7}
 76671 | Zig:13   | Entered Level 13 of a ziggurat
 76690 | Zig:13   | Identified the +7 arbalest of Ceivob Axtua {penet, Contam
                  | rN+++ MP+9 Int+3}
 76698 | Zig:13   | Identified the ring "Imimn" {Wiz rElec rPois rF+++ Stlth+}
 76716 | Zig:13   | Identified the +4 robe "Jukhlol" {rPois rF+}
 76745 | Zig:14   | Entered Level 14 of a ziggurat
 76773 | Zig:14   | Found the +8 demon blade "Leech" {vamp, Harm Drain rN+}
 76787 | Zig:14   | Identified the amulet "Zeamajy" {Spirit rF+ rN++ Str-5}
 76808 | Zig:14   | Identified the +0 war axe "Beydoaso" {speed, rPois rC+
                  | Int-2}
 76918 | Zig:15   | Entered Level 15 of a ziggurat
 76928 | Zig:15   | Reached skill level 10 in Dodging
 77036 | Zig:15   | Identified the +5 spear of Drought {vamp, Dex+5}
 77130 | Zig:16   | Entered Level 16 of a ziggurat
 77143 | Zig:16   | Noticed an ancient lich
 77144 | Zig:16   | Killed an ancient lich
 77145 | Zig:16   | Noticed an ancient lich
 77146 | Zig:16   | Killed an ancient lich
 77149 | Zig:16   | Noticed a dread lich
 77150 | Zig:16   | Noticed an ancient lich
 77150 | Zig:16   | Killed an ancient lich
 77150 | Zig:16   | Noticed an ancient lich
 77150 | Zig:16   | Noticed a dread lich
 77152 | Zig:16   | Killed a dread lich
 77152 | Zig:16   | Killed a dread lich
 77153 | Zig:16   | Reached skill level 15 in Dodging
 77154 | Zig:16   | Killed an ancient lich
 77183 | Zig:16   | Identified the +6 scale mail of Vehumet's Reproof {rElec
                  | rC- Will++ Stlth+}
 77186 | Zig:16   | Identified the +7 hand axe of Riyrogov {venom, *Corrode
                  | rPois Int-4 Dex+8}
 77194 | Zig:16   | Identified the +9 short sword of Fuyt {drain, Contam rElec
                  | Stlth+}
 77307 | Zig:17   | Entered Level 17 of a ziggurat
 77342 | Zig:17   | Identified the +6 quarterstaff "Onku" {venom, Will++}
 77349 | Zig:17   | Identified the +7 dagger of Citunwo {drain, +Blink}
 77356 | Zig:17   | Identified the ring "Wezywk" {*Corrode Fly rN+++ Str+4
                  | Int+3}
 77360 | Zig:17   | Identified the +6 flail of Demand {freeze, rElec rPois rF++
                  | Str-2}
 77365 | Zig:17   | Identified the +6 trident "Doloestru" {elec, Drain rElec
                  | rC- rN+++}
 77368 | Zig:17   | Identified the +0 war axe of Tyatzis {vorpal, rPois Str+4
                  | Dex-3 Stlth+}
 77468 | Zig:18   | Entered Level 18 of a ziggurat
 77497 | Zig:18   | Found the +8 Vampire's Tooth {vamp}
 77516 | Zig:18   | Identified the amulet "Gaamys Nec" {RegenMP Drain rN+
                  | Dex+4}
 77524 | Zig:18   | Identified the +4 shortbow "Siovvi" {vorpal, rElec rN+++
                  | Will+ Dex-3}
 77622 | Zig:19   | Entered Level 19 of a ziggurat
 77630 | Zig:19   | Noticed a royal mummy
 77630 | Zig:19   | Noticed a royal mummy
 77631 | Zig:19   | Noticed a royal mummy
 77632 | Zig:19   | Noticed a royal mummy
 77633 | Zig:19   | Reached skill level 10 in Armour
 77634 | Zig:19   | Killed a royal mummy
 77634 | Zig:19   | Killed a royal mummy
 77634 | Zig:19   | Killed a royal mummy
 77635 | Zig:19   | Noticed a royal mummy
 77636 | Zig:19   | Noticed a royal mummy
 77638 | Zig:19   | Killed a royal mummy
 77639 | Zig:19   | Killed a royal mummy
 77641 | Zig:19   | Killed a royal mummy
 77642 | Zig:19   | Noticed a royal mummy
 77647 | Zig:19   | Killed a royal mummy
 77647 | Zig:19   | Noticed a royal mummy
 77651 | Zig:19   | Killed a royal mummy
 77724 | Zig:19   | Got the Spellbook of Lithic Hoarfrost
 77726 | Zig:19   | Identified the ring of the Harvest {rElec rF- rCorr EV+4
                  | Str+3}
 77730 | Zig:19   | Identified the +1 chain mail of Xaishag {rF- Int+3 Stlth+}
 77733 | Zig:19   | Identified the ring of Hepliaklqana, Grinning {rN+ rCorr
                  | EV+4 Str-2}
 77865 | Zig:20   | Entered Level 20 of a ziggurat
 77886 | Zig:20   | Reached skill level 15 in Armour
 77894 | Zig:20   | Found the +9 staff of Wucad Mu {*channel}
 77945 | Zig:20   | Identified the +7 chain mail of Gravitas {Harm rC+}
 77951 | Zig:20   | Identified the +8 arbalest "Ebocw" {speed, rN++}
 77965 | Zig:20   | Identified the ring "Zefib" {rF+ Will+ rCorr Str-3 Dex+4}
 78092 | Zig:21   | Entered Level 21 of a ziggurat
 78101 | Zig:21   | Noticed a royal mummy
 78105 | Zig:21   | Killed a royal mummy
 78106 | Zig:21   | Noticed a royal mummy
 78107 | Zig:21   | Noticed a royal mummy
 78108 | Zig:21   | Noticed a royal mummy
 78108 | Zig:21   | Noticed an ancient lich
 78110 | Zig:21   | Killed an ancient lich
 78110 | Zig:21   | Killed a royal mummy
 78110 | Zig:21   | Noticed a royal mummy
 78110 | Zig:21   | Noticed a royal mummy
 78110 | Zig:21   | Noticed a royal mummy
 78111 | Zig:21   | Noticed a royal mummy
 78111 | Zig:21   | Noticed a royal mummy
 78111 | Zig:21   | Noticed a royal mummy
 78111 | Zig:21   | Killed a royal mummy
 78111 | Zig:21   | Killed a royal mummy
 78113 | Zig:21   | Killed a royal mummy
 78113 | Zig:21   | Killed a royal mummy
 78114 | Zig:21   | Killed a royal mummy
 78114 | Zig:21   | Killed a royal mummy
 78114 | Zig:21   | Killed a royal mummy
 78114 | Zig:21   | Killed a royal mummy
 78115 | Zig:21   | Noticed a royal mummy
 78117 | Zig:21   | Killed a royal mummy
 78119 | Zig:21   | Noticed a royal mummy
 78123 | Zig:21   | Killed a royal mummy
 78195 | Zig:21   | Identified the +8 morningstar "Newtslayer" {vorpal, rElec
                  | Will+++}
 78275 | Zig:22   | Entered Level 22 of a ziggurat
 78292 | Zig:22   | Noticed a royal mummy
 78292 | Zig:22   | Noticed a royal mummy
 78293 | Zig:22   | Noticed a royal mummy
 78294 | Zig:22   | Noticed a royal mummy
 78294 | Zig:22   | Noticed a royal mummy
 78295 | Zig:22   | Killed a royal mummy
 78295 | Zig:22   | Noticed a royal mummy
 78295 | Zig:22   | Noticed a royal mummy
 78295 | Zig:22   | Noticed a royal mummy
 78295 | Zig:22   | Noticed a royal mummy
 78296 | Zig:22   | Killed a royal mummy
 78296 | Zig:22   | Killed a royal mummy
 78296 | Zig:22   | Noticed a royal mummy
 78296 | Zig:22   | Noticed a royal mummy
 78296 | Zig:22   | Noticed a royal mummy
 78298 | Zig:22   | Killed a royal mummy
 78298 | Zig:22   | Killed a royal mummy
 78298 | Zig:22   | Killed a royal mummy
 78298 | Zig:22   | Killed a royal mummy
 78298 | Zig:22   | Killed a royal mummy
 78299 | Zig:22   | Killed a royal mummy
 78299 | Zig:22   | Killed a royal mummy
 78299 | Zig:22   | Killed a royal mummy
 78299 | Zig:22   | Killed a royal mummy
 78299 | Zig:22   | Noticed a royal mummy
 78300 | Zig:22   | Noticed an ancient lich
 78300 | Zig:22   | Noticed a royal mummy
 78301 | Zig:22   | Killed an ancient lich
 78302 | Zig:22   | Noticed a royal mummy
 78303 | Zig:22   | Killed a royal mummy
 78303 | Zig:22   | Killed a royal mummy
 78306 | Zig:22   | Killed a royal mummy
 78330 | Zig:22   | Identified the +6 arbalest "Giant's Death" {vorpal, *Slow
                  | rF+ Str+3}
 78332 | Zig:22   | Identified the +7 halberd "Fid Oxab" {speed, Str+3 SInv
                  | Stlth+}
 78418 | Zig:22   | Reached skill level 15 in Throwing
 78436 | Zig:23   | Entered Level 23 of a ziggurat
 78456 | Zig:23   | Paralysed by an air elemental for 1 turns
 78461 | Zig:23   | Paralysed by an air elemental for 1 turns
 78464 | Zig:23   | Paralysed by an air elemental for 1 turns
 78471 | Zig:23   | Found the +8 trishula "Condemnation" {holy, anguish, *Noise
                  | Fly rN+}
 78471 | Zig:23   | Found the ring of the Hare {EV+8}
 78496 | Zig:23   | Identified the +2 short sword of Cofexops {freeze, Str+6
                  | Dex-4}
 78497 | Zig:23   | Identified the +1 troll leather armour of the Enchanted
                  | Forest {rElec rF+ rC- Regen+ Int+8}
 78499 | Zig:23   | Identified the ring of False Pretenses {EV+4 Int+4}
 78504 | Zig:23   | Identified the +6 quarterstaff "Dragon's Tongue" {protect,
                  | Str+4 Int+2}
 78506 | Zig:23   | Identified the +5 war axe of Blood {distort, rCorr}
 78583 | Zig:24   | Entered Level 24 of a ziggurat
 78761 | Zig:24   | Identified the +4 arbalest of Res Nullius {penet, *Corrode
                  | +Blink rPois}
 78770 | Zig:24   | Identified the +9 sling "Gureof" {venom, rElec Will+ Str+4}
 78780 | Zig:24   | Identified the +3 flail of Zoppel {freeze, rPois rN+ Int+5}
 78786 | Zig:24   | Identified the +4 mace of Fragile Peace {freeze, Fly
                  | Stlth+}
 78787 | Zig:24   | Identified the +9 scimitar "Sitibb" {speed, rPois Str-4
                  | Int+5}
 78788 | Zig:24   | Identified the +9 sling "Yciw Xenou" {vorpal, Int+3}
 78801 | Zig:24   | Identified the +0 pair of boots "Rain" {Rampage SInv}
 78915 | Zig:25   | Entered Level 25 of a ziggurat
 79021 | Zig:25   | Identified the amulet "Ufrehor" {RegenMP Rampage +Inv rF-
                  | Regen+}
 79025 | Zig:25   | Identified the +5 ring mail of Yesterday {+Blink}
 79241 | Zig:26   | Entered Level 26 of a ziggurat
 79286 | Zig:26   | Found the +5 robe of Night {Dark Will+ SInv}
 79300 | Zig:26   | Identified the amulet "Meuph" {Spirit rN+}
 79310 | Zig:26   | Identified the amulet "Lufo" {Faith rPois Regen+ Dex+3}
 79449 | Zig:27   | Entered Level 27 of a ziggurat
 79516 | Zig:27   | Found the +5 demon whip "Spellbinder" {antimagic, Will+}
 79517 | Zig:27   | Found the +8 Wrath of Trog {antimagic, *Rage Rampage}
 79519 | Zig:27   | Found the macabre finger necklace {rN+}
 79520 | Zig:27   | Found the +7 captain's cutlass {speed, disarm}
 79587 | Zig:27   | Identified the +7 long sword of Niaxetorph {speed, rPois
                  | MP+9}
 79591 | Zig:27   | Identified the ring "Jefei" {Ice Dex+2}
 79719 | Crypt:3  | Learned a level 9 spell: Death's Door
 80034 | Depths:3 | Voluntarily entered the Abyss.
 80086 | Abyss:4  | Found a blossoming altar of Fedhas.
 80223 | Abyss:4  | Reached skill level 1 in Staves
 80243 | Depths:3 | Escaped the Abyss
 80331 | Depths:3 | Voluntarily entered the Abyss.
 80417 | Abyss:4  | Found a corrupted altar of Lugonu.
 80466 | Abyss:5  | Reached skill level 5 in Staves
 80478 | Depths:3 | Escaped the Abyss
 80581 | Depths:3 | Voluntarily entered the Abyss.
 80624 | Depths:3 | Escaped the Abyss
 80800 | Depths:3 | Voluntarily entered the Abyss.
 80839 | Depths:3 | Escaped the Abyss
 80877 | Depths:3 | Voluntarily entered the Abyss.
 80900 | Abyss:5  | Found a corrupted altar of Lugonu.
 81007 | Depths:3 | Escaped the Abyss
 81230 | Depths:3 | Voluntarily entered the Abyss.
 81237 | Abyss:5  | Found a corrupted altar of Lugonu.
 81422 | Depths:3 | Escaped the Abyss
 81481 | Depths:3 | Voluntarily entered the Abyss.
 81622 | Abyss:7  | Entered Level 7 of the Abyss
 81622 | Abyss:7  | Found a corrupted altar of Lugonu.
 81627 | Depths:3 | Escaped the Abyss
 81654 | Zig:1    | Entered Level 1 of a ziggurat
 81719 | Zig:2    | Entered Level 2 of a ziggurat
 81719 | Zig:2    | Noticed an ancient lich
 81721 | Zig:2    | Killed an ancient lich
 81722 | Zig:2    | Reached skill level 10 in Staves
 81728 | Zig:3    | Entered Level 3 of a ziggurat
 81779 | Zig:4    | Entered Level 4 of a ziggurat
 81809 | Zig:5    | Entered Level 5 of a ziggurat
 81812 | Zig:5    | Paralysed by a wendigo for 1 turns
 81879 | Zig:6    | Entered Level 6 of a ziggurat
 81928 | Zig:6    | Identified the +3 falchion of Precise Incision {elec, rF-
                  | Dex+4}
 81967 | Zig:7    | Entered Level 7 of a ziggurat
 81972 | Zig:7    | Noticed Picvaiff the pandemonium lord
 81978 | Zig:7    | Killed Picvaiff the pandemonium lord
 81994 | Zig:7    | Identified the +3 kite shield "Pecuomno" {rC- rN++ Int+6}
 82039 | Zig:8    | Entered Level 8 of a ziggurat
 82071 | Zig:8    | Identified the +6 scale mail of Gozag's Hatred {Harm Str+2
                  | Dex-2 SInv}
 82142 | Zig:9    | Entered Level 9 of a ziggurat
 82162 | Zig:9    | Identified the +2 robe "Weolour" {Int+6 Dex-2}
 82167 | Zig:9    | Identified the ring "Saall" {+Blink rC++ rCorr Str+6 Dex+3}
 82169 | Zig:9    | Identified the +7 war axe "Qose" {elec, rN+}
 82226 | Zig:10   | Entered Level 10 of a ziggurat
 82232 | Zig:10   | Noticed a juggernaut
 82236 | Zig:10   | Killed a juggernaut
 82248 | Zig:10   | Identified the +6 chain mail "Qameeff" {-Cast rN++}
 82252 | Zig:10   | Identified the +2 leather armour of Peffish {+Blink Dex-2
                  | Slay+2 SInv}
 82255 | Zig:10   | Identified the +3 scale mail of Vehumet's Fury {Harm rF-
                  | Dex+2}
 82258 | Zig:10   | Identified the ring "Icray" {rElec rF+ Will+ Str+3 Stlth+}
 82325 | Zig:11   | Entered Level 11 of a ziggurat
 82335 | Zig:11   | Found the amulet of the Four Winds {rN+ Will+++ Clar}
 82355 | Zig:11   | Identified the +1 chain mail of Daffodils {Dex+3}
 82416 | Zig:12   | Entered Level 12 of a ziggurat
 82462 | Zig:12   | Identified the ring of Guyheel {rCorr AC+4}
 82463 | Zig:12   | Identified the +2 falchion "Woech" {holy, Fragile Fly rPois
                  | MP-9}
 82537 | Zig:13   | Entered Level 13 of a ziggurat
 82542 | Zig:13   | Noticed a royal mummy
 82544 | Zig:13   | Noticed a royal mummy
 82544 | Zig:13   | Noticed a royal mummy
 82545 | Zig:13   | Noticed a royal mummy
 82545 | Zig:13   | Noticed a royal mummy
 82546 | Zig:13   | Noticed a royal mummy
 82548 | Zig:13   | Killed a royal mummy
 82548 | Zig:13   | Noticed a royal mummy
 82549 | Zig:13   | Killed a royal mummy
 82549 | Zig:13   | Killed a royal mummy
 82549 | Zig:13   | Killed a royal mummy
 82549 | Zig:13   | Killed a royal mummy
 82549 | Zig:13   | Killed a royal mummy
 82551 | Zig:13   | Killed a royal mummy
 82561 | Zig:13   | Noticed a royal mummy
 82565 | Zig:13   | Killed a royal mummy
 82593 | Zig:13   | Identified the +7 morningstar of Ruination {freeze, Fly
                  | rCorr}
 82667 | Zig:14   | Entered Level 14 of a ziggurat
 82677 | Zig:14   | Noticed a royal mummy
 82677 | Zig:14   | Noticed a royal mummy
 82677 | Zig:14   | Noticed a royal mummy
 82680 | Zig:14   | Killed a royal mummy
 82680 | Zig:14   | Noticed a royal mummy
 82680 | Zig:14   | Noticed a royal mummy
 82681 | Zig:14   | Killed a royal mummy
 82681 | Zig:14   | Killed a royal mummy
 82682 | Zig:14   | Noticed a royal mummy
 82682 | Zig:14   | Noticed a royal mummy
 82682 | Zig:14   | Noticed a royal mummy
 82683 | Zig:14   | Killed a royal mummy
 82683 | Zig:14   | Noticed a royal mummy
 82684 | Zig:14   | Killed a royal mummy
 82685 | Zig:14   | Noticed a royal mummy
 82686 | Zig:14   | Killed a royal mummy
 82686 | Zig:14   | Killed a royal mummy
 82686 | Zig:14   | Killed a royal mummy
 82686 | Zig:14   | Killed a royal mummy
 82687 | Zig:14   | Noticed a royal mummy
 82691 | Zig:14   | Reached skill level 5 in Invocations
 82691 | Zig:14   | Killed a royal mummy
 82691 | Zig:14   | Killed a royal mummy
 82693 | Zig:14   | Found the +10 zealot's sword {holy, *Rage rN+ EV+3}
 82736 | Zig:14   | Identified the +8 longbow "Biteleaca" {flame, rC+ Str-3
                  | Int+4}
 82828 | Zig:15   | Entered Level 15 of a ziggurat
 82845 | Zig:15   | Noticed Lepuacyq the pandemonium lord
 82850 | Zig:15   | Found the +7 great mace "Firestarter" {inner flame, rF++}
 82852 | Zig:15   | Reached skill level 10 in Invocations
 82854 | Zig:15   | Killed Lepuacyq the pandemonium lord
 82858 | Zig:15   | Found the +6 Majin-Bo {vamp, MP+6 Int+6}
 83012 | Zig:16   | Entered Level 16 of a ziggurat
 83111 | Zig:16   | Found the amulet of Vitality {RegenMP++ Regen++}
 83112 | Zig:16   | Found the +3 pair of seven-league boots {Rampage+∞}
 83117 | Zig:16   | Identified the +7 spear of Dim Light {chaos, rElec}
 83128 | Zig:16   | Identified the ring "Jymopukh" {*Corrode rN+ Will+ MP+9}
 83130 | Zig:16   | Identified the ring "Geibom" {Drain +Blink Fly Will+++
                  | Int-2}
 83144 | Zig:16   | Identified the +0 scale mail of Miplod {rPois rF+ MP+9
                  | Stlth+}
 83222 | Zig:16   | Reached skill level 15 in Invocations
 83240 | Zig:17   | Entered Level 17 of a ziggurat
 83253 | Zig:17   | Noticed an ancient lich
 83254 | Zig:17   | Noticed a dread lich
 83254 | Zig:17   | Noticed an ancient lich
 83254 | Zig:17   | Noticed a dread lich
 83255 | Zig:17   | Killed an ancient lich
 83255 | Zig:17   | Killed a dread lich
 83255 | Zig:17   | Killed a dread lich
 83256 | Zig:17   | Killed an ancient lich
 83258 | Zig:17   | Noticed an ancient lich
 83260 | Zig:17   | Killed an ancient lich
 83292 | Zig:17   | Identified the +1 robe "Wukh" {rElec rCorr Int-4 Stlth+}
 83308 | Zig:18   | Entered Level 18 of a ziggurat
 83320 | Zig:18   | Noticed wingedge's ghost (legendary MiFi)
 83321 | Zig:18   | Noticed Piginabag's ghost (legendary DsSk)
 83321 | Zig:18   | Noticed Boduf's ghost (legendary FoHu)
 83321 | Zig:18   | Noticed Ubraesch's ghost (adept TrMo)
 83323 | Zig:18   | Killed Ubraesch's ghost
 83323 | Zig:18   | Noticed meatyocre's ghost (veteran TrFi)
 83324 | Zig:18   | Killed Boduf's ghost
 83324 | Zig:18   | Noticed stevelinton's ghost (legendary KoBe)
 83324 | Zig:18   | Noticed Oreexun's ghost (legendary DECj)
 83325 | Zig:18   | Killed wingedge's ghost
 83325 | Zig:18   | Noticed Marixus's ghost (legendary DDFi)
 83326 | Zig:18   | Killed Piginabag's ghost
 83326 | Zig:18   | Killed meatyocre's ghost
 83326 | Zig:18   | Noticed astronautguy's ghost (legendary FoEE)
 83326 | Zig:18   | Noticed Zoplarin's ghost (legendary BaSk)
 83327 | Zig:18   | Killed Oreexun's ghost
 83327 | Zig:18   | Noticed Hacvoq's ghost (legendary HOFi)
 83327 | Zig:18   | Noticed Walil's ghost (veteran MiMo)
 83328 | Zig:18   | Killed stevelinton's ghost
 83328 | Zig:18   | Noticed Xocw's ghost (legendary GrMo)
 83328 | Zig:18   | Noticed Xatwola's ghost (legendary DDFi)
 83329 | Zig:18   | Killed Zoplarin's ghost
 83329 | Zig:18   | Noticed agentgt's ghost (legendary MiCK)
 83330 | Zig:18   | Noticed Ycuhohed's ghost (veteran TeBe)
 83330 | Zig:18   | Killed Xocw's ghost
 83330 | Zig:18   | Killed astronautguy's ghost
 83331 | Zig:18   | Killed Walil's ghost
 83331 | Zig:18   | Killed Hacvoq's ghost
 83332 | Zig:18   | Killed Xatwola's ghost
 83332 | Zig:18   | Killed Ycuhohed's ghost
 83333 | Zig:18   | Killed agentgt's ghost
 83334 | Zig:18   | Killed Marixus's ghost
 83334 | Zig:18   | Noticed Ekeiwkem's ghost (legendary DsFi)
 83342 | Zig:18   | Killed Ekeiwkem's ghost
 83413 | Zig:18   | Identified the +2 robe "Xovitefu" {rPois}
 83512 | Zig:19   | Entered Level 19 of a ziggurat
 83524 | Zig:19   | Identified the +0 tower shield "Namerar" {Int+3 Slay+3}
 83546 | Zig:19   | Identified the +1 tower shield of the Gravedigger {rF-
                  | Regen+ Str+5}
 83555 | Zig:19   | Identified the +5 tower shield of Sunlight {rN+}
 83558 | Zig:19   | Identified the +1 buckler of Ignis's Pride {rPois Regen+}
 83636 | Zig:19   | Identified the +0 scale mail of Resourcefulness {Contam
                  | Regen+ Dex+2}
 83642 | Zig:19   | Identified the +1 plate armour of the Hungering Gods
                  | {*Corrode rF- Regen+ Int+10}
 83647 | Zig:19   | Identified the +9 lajatang "Witedd" {flame, rF+ rN+ Int+3
                  | Stlth-}
 83783 | Zig:20   | Entered Level 20 of a ziggurat
 83802 | Zig:20   | Noticed Atifruunn the pandemonium lord
 83802 | Zig:20   | Noticed Qoanof the pandemonium lord
 83802 | Zig:20   | Noticed Leihumiq the pandemonium lord
 83803 | Zig:20   | Noticed Mar Biut the pandemonium lord
 83803 | Zig:20   | Noticed Keoniug the pandemonium lord
 83803 | Zig:20   | Noticed Ficzuwk the pandemonium lord
 83807 | Zig:20   | Killed Keoniug the pandemonium lord
 83811 | Zig:20   | Killed Atifruunn the pandemonium lord
 83814 | Zig:20   | Killed Mar Biut the pandemonium lord
 83815 | Zig:20   | Noticed Cegg the pandemonium lord
 83824 | Zig:20   | Noticed Imuadem the pandemonium lord
 83824 | Zig:20   | Noticed Moten the pandemonium lord
 83825 | Zig:20   | Killed Cegg the pandemonium lord
 83826 | Zig:20   | Killed Leihumiq the pandemonium lord
 83827 | Zig:20   | Killed Moten the pandemonium lord
 83829 | Zig:20   | Killed Imuadem the pandemonium lord
 83830 | Zig:20   | Noticed Cevvaa the pandemonium lord
 83832 | Zig:20   | Noticed Upukeheti the pandemonium lord
 83832 | Zig:20   | Killed Cevvaa the pandemonium lord
 83832 | Zig:20   | Killed Ficzuwk the pandemonium lord
 83832 | Zig:20   | Killed Upukeheti the pandemonium lord
 83833 | Zig:20   | Killed Bupas the pandemonium lord
 83834 | Zig:20   | Killed Qoanof the pandemonium lord
 83835 | Zig:20   | Noticed Rercho Affuw the pandemonium lord
 83836 | Zig:20   | Noticed Falair the pandemonium lord
 83837 | Zig:20   | Killed Rercho Affuw the pandemonium lord
 83837 | Zig:20   | Noticed Adeafeutz the pandemonium lord
 83838 | Zig:20   | Killed Falair the pandemonium lord
 83839 | Zig:20   | Noticed Geijun the pandemonium lord
 83840 | Zig:20   | Killed Dyamo the pandemonium lord
 83840 | Zig:20   | Noticed Befam the pandemonium lord
 83842 | Zig:20   | Killed Adeafeutz the pandemonium lord
 83842 | Zig:20   | Killed Alyvoler the pandemonium lord
 83842 | Zig:20   | Killed Quhed the pandemonium lord
 83843 | Zig:20   | Killed Geijun the pandemonium lord
 83844 | Zig:20   | Reached skill level 27 in Invocations
 83844 | Zig:20   | Killed Ukeleci the pandemonium lord
 83846 | Zig:20   | Killed Befam the pandemonium lord
 83861 | Zig:20   | Noticed Giogec the pandemonium lord
 83863 | Zig:20   | Killed Giogec the pandemonium lord
 83937 | Zig:20   | Identified the +8 chain mail "Hasentucw" {Int+5}
 83940 | Zig:20   | Identified the +5 chain mail "Vaipsu" {Str+3}
 84028 | Zig:20   | Lost mutation: A frigid envelope surrounds you and freezes
                  | all who hurt you. [potion of mutation]
 84028 | Zig:20   | Lost mutation: You possess an exceptional clarity of mind.
                  | [potion of mutation]
 84028 | Zig:20   | Gained mutation: You occasionally shout uncontrollably at
                  | your foes. [potion of mutation]
 84028 | Zig:20   | Gained mutation: You are frail. (-10% HP) [potion of
                  | mutation]
 84028 | Zig:20   | Gained mutation: You sometimes lose your temper in combat.
                  | [potion of mutation]
 84028 | Zig:20   | Lost mutation: You are frail. (-10% HP) [potion of
                  | mutation]
 84029 | Zig:20   | Lost mutation: Armour fits poorly on your strangely shaped
                  | body. [potion of mutation]
 84029 | Zig:20   | Lost mutation: You occasionally shout uncontrollably at
                  | your foes. [potion of mutation]
 84029 | Zig:20   | Lost mutation: You sometimes lose your temper in combat.
                  | [potion of mutation]
 84029 | Zig:20   | Gained mutation: You passively map a small area around you.
                  | [potion of mutation]
 84030 | Zig:20   | Lost mutation: You passively map a small area around you.
                  | [potion of mutation]
 84030 | Zig:20   | Gained mutation: Your body sometimes deteriorates upon
                  | taking damage. [potion of mutation]
 84030 | Zig:20   | Gained mutation: Your flesh is cold resistant. (rC+)
                  | [potion of mutation]
 84031 | Zig:20   | Lost mutation: Your flesh is cold resistant. (rC+) [potion
                  | of mutation]
 84031 | Zig:20   | Lost mutation: Your body sometimes deteriorates upon taking
                  | damage. [potion of mutation]
 84031 | Zig:20   | Gained mutation: You have a pair of small horns on your
                  | head. [potion of mutation]
 84031 | Zig:20   | Lost mutation: You have a pair of small horns on your head.
                  | [potion of mutation]
 84031 | Zig:20   | Gained mutation: You are robust. (+10% HP) [potion of
                  | mutation]
 84032 | Zig:20   | Lost mutation: You are robust. (+10% HP) [potion of
                  | mutation]
 84032 | Zig:20   | Gained mutation: You expend magic power (3 MP) to
                  | strengthen your wands. [potion of mutation]
 84033 | Zig:20   | Lost mutation: You expend magic power (3 MP) to strengthen
                  | your wands. [potion of mutation]
 84033 | Zig:20   | Gained mutation: You have large cloven feet. [potion of
                  | mutation]
 84033 | Zig:20   | Gained mutation: You are dopey. (Int -2) [potion of
                  | mutation]
 84033 | Zig:20   | Gained mutation: You are frail. (-10% HP) [potion of
                  | mutation]
 84033 | Zig:20   | Gained mutation: You are strong-willed. (Will+) [potion of
                  | mutation]
 84034 | Zig:20   | Lost mutation: You are strong-willed. (Will+) [potion of
                  | mutation]
 84034 | Zig:20   | Lost mutation: You are frail. (-10% HP) [potion of
                  | mutation]
 84034 | Zig:20   | Gained mutation: You are clumsy. (Dex -2) [potion of
                  | mutation]
 84035 | Zig:20   | Lost mutation: You have large cloven feet. [potion of
                  | mutation]
 84035 | Zig:20   | Lost mutation: You are dopey. (Int -2) [potion of mutation]
 84035 | Zig:20   | Lost mutation: You are clumsy. (Dex -2) [potion of
                  | mutation]
 84035 | Zig:20   | Gained mutation: You passively map a small area around you.
                  | [potion of mutation]
 84035 | Zig:20   | Gained mutation: You expend magic power (3 MP) to
                  | strengthen your wands. [potion of mutation]
 84035 | Zig:20   | Gained mutation: Your muscles are strong. (Str +4, Int/Dex
                  | -1) [potion of mutation]
 84036 | Zig:20   | Lost mutation: You passively map a small area around you.
                  | [potion of mutation]
 84036 | Zig:20   | Lost mutation: Your muscles are strong. (Str +4, Int/Dex
                  | -1) [potion of mutation]
 84036 | Zig:20   | Gained mutation: You have large cloven feet. [potion of
                  | mutation]
 84037 | Zig:20   | Lost mutation: You expend magic power (3 MP) to strengthen
                  | your wands. [potion of mutation]
 84037 | Zig:20   | Lost mutation: You have large cloven feet. [potion of
                  | mutation]
 84037 | Zig:20   | Gained mutation: You have an increased reservoir of magic.
                  | (+10% MP) [potion of mutation]
 84037 | Zig:20   | Gained mutation: You are partially covered in iridescent
                  | scales. (AC +2) [potion of mutation]
 84037 | Zig:20   | Gained mutation: Your mind is acute. (Int +4, Str/Dex -1)
                  | [potion of mutation]
 84037 | Zig:20   | Gained mutation: You are mostly covered in iridescent
                  | scales. (AC +4) [potion of mutation]
 84073 | Zig:21   | Entered Level 21 of a ziggurat
 84110 | Zig:21   | Identified the +4 scale mail "Mummoef" {rPois}
 84113 | Zig:21   | Identified the ring of Yredelemnul's Approval {Dex+6 SInv
                  | Stlth+}
 84114 | Zig:21   | Identified the +1 ring mail of Courage {rN+ Stlth+}
 84118 | Zig:21   | Identified the +1 robe "Tokec" {rN+}
 84119 | Zig:21   | Identified the +5 battleaxe of Glory {vorpal, rElec rC+
                  | Int+2}
 84125 | Zig:21   | Identified the +7 flail of the Apocalypse {vorpal, rC-
                  | rCorr MP+9 Str+6}
 84131 | Zig:21   | Identified the +5 rapier of Waamun {vorpal, Str+4 Dex-3
                  | Stlth+}
 84136 | Zig:21   | Identified the +1 broad axe "Death Rattle" {flame, Dex+4}
 84223 | Zig:22   | Entered Level 22 of a ziggurat
 84236 | Zig:22   | Noticed a dread lich
 84238 | Zig:22   | Killed a dread lich
 84243 | Zig:22   | Noticed a dread lich
 84246 | Zig:22   | Killed a dread lich
 84247 | Zig:22   | Noticed an ancient lich
 84248 | Zig:22   | Killed an ancient lich
 84292 | Zig:22   | Identified the +7 whip of Uchaz {speed, *Corrode rC+++
                  | Int+7}
 84294 | Zig:22   | Identified the ring "Tunadok" {rF+ MP+9 AC+4 Int+3}
 84306 | Zig:22   | Identified the +0 ring mail of Repulsion {Fly Slay+2}
 84448 | Zig:23   | Entered Level 23 of a ziggurat
 84456 | Zig:23   | Noticed Cenalepu the pandemonium lord
 84460 | Zig:23   | Noticed Reaclui the pandemonium lord
 84461 | Zig:23   | Noticed Diog the pandemonium lord
 84461 | Zig:23   | Noticed Doablel the pandemonium lord
 84462 | Zig:23   | Noticed Jukly the pandemonium lord
 84463 | Zig:23   | Killed Cenalepu the pandemonium lord
 84466 | Zig:23   | Killed Jukly the pandemonium lord
 84466 | Zig:23   | Killed Reaclui the pandemonium lord
 84468 | Zig:23   | Killed Diog the pandemonium lord
 84468 | Zig:23   | Killed Doablel the pandemonium lord
 84468 | Zig:23   | Killed Gurengeps the pandemonium lord
 84470 | Zig:23   | Noticed Qiduagod the pandemonium lord
 84470 | Zig:23   | Noticed Nuon the pandemonium lord
 84471 | Zig:23   | Noticed Bosef the pandemonium lord
 84473 | Zig:23   | Killed Nuon the pandemonium lord
 84475 | Zig:23   | Killed Qiduagod the pandemonium lord
 84475 | Zig:23   | Killed Ryotz the pandemonium lord
 84475 | Zig:23   | Killed Mahej the pandemonium lord
 84475 | Zig:23   | Killed Kailyxo the pandemonium lord
 84475 | Zig:23   | Noticed Luroibol the pandemonium lord
 84476 | Zig:23   | Killed Bosef the pandemonium lord
 84477 | Zig:23   | Killed Luroibol the pandemonium lord
 84479 | Zig:23   | Noticed Foru Zig the pandemonium lord
 84480 | Zig:23   | Noticed Xyxuh the pandemonium lord
 84481 | Zig:23   | Killed Xyxuh the pandemonium lord
 84483 | Zig:23   | Noticed Zeurod Fyrre the pandemonium lord
 84484 | Zig:23   | Noticed Othe the pandemonium lord
 84485 | Zig:23   | Noticed Iwurophow the pandemonium lord
 84486 | Zig:23   | Noticed Lupuwkui the pandemonium lord
 84487 | Zig:23   | Killed Othe the pandemonium lord
 84487 | Zig:23   | Killed Zeurod Fyrre the pandemonium lord
 84487 | Zig:23   | Noticed Liede the pandemonium lord
 84488 | Zig:23   | Noticed Umnofeti the pandemonium lord
 84488 | Zig:23   | Killed Foru Zig the pandemonium lord
 84489 | Zig:23   | Killed Lupuwkui the pandemonium lord
 84489 | Zig:23   | Killed Iwurophow the pandemonium lord
 84489 | Zig:23   | Noticed Dibucs the pandemonium lord
 84491 | Zig:23   | Killed Liede the pandemonium lord
 84491 | Zig:23   | Killed Tawagreqo the pandemonium lord
 84493 | Zig:23   | Killed Dibucs the pandemonium lord
 84494 | Zig:23   | Killed Umnofeti the pandemonium lord
 84495 | Zig:23   | Noticed Gaibba Pain the pandemonium lord
 84497 | Zig:23   | Killed Gaibba Pain the pandemonium lord
 84500 | Zig:23   | Noticed Jaotulad the pandemonium lord
 84502 | Zig:23   | Killed Jaotulad the pandemonium lord
 84552 | Zig:23   | Identified the +2 robe "Xyivunes" {Stlth+}
 84717 | Zig:24   | Entered Level 24 of a ziggurat
 84800 | Zig:24   | Found the +3 woodcutter's axe {vorpal}
 84804 | Zig:24   | Identified the +1 robe of Lies {rF+++ Will+++ Int-3 Dex+3}
 84822 | Zig:24   | Identified the +2 mace of the Two Names {vorpal, Fly rF+
                  | MP+9}
 84832 | Zig:24   | Identified the +1 robe of Viogeav {rC++ rN+ Int+2 Dex-4}
 84846 | Zig:24   | Identified the +10 whip of Vaejigar {speed, Int+6 Dex+3}
 84966 | Zig:25   | Entered Level 25 of a ziggurat
 85062 | Zig:25   | Identified the +2 flail of Noon {speed, rF+ Int-3 Dex+5
                  | Stlth+}
 85064 | Zig:25   | Identified the +0 pair of boots of Hedonism {+Blink}
 85068 | Zig:25   | Identified the ring "Uzetosso" {rN+ Dex+2}
 85070 | Zig:25   | Identified the +7 dagger of Dismemberment {protect, Dex+8}
 85080 | Zig:25   | Identified the +6 plate armour of Lust {Harm Int-4 Slay+6}
 85176 | Zig:26   | Entered Level 26 of a ziggurat
 85190 | Zig:26   | Noticed a dread lich
 85193 | Zig:26   | Killed a dread lich
 85193 | Zig:26   | Noticed a dread lich
 85194 | Zig:26   | Noticed an ancient lich
 85195 | Zig:26   | Noticed an ancient lich
 85196 | Zig:26   | Killed a dread lich
 85196 | Zig:26   | Killed an ancient lich
 85197 | Zig:26   | Killed an ancient lich
 85198 | Zig:26   | Noticed an ancient lich
 85198 | Zig:26   | Noticed a dread lich
 85199 | Zig:26   | Noticed a dread lich
 85199 | Zig:26   | Noticed an ancient lich
 85201 | Zig:26   | Killed a dread lich
 85201 | Zig:26   | Killed a dread lich
 85201 | Zig:26   | Killed an ancient lich
 85201 | Zig:26   | Noticed a dread lich
 85202 | Zig:26   | Killed an ancient lich
 85202 | Zig:26   | Noticed an ancient lich
 85202 | Zig:26   | Noticed an ancient lich
 85203 | Zig:26   | Killed a dread lich
 85203 | Zig:26   | Killed an ancient lich
 85203 | Zig:26   | Noticed an ancient lich
 85203 | Zig:26   | Noticed an ancient lich
 85204 | Zig:26   | Noticed a dread lich
 85204 | Zig:26   | Killed an ancient lich
 85205 | Zig:26   | Killed an ancient lich
 85205 | Zig:26   | Killed an ancient lich
 85206 | Zig:26   | Noticed a dread lich
 85207 | Zig:26   | Killed a dread lich
 85207 | Zig:26   | Killed a dread lich
 85207 | Zig:26   | Noticed an ancient lich
 85208 | Zig:26   | Killed an ancient lich
 85209 | Zig:26   | Noticed a dread lich
 85210 | Zig:26   | Noticed a dread lich
 85213 | Zig:26   | Killed a dread lich
 85213 | Zig:26   | Killed a dread lich
 85238 | Zig:26   | Identified the +7 plate armour of Hopscotch {rCorr Str+3}
 85241 | Zig:26   | Identified the amulet "Yfferio" {Reflect rN+ Int+2 Dex+3
                  | SH+5}
 85244 | Zig:26   | Identified the amulet "Efyed" {rElec Regen+ Dex+7}
 85252 | Zig:26   | Identified the amulet "Umenicw" {Faith rElec rC+ Int-4}
 85328 | Zig:27   | Entered Level 27 of a ziggurat
 85343 | Zig:27   | Paralysed by a wendigo for 1 turns
 85349 | Zig:27   | Noticed a dread lich
 85350 | Zig:27   | Noticed a dread lich
 85352 | Zig:27   | Killed a dread lich
 85352 | Zig:27   | Killed a dread lich
 85391 | Zig:27   | Identified the +5 chain mail "Beatiegg" {Regen+ Str+5
                  | Stlth+}
 85393 | Zig:27   | Acquired 899 gold pieces
 85394 | Zig:27   | Acquired a manual of Staves
 85400 | Zig:27   | Identified the ring "Tuf Puro" {rN+ EV+4 Str+3}
 85408 | Zig:27   | Identified the ring "Zaig" {rElec rC- rN+ Dex+7}
 85566 | Zig:1    | Entered Level 1 of a ziggurat
 85584 | Zig:2    | Entered Level 2 of a ziggurat
 85609 | Zig:3    | Entered Level 3 of a ziggurat
 85629 | Zig:4    | Entered Level 4 of a ziggurat
 85675 | Zig:5    | Entered Level 5 of a ziggurat
 85698 | Zig:5    | Identified the ring of Amofeomn {Fly rF++ rC- rCorr}
 85700 | Zig:5    | Identified the +1 ring mail of Housap {Harm Fly rF- Dex+7}
 85740 | Zig:6    | Entered Level 6 of a ziggurat
 85755 | Zig:6    | Identified the amulet "Jezxoici" {Regen+ Int+4}
 85777 | Zig:7    | Entered Level 7 of a ziggurat
 85809 | Zig:7    | Identified the +1 cloak "Dideud" {Rampage *Corrode SInv}
 85833 | Zig:8    | Entered Level 8 of a ziggurat
 85844 | Zig:8    | Found the amulet of the Air {Inacc Air Fly rElec RMsl}
 85855 | Zig:8    | Identified the ring "Fipnaoxul" {MP+9 Int+6 Stlth+}
 85904 | Zig:9    | Entered Level 9 of a ziggurat
 85938 | Zig:9    | Identified the +1 scale mail of Beogh's Fury {Harm rN+ MP-9
                  | SInv}
 85952 | Zig:10   | Entered Level 10 of a ziggurat
 85974 | Zig:10   | Identified the ring "Igetuez" {rElec rF- Will+ Int+6 Dex+5}
 86015 | Zig:11   | Entered Level 11 of a ziggurat
 86024 | Zig:11   | Paralysed by an air elemental for 1 turns
 86041 | Zig:11   | Identified the +3 leather armour "Veodud" {rPois Dex+3 SInv
                  | Stlth+}
 86047 | Zig:11   | Identified the ring "Wesuomu" {rN+ Int+3}
 86050 | Zig:11   | Identified the +10 hand axe of Trog's Felicitations
                  | {vorpal, *Corrode Fragile rN+ Dex+8}
 86093 | Zig:12   | Entered Level 12 of a ziggurat
 86101 | Zig:12   | Noticed Estri the pandemonium lord
 86104 | Zig:12   | Killed Estri the pandemonium lord
 86125 | Zig:12   | Reached skill level 10 in Stealth
 86145 | Zig:12   | Identified the +3 long sword of Analysis {flame, rN+ rCorr
                  | Int+3}
 86153 | Zig:12   | Identified the +7 whip "Onloppij" {vorpal, Dex+4}
 86164 | Zig:12   | Identified the +3 quarterstaff of Valour {freeze, Dex+3}
 86186 | Zig:13   | Entered Level 13 of a ziggurat
 86202 | Zig:13   | Reached skill level 15 in Stealth
 86220 | Zig:13   | Identified the +2 pair of gloves "Duxkamp" {Will+ Int+5
                  | Dex+2}
 86221 | Zig:13   | Identified the ring of Morutab {rF+ rN+ Will+}
 86252 | Zig:13   | Identified the +0 chain mail of the Mind {rN+ Dex+4 Stlth+}
 86296 | Zig:14   | Entered Level 14 of a ziggurat
 86319 | Zig:14   | Found the +3 giant club "Skullcrusher" {speed, Str+7}
 86333 | Zig:14   | Identified the ring "Fuhow" {Fly rN+ Dex+2}
 86362 | Zig:14   | Identified the +10 giant club of the Reaper {vamp, Fragile
                  | rN+ Will+ Stlth+}
 86382 | Zig:15   | Entered Level 15 of a ziggurat
 86416 | Zig:15   | Found the +10 Black Knight's barding {ponderous, rPois rN+}
 86436 | Zig:15   | Identified the +6 mace of Sulphur {flame, *Noise Fly Dex+4
                  | Stlth+}
 86442 | Zig:15   | Identified the amulet of Tyxonwi {Reflect rPois SH+5}
 86445 | Zig:15   | Identified the +7 short sword of Qeweoptisu {elec, rF-
                  | Int+7 SInv}
 86466 | Zig:16   | Entered Level 16 of a ziggurat
 86477 | Zig:16   | Noticed a dread lich
 86481 | Zig:16   | Killed a dread lich
 86486 | Zig:16   | Noticed an ancient lich
 86488 | Zig:16   | Killed an ancient lich
 86488 | Zig:16   | Noticed an ancient lich
 86491 | Zig:16   | Killed an ancient lich
 86518 | Zig:16   | Identified the ring "Gotostry" {rPois rF+ rC+ Str+4}
 86538 | Zig:16   | Identified the +1 chain mail of the Mind {Int+2}
 86572 | Zig:17   | Entered Level 17 of a ziggurat
 86596 | Zig:17   | Found the +1 cloak of Starlight {*Dazzle EV+4 Stlth--}
 86598 | Zig:17   | Found the +10 morningstar "Eos" {elec, Halo rElec}
 86663 | Zig:18   | Entered Level 18 of a ziggurat
 86719 | Zig:18   | Identified the +2 rapier of Valiance {flame, Str+4}
 86725 | Zig:18   | Identified the ring "Paxegur" {MP+9 Dex+2 Slay+3}
 86727 | Zig:18   | Identified the +9 falchion of Equilibrium {holy, rC+ rN+}
 86735 | Zig:18   | Identified the +3 mace "Ynluum" {freeze, rElec}
 86738 | Zig:18   | Identified the +4 battleaxe "Avoan" {freeze, rC- Str+4
                  | Dex+5 Stlth+}
 86754 | Zig:18   | Identified the +7 long sword "Takhun" {vamp, rPois rCorr
                  | Int-4}
 86769 | Zig:19   | Entered Level 19 of a ziggurat
 86824 | Zig:19   | Noticed Vynn the pandemonium lord
 86826 | Zig:19   | Killed Vynn the pandemonium lord
 86829 | Zig:19   | Reached skill level 27 in Fighting
 86905 | Zig:19   | Identified the +8 dagger of Equilibrium {spect, Int+4
                  | Dex+4}
 86910 | Zig:19   | Identified the +3 whip of Fedhas's Grace {elec, rF+ MP+9
                  | Int+3 Dex-4}
 86917 | Zig:19   | Identified the +8 flail of War {antimagic, rF++ rN+ Will-
                  | Int+3}
 86922 | Zig:19   | Identified the +7 rapier of the Freezing Gods {protect,
                  | rElec rCorr MP+9 Int-5}
 86934 | Zig:19   | Identified the amulet "Osillug" {Spirit Rampage rF+ Int+4}
 86950 | Zig:19   | Lost mutation: You are mostly covered in iridescent scales.
                  | (AC +4) [potion of mutation]
 86950 | Zig:19   | Lost mutation: You have an increased reservoir of magic.
                  | (+10% MP) [potion of mutation]
 86950 | Zig:19   | Lost mutation: Your mind is acute. (Int +4, Str/Dex -1)
                  | [potion of mutation]
 86950 | Zig:19   | Gained mutation: You are weak. (Str -2) [potion of
                  | mutation]
 86951 | Zig:19   | Lost mutation: You are partially covered in iridescent
                  | scales. (AC +2) [potion of mutation]
 86951 | Zig:19   | Lost mutation: You are weak. (Str -2) [potion of mutation]
 86951 | Zig:19   | Gained mutation: Your spells are a little harder to cast,
                  | but a little more powerful. [potion of mutation]
 86952 | Zig:19   | Lost mutation: Your spells are a little harder to cast, but
                  | a little more powerful. [potion of mutation]
 86952 | Zig:19   | Gained mutation: You occasionally lose the ability to read
                  | scrolls when taking damage. [potion of mutation]
 86952 | Zig:19   | Gained mutation: You have large cloven feet. [potion of
                  | mutation]
 86952 | Zig:19   | Gained mutation: You are weak. (Str -2) [potion of
                  | mutation]
 86952 | Zig:19   | Gained mutation: You are robust. (+10% HP) [potion of
                  | mutation]
 86953 | Zig:19   | Lost mutation: You occasionally lose the ability to read
                  | scrolls when taking damage. [potion of mutation]
 86953 | Zig:19   | Lost mutation: You are robust. (+10% HP) [potion of
                  | mutation]
 86953 | Zig:19   | Lost mutation: You have large cloven feet. [potion of
                  | mutation]
 86953 | Zig:19   | Gained mutation: You are occasionally teleported next to
                  | monsters. [potion of mutation]
 86953 | Zig:19   | Gained mutation: You have a pair of small horns on your
                  | head. [potion of mutation]
 86953 | Zig:19   | Gained mutation: You are strong-willed. (Will+) [potion of
                  | mutation]
 86954 | Zig:19   | Lost mutation: You are weak. (Str -2) [potion of mutation]
 86954 | Zig:19   | Lost mutation: You are strong-willed. (Will+) [potion of
                  | mutation]
 86954 | Zig:19   | Gained mutation: You have a pair of horns on your head.
                  | [potion of mutation]
 86954 | Zig:19   | Gained mutation: Your spells are a little harder to cast,
                  | but a little more powerful. [potion of mutation]
 86955 | Zig:19   | Lost mutation: Your spells are a little harder to cast, but
                  | a little more powerful. [potion of mutation]
 86955 | Zig:19   | Lost mutation: You are occasionally teleported next to
                  | monsters. [potion of mutation]
 86955 | Zig:19   | Gained mutation: Your spells are a little harder to cast,
                  | but a little more powerful. [potion of mutation]
 86956 | Zig:19   | Lost mutation: You have a pair of horns on your head.
                  | [potion of mutation]
 86956 | Zig:19   | Lost mutation: You have a pair of small horns on your head.
                  | [potion of mutation]
 86956 | Zig:19   | Gained mutation: You are partially covered in iridescent
                  | scales. (AC +2) [potion of mutation]
 86956 | Zig:19   | Gained mutation: A frigid envelope surrounds you and
                  | freezes all who hurt you. [potion of mutation]
 86957 | Zig:19   | Lost mutation: A frigid envelope surrounds you and freezes
                  | all who hurt you. [potion of mutation]
 86957 | Zig:19   | Lost mutation: Your spells are a little harder to cast, but
                  | a little more powerful. [potion of mutation]
 86957 | Zig:19   | Lost mutation: You are partially covered in iridescent
                  | scales. (AC +2) [potion of mutation]
 86957 | Zig:19   | Gained mutation: Your magical capacity is low. (-10% MP)
                  | [potion of mutation]
 86958 | Zig:19   | Lost mutation: Your magical capacity is low. (-10% MP)
                  | [potion of mutation]
 86958 | Zig:19   | Gained mutation: You are weak. (Str -2) [potion of
                  | mutation]
 86958 | Zig:19   | Gained mutation: You sometimes lose your temper in combat.
                  | [potion of mutation]
 86958 | Zig:19   | Gained mutation: You are agile. (Dex +4, Str/Int -1)
                  | [potion of mutation]
 86958 | Zig:19   | Gained mutation: You expend magic power (3 MP) to
                  | strengthen your wands. [potion of mutation]
 86959 | Zig:19   | Lost mutation: You are agile. (Dex +4, Str/Int -1) [potion
                  | of mutation]
 86959 | Zig:19   | Lost mutation: You expend magic power (3 MP) to strengthen
                  | your wands. [potion of mutation]
 86959 | Zig:19   | Gained mutation: Your body sometimes deteriorates upon
                  | taking damage. [potion of mutation]
 86959 | Zig:19   | Gained mutation: You are somewhat resistant to further
                  | mutation. [potion of mutation]
 86959 | Zig:19   | Gained mutation: You have sharp toenails. [potion of
                  | mutation]
 86960 | Zig:19   | Lost mutation: You sometimes lose your temper in combat.
                  | [potion of mutation]
 86960 | Zig:19   | Lost mutation: You are somewhat resistant to further
                  | mutation. [potion of mutation]
 86960 | Zig:19   | Gained mutation: You are clumsy. (Dex -2) [potion of
                  | mutation]
 86961 | Zig:19   | Lost mutation: You have sharp toenails. [potion of
                  | mutation]
 86961 | Zig:19   | Lost mutation: You are clumsy. (Dex -2) [potion of
                  | mutation]
 86961 | Zig:19   | Gained mutation: Your spells are a little easier to cast,
                  | but a little less powerful. [potion of mutation]
 86961 | Zig:19   | Gained mutation: You occasionally lose the ability to read
                  | scrolls when taking damage. [potion of mutation]
 86962 | Zig:19   | Lost mutation: You occasionally lose the ability to read
                  | scrolls when taking damage. [potion of mutation]
 86962 | Zig:19   | Lost mutation: You are weak. (Str -2) [potion of mutation]
 86962 | Zig:19   | Gained mutation: Your movements are slightly less
                  | encumbered by armour. (ER -2) [potion of mutation]
 86963 | Zig:19   | Lost mutation: Your movements are slightly less encumbered
                  | by armour. (ER -2) [potion of mutation]
 86963 | Zig:19   | Lost mutation: Your body sometimes deteriorates upon taking
                  | damage. [potion of mutation]
 86963 | Zig:19   | Lost mutation: Your spells are a little easier to cast, but
                  | a little less powerful. [potion of mutation]
 86963 | Zig:19   | Gained mutation: You have hidden genetic potential. [potion
                  | of mutation]
 86965 | Zig:19   | Lost mutation: You have hidden genetic potential. [potion
                  | of mutation]
 86965 | Zig:19   | Gained mutation: You have a pair of small antennae on your
                  | head. [potion of mutation]
 86965 | Zig:19   | Gained mutation: You are partially covered in iridescent
                  | scales. (AC +2) [potion of mutation]
 86965 | Zig:19   | Gained mutation: You have large cloven feet. [potion of
                  | mutation]
 86965 | Zig:19   | Gained mutation: You have a pair of antennae on your head.
                  | [potion of mutation]
 86966 | Zig:19   | Lost mutation: You are partially covered in iridescent
                  | scales. (AC +2) [potion of mutation]
 86966 | Zig:19   | Lost mutation: You have a pair of antennae on your head.
                  | [potion of mutation]
 86966 | Zig:19   | Lost mutation: You have a pair of small antennae on your
                  | head. [potion of mutation]
 86966 | Zig:19   | Gained mutation: A frigid envelope surrounds you and
                  | freezes all who hurt you. [potion of mutation]
 86966 | Zig:19   | Gained mutation: You occasionally lose the ability to read
                  | scrolls when taking damage. [potion of mutation]
 86967 | Zig:19   | Lost mutation: A frigid envelope surrounds you and freezes
                  | all who hurt you. [potion of mutation]
 86967 | Zig:19   | Lost mutation: You have large cloven feet. [potion of
                  | mutation]
 86967 | Zig:19   | Gained mutation: Your body sometimes deteriorates upon
                  | taking damage. [potion of mutation]
 86967 | Zig:19   | Gained mutation: You expend magic power (3 MP) to
                  | strengthen your wands. [potion of mutation]
 86967 | Zig:19   | Lost mutation: Your body sometimes deteriorates upon taking
                  | damage. [potion of mutation]
 86968 | Zig:19   | Lost mutation: You occasionally lose the ability to read
                  | scrolls when taking damage. [potion of mutation]
 86968 | Zig:19   | Lost mutation: You expend magic power (3 MP) to strengthen
                  | your wands. [potion of mutation]
 86968 | Zig:19   | Gained mutation: You are agile. (Dex +4, Str/Int -1)
                  | [potion of mutation]
 86968 | Zig:19   | Gained mutation: You occasionally lose the ability to read
                  | scrolls when taking damage. [potion of mutation]
 86968 | Zig:19   | Gained mutation: Your muscles are strong. (Str +4, Int/Dex
                  | -1) [potion of mutation]
 86969 | Zig:19   | Lost mutation: You occasionally lose the ability to read
                  | scrolls when taking damage. [potion of mutation]
 86969 | Zig:19   | Lost mutation: You are agile. (Dex +4, Str/Int -1) [potion
                  | of mutation]
 86969 | Zig:19   | Lost mutation: Your muscles are strong. (Str +4, Int/Dex
                  | -1) [potion of mutation]
 86969 | Zig:19   | Gained mutation: You are agile. (Dex +4, Str/Int -1)
                  | [potion of mutation]
 86969 | Zig:19   | Gained mutation: Your magical capacity is low. (-10% MP)
                  | [potion of mutation]
 86969 | Zig:19   | Gained mutation: You are weak. (Str -2) [potion of
                  | mutation]
 86969 | Zig:19   | Lost mutation: You are weak. (Str -2) [potion of mutation]
 86970 | Zig:19   | Lost mutation: You are agile. (Dex +4, Str/Int -1) [potion
                  | of mutation]
 86970 | Zig:19   | Lost mutation: Your magical capacity is low. (-10% MP)
                  | [potion of mutation]
 86970 | Zig:19   | Gained mutation: Your mind is acute. (Int +4, Str/Dex -1)
                  | [potion of mutation]
 86970 | Zig:19   | Gained mutation: You are partially covered in iridescent
                  | scales. (AC +2) [potion of mutation]
 86970 | Zig:19   | Gained mutation: Your body sometimes deteriorates upon
                  | taking damage. [potion of mutation]
 86971 | Zig:19   | Lost mutation: You are partially covered in iridescent
                  | scales. (AC +2) [potion of mutation]
 86971 | Zig:19   | Lost mutation: Your mind is acute. (Int +4, Str/Dex -1)
                  | [potion of mutation]
 86971 | Zig:19   | Gained mutation: You are frail. (-10% HP) [potion of
                  | mutation]
 86971 | Zig:19   | Gained mutation: You occasionally shout uncontrollably at
                  | your foes. [potion of mutation]
 86971 | Zig:19   | Gained mutation: You possess an exceptional clarity of
                  | mind. [potion of mutation]
 86972 | Zig:19   | Lost mutation: You occasionally shout uncontrollably at
                  | your foes. [potion of mutation]
 86972 | Zig:19   | Lost mutation: You possess an exceptional clarity of mind.
                  | [potion of mutation]
 86972 | Zig:19   | Lost mutation: You are frail. (-10% HP) [potion of
                  | mutation]
 86973 | Zig:19   | Lost mutation: Your body sometimes deteriorates upon taking
                  | damage. [potion of mutation]
 86973 | Zig:19   | Gained mutation: Your spells are a little easier to cast,
                  | but a little less powerful. [potion of mutation]
 86973 | Zig:19   | Gained mutation: You passively map a small area around you.
                  | [potion of mutation]
 86973 | Zig:19   | Gained mutation: You are agile. (Dex +4, Str/Int -1)
                  | [potion of mutation]
 86974 | Zig:19   | Lost mutation: You are agile. (Dex +4, Str/Int -1) [potion
                  | of mutation]
 86974 | Zig:19   | Lost mutation: Your spells are a little easier to cast, but
                  | a little less powerful. [potion of mutation]
 86974 | Zig:19   | Gained mutation: You are partially covered in iridescent
                  | scales. (AC +2) [potion of mutation]
 86974 | Zig:19   | Gained mutation: Your muscles are strong. (Str +4, Int/Dex
                  | -1) [potion of mutation]
 86974 | Zig:19   | Gained mutation: Your mind is acute. (Int +4, Str/Dex -1)
                  | [potion of mutation]
 86974 | Zig:19   | Gained mutation: You are strong-willed. (Will+) [potion of
                  | mutation]
 86992 | Zig:20   | Entered Level 20 of a ziggurat
 87020 | Zig:20   | Found the +8 mithril axe "Arga" {speed, Will+}
 87058 | Zig:20   | Identified the ring "Pybratz" {rF+ Str+2 Int+7 Dex-5
                  | Slay-4}
 87061 | Zig:20   | Identified the +5 great mace "Worm's Wrath" {vamp, *Corrode
                  | rF+ rC++ MP-9}
 87088 | Zig:20   | Identified the +0 scale mail of the Shoals {rN+}
 87113 | Zig:21   | Entered Level 21 of a ziggurat
 87121 | Zig:21   | Noticed a royal mummy
 87121 | Zig:21   | Noticed a royal mummy
 87124 | Zig:21   | Killed a royal mummy
 87126 | Zig:21   | Killed a royal mummy
 87128 | Zig:21   | Noticed a royal mummy
 87128 | Zig:21   | Noticed a royal mummy
 87128 | Zig:21   | Noticed a royal mummy
 87128 | Zig:21   | Noticed a royal mummy
 87129 | Zig:21   | Noticed a royal mummy
 87130 | Zig:21   | Killed a royal mummy
 87130 | Zig:21   | Killed a royal mummy
 87131 | Zig:21   | Killed a royal mummy
 87131 | Zig:21   | Killed a royal mummy
 87131 | Zig:21   | Killed a royal mummy
 87131 | Zig:21   | Noticed a royal mummy
 87131 | Zig:21   | Noticed a royal mummy
 87132 | Zig:21   | Killed a royal mummy
 87132 | Zig:21   | Noticed a royal mummy
 87132 | Zig:21   | Noticed a royal mummy
 87135 | Zig:21   | Killed a royal mummy
 87136 | Zig:21   | Killed a royal mummy
 87136 | Zig:21   | Killed a royal mummy
 87136 | Zig:21   | Noticed a royal mummy
 87136 | Zig:21   | Noticed a royal mummy
 87138 | Zig:21   | Killed a royal mummy
 87138 | Zig:21   | Killed a royal mummy
 87138 | Zig:21   | Noticed an ancient lich
 87138 | Zig:21   | Noticed a royal mummy
 87139 | Zig:21   | Noticed a royal mummy
 87139 | Zig:21   | Noticed a royal mummy
 87140 | Zig:21   | Killed an ancient lich
 87140 | Zig:21   | Noticed a royal mummy
 87140 | Zig:21   | Noticed a royal mummy
 87141 | Zig:21   | Killed a royal mummy
 87141 | Zig:21   | Killed a royal mummy
 87142 | Zig:21   | Killed a royal mummy
 87142 | Zig:21   | Killed a royal mummy
 87142 | Zig:21   | Killed a royal mummy
 87144 | Zig:21   | Noticed a royal mummy
 87146 | Zig:21   | Noticed a royal mummy
 87146 | Zig:21   | Noticed a royal mummy
 87147 | Zig:21   | Killed a royal mummy
 87148 | Zig:21   | Killed a royal mummy
 87149 | Zig:21   | Killed a royal mummy
 87154 | Zig:21   | Noticed a royal mummy
 87158 | Zig:21   | Killed a royal mummy
 87159 | Zig:21   | Reached skill level 27 in Spellcasting
 87224 | Zig:21   | Identified the +0 great sword of Perversion {holy, Int+6}
 87226 | Zig:21   | Identified the +3 chain mail of Avvo {rF+}
 87229 | Zig:21   | Identified the +7 trident "Lozi" {freeze, rElec rF++ rCorr
                  | Int-4}
 87260 | Zig:22   | Entered Level 22 of a ziggurat
 87287 | Zig:22   | Reached skill level 27 in Armour
 87294 | Zig:22   | Noticed Weavvit the pandemonium lord
 87297 | Zig:22   | Killed Weavvit the pandemonium lord
 87299 | Zig:22   | Reached skill level 27 in Shields
 87306 | Zig:22   | Reached skill level 27 in Dodging
 87327 | Zig:22   | Identified the +8 great sword of Inconvenience {freeze, rF-
                  | Str+5}
 87345 | Zig:22   | Identified the ring "Jisicau" {rF+ rC+ Dex+6}
 87400 | Zig:22   | Acquired a manual of Staves
 87402 | Zig:22   | Acquired 1215 gold pieces
 87404 | Zig:22   | Acquired 872 gold pieces
 87405 | Zig:22   | Acquired 746 gold pieces
 87429 | Zig:23   | Entered Level 23 of a ziggurat
 87450 | Zig:23   | Noticed a dread lich
 87452 | Zig:23   | Killed a dread lich
 87454 | Zig:23   | Reached skill level 27 in Necromancy
 87493 | Zig:23   | Found the +5 sword of Power {vorpal}
 87495 | Zig:23   | Found the +8 longbow "Zephyr" {speed, Dex+3 SInv}
 87513 | Zig:23   | Identified the +9 spear of the Establishment {pain, Fragile
                  | rN+ MP+9 Stlth+}
 87526 | Zig:23   | Identified the ring "Wakhe" {rN++ Int+4 Dex+6}
 87528 | Zig:23   | Identified the ring of the Magpie {Int+6 Dex+3}
 87549 | Zig:23   | Identified the +9 quarterstaff of Honour {vorpal, rPois}
 87551 | Zig:23   | Identified the +8 lajatang of Gesiuhi {flame, rElec rF+
                  | Str+5 Int-2}
 87561 | Zig:23   | Identified the amulet of Tefuuss {Spirit rElec rC+}
 87594 | Zig:24   | Entered Level 24 of a ziggurat
 87624 | Zig:24   | Reached skill level 27 in Earth Magic
 87631 | Zig:24   | Reached skill level 27 in Conjurations
 87662 | Zig:24   | Identified the +8 arbalest of Pisteth {freeze, rElec rCorr}
 87688 | Zig:24   | Identified the +1 crystal plate armour of Xuwk {Rampage
                  | rElec rN+ Will+}
 87689 | Zig:24   | Identified the +5 dagger of Infinite Pain {distort, rElec
                  | rPois rF+ Dex+3}
 87708 | Zig:24   | Identified the +1 mace "Beetle's Demise" {vorpal, rElec
                  | Str+4 Dex-4}
 87714 | Zig:24   | Reached skill level 27 in Fire Magic
 87714 | Zig:24   | Reached skill level 27 in Ice Magic
 87715 | Zig:24   | Reached skill level 27 in Air Magic
 87720 | Zig:25   | Entered Level 25 of a ziggurat
 87732 | Zig:25   | Noticed a dread lich
 87733 | Zig:25   | Noticed a dread lich
 87735 | Zig:25   | Killed a dread lich
 87735 | Zig:25   | Killed a dread lich
 87737 | Zig:25   | Noticed an ancient lich
 87737 | Zig:25   | Noticed a dread lich
 87738 | Zig:25   | Noticed an ancient lich
 87739 | Zig:25   | Killed a dread lich
 87739 | Zig:25   | Killed an ancient lich
 87739 | Zig:25   | Killed an ancient lich
 87741 | Zig:25   | Noticed a dread lich
 87742 | Zig:25   | Noticed a dread lich
 87743 | Zig:25   | Killed a dread lich
 87743 | Zig:25   | Noticed an ancient lich
 87743 | Zig:25   | Noticed an ancient lich
 87745 | Zig:25   | Killed a dread lich
 87745 | Zig:25   | Killed an ancient lich
 87745 | Zig:25   | Noticed a dread lich
 87746 | Zig:25   | Killed an ancient lich
 87747 | Zig:25   | Noticed an ancient lich
 87748 | Zig:25   | Killed a dread lich
 87749 | Zig:25   | Killed an ancient lich
 87751 | Zig:25   | Noticed an ancient lich
 87753 | Zig:25   | Killed an ancient lich
 87753 | Zig:25   | Noticed an ancient lich
 87754 | Zig:25   | Reached skill level 27 in Evocations
 87754 | Zig:25   | Noticed a dread lich
 87755 | Zig:25   | Noticed a dread lich
 87756 | Zig:25   | Killed an ancient lich
 87756 | Zig:25   | Killed a dread lich
 87757 | Zig:25   | Killed a dread lich
 87759 | Zig:25   | Noticed an ancient lich
 87759 | Zig:25   | Killed an ancient lich
 87760 | Zig:25   | Noticed an ancient lich
 87761 | Zig:25   | Noticed an ancient lich
 87762 | Zig:25   | Noticed an ancient lich
 87763 | Zig:25   | Killed an ancient lich
 87764 | Zig:25   | Killed an ancient lich
 87764 | Zig:25   | Killed an ancient lich
 87806 | Zig:25   | Identified the +2 leather armour of Obivvot {Str+4 Int+3}
 87807 | Zig:25   | Identified the +3 leather armour of Fashionability {Slay+2}
 87812 | Zig:25   | Identified the amulet of Puqazorph {Acrobat Fragile Int+4
                  | Slay+2}
 87817 | Zig:25   | Identified the +5 war axe "Jumutenu" {venom, rElec Will+
                  | Str-2 Dex+4}
 87854 | Zig:25   | Identified the +4 sling of the Shining Light {freeze, rC-
                  | Int+7}
 87856 | Zig:25   | Identified the ring "Togopp" {Fly Dex+4 Slay+2}
 87859 | Zig:25   | Identified the ring "Wun Vei" {Fire Str+2}
 87886 | Zig:26   | Entered Level 26 of a ziggurat
 87977 | Zig:26   | Identified the +5 mace of Resourcefulness {elec, rElec rF-
                  | rN+ Will+}
 87981 | Zig:26   | Identified the ring of Beorich {rElec rF+ rC- Will+ Int+6}
 87992 | Zig:26   | Identified the +10 trident "Luloi" {vorpal, Dex+9}
 88024 | Zig:27   | Entered Level 27 of a ziggurat
 88069 | Zig:27   | Reached skill level 27 in Throwing
 88101 | Zig:27   | Identified the ring of Anaadouk {rElec rPois rC- rN+ Str+6}
 88106 | Zig:27   | Identified the amulet of Attitude {Reflect Harm rN+ Str-5
                  | SH+5}
 88107 | Zig:27   | Identified the ring "Orirotz" {Dex+2 SInv}
 88109 | Zig:27   | Identified the amulet "Biraf" {Reflect rElec rC+ MP+9 SH+5}
 88111 | Zig:27   | Identified the +2 leather armour "Waibemar" {Rampage rN+
                  | Regen+ Str+4}
 88165 | Zig:1    | Entered Level 1 of a ziggurat
 88165 | Zig:1    | Noticed Moqoi the pandemonium lord
 88168 | Zig:1    | Killed Moqoi the pandemonium lord
 88174 | Zig:1    | Identified the +2 scale mail "Nootul" {rElec}
 88192 | Zig:2    | Entered Level 2 of a ziggurat
 88207 | Zig:3    | Entered Level 3 of a ziggurat
 88218 | Zig:3    | Identified the +3 sling "Gyanim" {freeze, Dex+4}
 88232 | Zig:4    | Entered Level 4 of a ziggurat
 88265 | Zig:5    | Entered Level 5 of a ziggurat
 88287 | Zig:5    | Identified the +0 ring mail of Nesmot {rF+ Str+4 SInv}
 88291 | Zig:5    | Identified the ring of Opijuuse {Ice rN+}
 88325 | Zig:6    | Entered Level 6 of a ziggurat
 88327 | Zig:6    | Reached skill level 15 in Staves
 88327 | Zig:6    | Noticed a royal mummy
 88327 | Zig:6    | Noticed a royal mummy
 88331 | Zig:6    | Killed a royal mummy
 88333 | Zig:6    | Killed a royal mummy
 88351 | Zig:6    | Identified the +8 trident "Osokkan" {vorpal, *Slow rC+
                  | rCorr}
 88373 | Zig:7    | Entered Level 7 of a ziggurat
 88378 | Zig:7    | Reached skill level 27 in Stealth
 88388 | Zig:7    | Identified the ring of Meci {Will+ MP+9 Int+6}
 88393 | Zig:7    | Identified the +5 great mace of Nucvusouz {elec, Str+5}
 88401 | Zig:7    | Identified the ring "Waqerch" {rF+ rCorr}
 88424 | Zig:8    | Entered Level 8 of a ziggurat
 88428 | Zig:8    | Noticed Awyiqeq the pandemonium lord
 88428 | Zig:8    | Noticed Ufiu the pandemonium lord
 88433 | Zig:8    | Noticed Pukhlykk the pandemonium lord
 88435 | Zig:8    | Killed Awyiqeq the pandemonium lord
 88435 | Zig:8    | Killed Pukhlykk the pandemonium lord
 88436 | Zig:8    | Killed Ufiu the pandemonium lord
 88442 | Zig:8    | Reached skill level 10 in Translocations
 88462 | Zig:8    | Found the ring of the Octopus King
 88469 | Zig:8    | Identified the +5 lajatang of Fywn {vamp, Will++ Dex+4}
 88482 | Zig:8    | Identified a ring of the Octopus King {rC+ HP+2 AC+2 EV+2
                  | SH+2}
 88506 | Zig:9    | Entered Level 9 of a ziggurat
 88510 | Zig:9    | Noticed Vyinysoz the pandemonium lord
 88511 | Zig:9    | Noticed Pisownol the pandemonium lord
 88511 | Zig:9    | Noticed Kanick the pandemonium lord
 88511 | Zig:9    | Noticed Acoungut the pandemonium lord
 88511 | Zig:9    | Noticed Bioluoca the pandemonium lord
 88514 | Zig:9    | Noticed Woav the pandemonium lord
 88515 | Zig:9    | Killed Kanick the pandemonium lord
 88515 | Zig:9    | Noticed Naoboz the pandemonium lord
 88515 | Zig:9    | Noticed Atint the pandemonium lord
 88516 | Zig:9    | Killed Acoungut the pandemonium lord
 88516 | Zig:9    | Killed Bioluoca the pandemonium lord
 88517 | Zig:9    | Killed Pisownol the pandemonium lord
 88517 | Zig:9    | Killed Woav the pandemonium lord
 88517 | Zig:9    | Killed Vyinysoz the pandemonium lord
 88519 | Zig:9    | Killed Atint the pandemonium lord
 88519 | Zig:9    | Noticed Kisau the pandemonium lord
 88520 | Zig:9    | Killed Naoboz the pandemonium lord
 88522 | Zig:9    | Killed Kisau the pandemonium lord
 88524 | Zig:9    | Noticed Uraph the pandemonium lord
 88526 | Zig:9    | Killed Uraph the pandemonium lord
 88558 | Zig:9    | Identified the +12 longbow of Kiwkemy {freeze, rElec rPois
                  | rN++ Stlth+}
 88597 | Zig:10   | Entered Level 10 of a ziggurat
 88603 | Zig:10   | Noticed an ancient lich
 88603 | Zig:10   | Noticed a dread lich
 88603 | Zig:10   | Noticed a dread lich
 88604 | Zig:10   | Noticed a dread lich
 88604 | Zig:10   | Killed a dread lich
 88604 | Zig:10   | Noticed a dread lich
 88605 | Zig:10   | Killed an ancient lich
 88606 | Zig:10   | Killed a dread lich
 88606 | Zig:10   | Killed a dread lich
 88606 | Zig:10   | Killed a dread lich
 88606 | Zig:10   | Noticed a dread lich
 88607 | Zig:10   | Noticed an ancient lich
 88608 | Zig:10   | Noticed an ancient lich
 88609 | Zig:10   | Killed an ancient lich
 88609 | Zig:10   | Killed an ancient lich
 88610 | Zig:10   | Killed a dread lich
 88659 | Zig:10   | Learned a level 8 spell: Disjunction
 88668 | Zig:11   | Entered Level 11 of a ziggurat
 88702 | Zig:11   | Identified the ring of Pupaun {+Blink rPois rC++ Slay+3}
 88715 | Zig:11   | Identified the +9 halberd of Broken Luck {holy, Will+}
 88729 | Zig:12   | Entered Level 12 of a ziggurat
 88741 | Zig:12   | Reached skill level 15 in Translocations
 88748 | Zig:12   | Found the +5 lochaber axe {reach-cleave, poleaxe}
 88766 | Zig:12   | Identified the ring of Trepidation {rPois AC+4 SInv}
 88792 | Zig:13   | Entered Level 13 of a ziggurat
 88847 | Zig:14   | Entered Level 14 of a ziggurat
 88861 | Zig:14   | Found the +0 mask of the Dragon {Will+ Slay+3 SInv}
 88926 | Zig:14   | Identified the amulet "Vuhomia" {RegenMP Str+3}
 88942 | Zig:14   | Identified the +6 sling "Vierry" {freeze, rF- rC+ Dex+5}
 88983 | Zig:15   | Entered Level 15 of a ziggurat
 89033 | Zig:15   | Identified the amulet "Afexzya" {Spirit *Slow rN+ Str+3
                  | Dex+8}
 89034 | Zig:15   | Identified the +4 leather armour of Trial and Error {rC+
                  | Str+6}
 89035 | Zig:15   | Identified the +2 sling of Jaatsirysm {venom, Dex+5}
 89041 | Zig:15   | Identified the +11 quarterstaff "Reqaerph" {venom, Str+3
                  | Dex+3}
 89050 | Zig:15   | Identified the +3 great sword of the Ten Things {vorpal,
                  | rF- rCorr Int+3 Stlth+}
 89056 | Zig:15   | Identified the +1 scimitar of Exquisite Death {vorpal,
                  | rElec Str+5}
 89084 | Zig:16   | Entered Level 16 of a ziggurat
 89091 | Zig:16   | Noticed a royal mummy
 89092 | Zig:16   | Noticed a royal mummy
 89094 | Zig:16   | Killed a royal mummy
 89094 | Zig:16   | Noticed a royal mummy
 89095 | Zig:16   | Killed a royal mummy
 89095 | Zig:16   | Noticed a royal mummy
 89096 | Zig:16   | Noticed a royal mummy
 89097 | Zig:16   | Noticed a royal mummy
 89097 | Zig:16   | Noticed a royal mummy
 89099 | Zig:16   | Killed a royal mummy
 89099 | Zig:16   | Killed a royal mummy
 89100 | Zig:16   | Killed a royal mummy
 89100 | Zig:16   | Killed a royal mummy
 89100 | Zig:16   | Killed a royal mummy
 89100 | Zig:16   | Noticed a royal mummy
 89100 | Zig:16   | Noticed a royal mummy
 89100 | Zig:16   | Noticed a royal mummy
 89102 | Zig:16   | Noticed a royal mummy
 89103 | Zig:16   | Noticed a royal mummy
 89103 | Zig:16   | Killed a royal mummy
 89104 | Zig:16   | Killed a royal mummy
 89104 | Zig:16   | Killed a royal mummy
 89104 | Zig:16   | Killed a royal mummy
 89105 | Zig:16   | Noticed a royal mummy
 89106 | Zig:16   | Killed a royal mummy
 89108 | Zig:16   | Killed a royal mummy
 89145 | Zig:16   | Identified the +9 spear "Cymej" {vorpal, *Slow Dex+6
                  | Stlth+}
 89166 | Zig:16   | Identified the +1 spear of Oenomania {speed, Drain rN+
                  | Dex+2}
 89170 | Zig:16   | Identified the +0 robe "Saepe" {Rampage rElec Str+3}
 89215 | Zig:17   | Entered Level 17 of a ziggurat
 89233 | Zig:17   | Noticed an ancient lich
 89234 | Zig:17   | Killed an ancient lich
 89234 | Zig:17   | Noticed a dread lich
 89235 | Zig:17   | Noticed an ancient lich
 89236 | Zig:17   | Killed an ancient lich
 89237 | Zig:17   | Noticed an ancient lich
 89238 | Zig:17   | Killed a dread lich
 89238 | Zig:17   | Killed an ancient lich
 89238 | Zig:17   | Noticed a dread lich
 89238 | Zig:17   | Noticed an ancient lich
 89240 | Zig:17   | Killed an ancient lich
 89241 | Zig:17   | Noticed an ancient lich
 89242 | Zig:17   | Killed a dread lich
 89242 | Zig:17   | Killed an ancient lich
 89243 | Zig:17   | Found the +9 heavy crossbow "Sniper" {vorpal, Acc+∞ SInv}
 89303 | Zig:17   | Identified the +10 shadow dragon scales of Dim Light {-Cast
                  | +Blink rC+ Stlth++++}
 89311 | Zig:17   | Identified the ring "Duevuics" {Int+6 Slay+2}
 89327 | Zig:18   | Entered Level 18 of a ziggurat
 89334 | Zig:18   | Noticed a royal mummy
 89335 | Zig:18   | Noticed a royal mummy
 89335 | Zig:18   | Noticed a royal mummy
 89336 | Zig:18   | Noticed a royal mummy
 89337 | Zig:18   | Killed a royal mummy
 89337 | Zig:18   | Killed a royal mummy
 89337 | Zig:18   | Noticed a royal mummy
 89337 | Zig:18   | Noticed a royal mummy
 89337 | Zig:18   | Noticed a royal mummy
 89337 | Zig:18   | Noticed a royal mummy
 89338 | Zig:18   | Killed a royal mummy
 89338 | Zig:18   | Noticed a royal mummy
 89338 | Zig:18   | Noticed a royal mummy
 89339 | Zig:18   | Killed a royal mummy
 89339 | Zig:18   | Killed a royal mummy
 89339 | Zig:18   | Killed a royal mummy
 89340 | Zig:18   | Killed a royal mummy
 89340 | Zig:18   | Killed a royal mummy
 89340 | Zig:18   | Killed a royal mummy
 89340 | Zig:18   | Killed a royal mummy
 89340 | Zig:18   | Noticed a royal mummy
 89340 | Zig:18   | Noticed a royal mummy
 89340 | Zig:18   | Noticed a royal mummy
 89340 | Zig:18   | Noticed a royal mummy
 89341 | Zig:18   | Noticed a royal mummy
 89342 | Zig:18   | Noticed a royal mummy
 89342 | Zig:18   | Noticed a royal mummy
 89342 | Zig:18   | Noticed a royal mummy
 89343 | Zig:18   | Killed a royal mummy
 89343 | Zig:18   | Killed a royal mummy
 89343 | Zig:18   | Killed a royal mummy
 89343 | Zig:18   | Killed a royal mummy
 89344 | Zig:18   | Reached skill level 27 in Translocations
 89344 | Zig:18   | Noticed a royal mummy
 89345 | Zig:18   | Noticed a royal mummy
 89345 | Zig:18   | Killed a royal mummy
 89345 | Zig:18   | Killed a royal mummy
 89345 | Zig:18   | Killed a royal mummy
 89345 | Zig:18   | Killed a royal mummy
 89346 | Zig:18   | Killed a royal mummy
 89346 | Zig:18   | Noticed a royal mummy
 89348 | Zig:18   | Killed a royal mummy
 89350 | Zig:18   | Killed a royal mummy
 89387 | Zig:18   | Identified the +1 plate armour of the Onion {rElec MP+9
                  | Str-3}
 89389 | Zig:18   | Identified the +11 scimitar "Acladop" {elec, Dex+10}
 89398 | Zig:18   | Identified the +8 plate armour "Xoxumita" {Slay+3}
 89464 | Zig:19   | Entered Level 19 of a ziggurat
 89572 | Zig:19   | Noticed an ancient lich
 89574 | Zig:19   | Killed an ancient lich
 89776 | Zig:19   | Identified the +3 plate armour "Cahej" {Harm Str+5 Dex+3}
 89781 | Zig:19   | Identified the ring of Sunlight {Ice Str+5}
 89820 | Zig:20   | Entered Level 20 of a ziggurat
 89870 | Zig:20   | Identified the ring "Pamegy" {Fly rElec rPois}
 89875 | Zig:20   | Identified the amulet "Voetair" {rPois rF++ Regen+ Str-3
                  | Dex-2}
 89882 | Zig:20   | Identified the +5 quarterstaff of Watchfulness {flame, rF+
                  | rC+ Str+4 Int+2}
 89893 | Zig:20   | Identified the +1 scale mail of Peek-a-Boo {Regen+}
 89916 | Zig:21   | Entered Level 21 of a ziggurat
 89924 | Zig:21   | Noticed Icvinges the pandemonium lord
 89924 | Zig:21   | Noticed Ijudum the pandemonium lord
 89925 | Zig:21   | Noticed Liom the pandemonium lord
 89927 | Zig:21   | Killed Ijudum the pandemonium lord
 89927 | Zig:21   | Killed Icvinges the pandemonium lord
 89927 | Zig:21   | Noticed Doumuk the pandemonium lord
 89929 | Zig:21   | Noticed Lapsyresm the pandemonium lord
 89932 | Zig:21   | Killed Liom the pandemonium lord
 89935 | Zig:21   | Killed Doumuk the pandemonium lord
 89936 | Zig:21   | Killed Lapsyresm the pandemonium lord
 89945 | Zig:21   | Killed Eschave the pandemonium lord
 89946 | Zig:21   | Noticed Qocoupun the pandemonium lord
 89946 | Zig:21   | Noticed Zayheg the pandemonium lord
 89947 | Zig:21   | Killed Qocoupun the pandemonium lord
 89948 | Zig:21   | Noticed Sowumuel the pandemonium lord
 89948 | Zig:21   | Killed Sowumuel the pandemonium lord
 89948 | Zig:21   | Killed Conoss the pandemonium lord
 89950 | Zig:21   | Killed Zayheg the pandemonium lord
 89951 | Zig:21   | Noticed Socucuon the pandemonium lord
 89953 | Zig:21   | Killed Socucuon the pandemonium lord
 89953 | Zig:21   | Noticed Fuobat the pandemonium lord
 89954 | Zig:21   | Noticed Seklia the pandemonium lord
 89955 | Zig:21   | Killed Fuobat the pandemonium lord
 89955 | Zig:21   | Noticed Uggaklu the pandemonium lord
 89956 | Zig:21   | Killed Soigautz the pandemonium lord
 89956 | Zig:21   | Killed Uggaklu the pandemonium lord
 89958 | Zig:21   | Killed Seklia the pandemonium lord
 89960 | Zig:21   | Noticed Burypp the pandemonium lord
 89960 | Zig:21   | Noticed Posojich the pandemonium lord
 89961 | Zig:21   | Noticed Rahyrgh the pandemonium lord
 89962 | Zig:21   | Killed Laigycsi the pandemonium lord
 89963 | Zig:21   | Killed Posojich the pandemonium lord
 89963 | Zig:21   | Killed Burypp the pandemonium lord
 89964 | Zig:21   | Killed Rahyrgh the pandemonium lord
 89966 | Zig:21   | Noticed Bupyeh the pandemonium lord
 89968 | Zig:21   | Killed Bupyeh the pandemonium lord
 89969 | Zig:21   | Noticed Gosmaok the pandemonium lord
 89969 | Zig:21   | Noticed Didoluf the pandemonium lord
 89972 | Zig:21   | Killed Gosmaok the pandemonium lord
 89973 | Zig:21   | Killed Didoluf the pandemonium lord
 89977 | Zig:21   | Noticed Saisaamaepp the pandemonium lord
 89979 | Zig:21   | Noticed Emaonu the pandemonium lord
 89980 | Zig:21   | Killed Emaonu the pandemonium lord
 89980 | Zig:21   | Killed Saisaamaepp the pandemonium lord
 89985 | Zig:21   | Noticed Buusecam the pandemonium lord
 89986 | Zig:21   | Killed Buusecam the pandemonium lord
 89989 | Zig:21   | Noticed Ceixuun the pandemonium lord
 89991 | Zig:21   | Killed Ceixuun the pandemonium lord
 90005 | Zig:21   | Found the +1 Delatra's gloves {ID++}
 90007 | Zig:21   | Found the +6 arbalest "Damnation" {damnation}
 90023 | Zig:21   | Identified the +0 ring mail "Ytaomih" {Str+4}
 90024 | Zig:21   | Identified the +8 broad axe "Alor" {vamp, rPois rF+ SInv}
 90032 | Zig:21   | Identified the +6 plate armour "Muesoad" {rPois rF- SInv}
 90050 | Zig:21   | Identified the +10 falchion of Qiaphuv {holy, Str+2}
 90072 | Zig:21   | Identified the +1 pair of gloves "Qomoaj" {+Blink Int-5
                  | SInv}
 90085 | Zig:21   | Identified the +1 ring mail "Uplel" {rF- Int+7}
 90091 | Zig:21   | Reached skill level 27 in Transmutations
 90092 | Zig:21   | Reached skill level 5 in Summonings
 90104 | Zig:22   | Entered Level 22 of a ziggurat
 90119 | Zig:22   | Noticed an orb of fire
 90120 | Zig:22   | Noticed an orb of fire
 90120 | Zig:22   | Noticed an orb of fire
 90121 | Zig:22   | Noticed an orb of fire
 90121 | Zig:22   | Noticed an orb of fire
 90122 | Zig:22   | Killed an orb of fire
 90122 | Zig:22   | Noticed an orb of fire
 90123 | Zig:22   | Noticed an orb of fire
 90123 | Zig:22   | Killed an orb of fire
 90123 | Zig:22   | Noticed an orb of fire
 90123 | Zig:22   | Noticed an orb of fire
 90123 | Zig:22   | Noticed an orb of fire
 90123 | Zig:22   | Noticed an orb of fire
 90124 | Zig:22   | Reached skill level 10 in Summonings
 90125 | Zig:22   | Killed an orb of fire
 90125 | Zig:22   | Killed an orb of fire
 90125 | Zig:22   | Noticed an orb of fire
 90126 | Zig:22   | Noticed an orb of fire
 90127 | Zig:22   | Killed an orb of fire
 90127 | Zig:22   | Killed an orb of fire
 90127 | Zig:22   | Killed an orb of fire
 90127 | Zig:22   | Killed an orb of fire
 90127 | Zig:22   | Killed an orb of fire
 90128 | Zig:22   | Killed an orb of fire
 90128 | Zig:22   | Noticed an orb of fire
 90129 | Zig:22   | Killed an orb of fire
 90129 | Zig:22   | Noticed an orb of fire
 90129 | Zig:22   | Noticed an orb of fire
 90130 | Zig:22   | Killed an orb of fire
 90130 | Zig:22   | Killed an orb of fire
 90148 | Zig:22   | Killed an orb of fire
 90148 | Zig:22   | Killed an orb of fire
 90151 | Zig:22   | Killed an orb of fire
 90160 | Zig:22   | Noticed an orb of fire
 90161 | Zig:22   | Noticed an orb of fire
 90164 | Zig:22   | Killed an orb of fire
 90164 | Zig:22   | Noticed an orb of fire
 90165 | Zig:22   | Reached skill level 15 in Summonings
 90167 | Zig:22   | Killed an orb of fire
 90169 | Zig:22   | Killed an orb of fire
 90242 | Zig:22   | Identified the +1 pair of boots of Cifatac {Int+5}
 90275 | Zig:22   | Learned a level 7 spell: Malign Gateway
 90281 | Zig:22   | Identified the +7 broad axe of Yheyce {holy, Drain Int+3
                  | SInv}
 90287 | Zig:22   | Identified the ring of the Echidna {rPois rF+ rCorr Int-4
                  | Dex+3}
 90342 | Zig:23   | Entered Level 23 of a ziggurat
 90410 | Zig:23   | Identified the +3 helmet of the Learner {rN+ Str+2}
 90426 | Zig:23   | Identified the +6 chain mail of the Disturbing Ears {rPois
                  | Dex+4}
 90435 | Zig:23   | Identified the +1 great sword of Resourcefulness {vorpal,
                  | Fragile rPois Str+8 Int+2}
 90436 | Zig:23   | Identified the +7 rapier "Ikhacy" {drain, rN+}
 90444 | Zig:23   | Identified the ring "Fiphaq" {Will- EV+4 Dex+9}
 90466 | Zig:23   | Identified the +1 scale mail of Vampiric Thralls {rN+
                  | Stlth+}
 90496 | Zig:24   | Entered Level 24 of a ziggurat
 90516 | Zig:24   | Noticed an ancient lich
 90517 | Zig:24   | Noticed a dread lich
 90518 | Zig:24   | Killed a dread lich
 90518 | Zig:24   | Killed an ancient lich
 90523 | Zig:24   | Noticed an ancient lich
 90524 | Zig:24   | Noticed a dread lich
 90524 | Zig:24   | Killed a dread lich
 90524 | Zig:24   | Killed an ancient lich
 90525 | Zig:24   | Noticed a dread lich
 90527 | Zig:24   | Noticed a dread lich
 90528 | Zig:24   | Noticed a dread lich
 90528 | Zig:24   | Noticed a dread lich
 90530 | Zig:24   | Killed a dread lich
 90530 | Zig:24   | Noticed a dread lich
 90530 | Zig:24   | Noticed an ancient lich
 90531 | Zig:24   | Killed a dread lich
 90531 | Zig:24   | Killed a dread lich
 90531 | Zig:24   | Killed a dread lich
 90531 | Zig:24   | Killed an ancient lich
 90532 | Zig:24   | Killed a dread lich
 90565 | Zig:24   | Identified the amulet of Autumn {RegenMP rF++ Str+2}
 90567 | Zig:24   | Identified the +0 spear of Oozing Pus {protect, rElec
                  | Int+2}
 90570 | Zig:24   | Identified the +2 broad axe "Viafixo" {spect, Fragile
                  | Int+7}
 90573 | Zig:24   | Identified the +0 chain mail of Reason {rPois rF++ Will-
                  | Int+3}
 90574 | Zig:24   | Identified the +1 falchion of Ash {elec, Drain +Blink rPois
                  | Dex+7}
 90576 | Zig:24   | Identified the +4 long sword of the Median {drain, Fly
                  | rElec}
 90661 | Zig:25   | Entered Level 25 of a ziggurat
 90691 | Zig:25   | Reached skill level 27 in Summonings
 90692 | Zig:25   | Reached skill level 1 in Short Blades
 90692 | Zig:25   | Reached skill level 1 in Long Blades
 90692 | Zig:25   | Reached skill level 1 in Axes
 90692 | Zig:25   | Reached skill level 1 in Polearms
 90692 | Zig:25   | Reached skill level 1 in Ranged Weapons
 90692 | Zig:25   | Reached skill level 1 in Unarmed Combat
 90694 | Zig:25   | Reached skill level 5 in Maces & Flails
 90694 | Zig:25   | Reached skill level 1 in Hexes
 90731 | Zig:25   | Reached skill level 27 in Staves
 90797 | Zig:25   | Identified the +0 scale mail of Melonuhu {rCorr}
 90816 | Zig:25   | Identified the amulet of the Harvest {Faith +Blink Will+}
 90824 | Zig:25   | Identified the ring of Lywul {Fly rElec Str+5}
 90825 | Zig:25   | Identified the +1 trident of Yredelemnul's Respect {vorpal,
                  | rC++ Dex+2}
 90840 | Zig:25   | Identified the ring "Diafid" {rF+ SInv}
 90859 | Zig:26   | Entered Level 26 of a ziggurat
 90880 | Zig:26   | Reached skill level 5 in Ranged Weapons
 90881 | Zig:26   | Reached skill level 5 in Unarmed Combat
 90883 | Zig:26   | Reached skill level 5 in Polearms
 90885 | Zig:26   | Reached skill level 5 in Short Blades
 90885 | Zig:26   | Reached skill level 5 in Long Blades
 90885 | Zig:26   | Reached skill level 5 in Axes
 90885 | Zig:26   | Reached skill level 10 in Poison Magic
 90887 | Zig:26   | Reached skill level 10 in Maces & Flails
 90897 | Zig:26   | Reached skill level 5 in Hexes
 90995 | Zig:26   | Identified the +3 hand axe of Hasomy {spect, *Rage *Noise
                  | rPois MP+9}
 91011 | Zig:26   | Identified the +0 robe "Newor" {rElec Dex+4}
 91030 | Zig:26   | Identified the +0 cloak of Impermeability {Fly Will+ Dex+2}
 91040 | Zig:26   | Identified the +2 robe of Toihantu {rPois rF+}
 91060 | Zig:27   | Entered Level 27 of a ziggurat
 91089 | Zig:27   | Reached skill level 10 in Unarmed Combat
 91090 | Zig:27   | Reached skill level 10 in Ranged Weapons
 91094 | Zig:27   | Reached skill level 15 in Maces & Flails
 91103 | Zig:27   | Reached skill level 10 in Short Blades
 91103 | Zig:27   | Reached skill level 10 in Long Blades
 91103 | Zig:27   | Reached skill level 10 in Axes
 91103 | Zig:27   | Reached skill level 10 in Polearms
 91150 | Zig:27   | Identified the +4 sling of Tiocigg {vorpal, Str-2 Int+4
                  | Dex+9}
 91153 | Zig:27   | Identified the +8 long sword of the Dragonfly {flame, Str+4
                  | Dex+5 SInv}
 91164 | Zig:27   | Identified the quicksilver dragon scales of the Butterfly
                  | {rC+ Will+ Regen+ Int+2}
 91177 | Zig:27   | Identified the ring "Omutewk" {rPois Int+3}
 91353 | Zig:1    | Entered Level 1 of a ziggurat
 91365 | Zig:2    | Entered Level 2 of a ziggurat
 91388 | Zig:3    | Entered Level 3 of a ziggurat
 91411 | Zig:4    | Entered Level 4 of a ziggurat
 91427 | Zig:5    | Entered Level 5 of a ziggurat
 91450 | Zig:6    | Entered Level 6 of a ziggurat
 91452 | Zig:6    | Noticed an ancient lich
 91452 | Zig:6    | Noticed an ancient lich
 91453 | Zig:6    | Noticed a dread lich
 91454 | Zig:6    | Noticed a dread lich
 91454 | Zig:6    | Noticed a dread lich
 91454 | Zig:6    | Noticed a dread lich
 91454 | Zig:6    | Noticed a dread lich
 91455 | Zig:6    | Noticed an ancient lich
 91455 | Zig:6    | Killed a dread lich
 91455 | Zig:6    | Killed an ancient lich
 91455 | Zig:6    | Killed a dread lich
 91455 | Zig:6    | Noticed an ancient lich
 91456 | Zig:6    | Killed an ancient lich
 91456 | Zig:6    | Killed a dread lich
 91456 | Zig:6    | Killed a dread lich
 91456 | Zig:6    | Killed a dread lich
 91456 | Zig:6    | Killed an ancient lich
 91457 | Zig:6    | Killed an ancient lich
 91487 | Zig:7    | Entered Level 7 of a ziggurat
 91532 | Zig:8    | Entered Level 8 of a ziggurat
 91578 | Zig:9    | Entered Level 9 of a ziggurat
 91639 | Zig:10   | Entered Level 10 of a ziggurat
 91650 | Zig:10   | Paralysed by accursed screaming for 1 turns
 91662 | Zig:10   | Reached skill level 15 in Unarmed Combat
 91677 | Zig:10   | Identified the +2 great sword "Gargoyle's Bane" {elec,
                  | Drain rPois Str+4}
 91681 | Zig:10   | Identified the +7 executioner's axe "Fish" {flame, rElec
                  | Str-4 Dex+2}
 91703 | Zig:11   | Entered Level 11 of a ziggurat
 91713 | Zig:11   | Noticed an ancient lich
 91714 | Zig:11   | Reached skill level 10 in Hexes
 91714 | Zig:11   | Noticed an ancient lich
 91714 | Zig:11   | Noticed an ancient lich
 91715 | Zig:11   | Killed an ancient lich
 91715 | Zig:11   | Killed an ancient lich
 91716 | Zig:11   | Killed an ancient lich
 91718 | Zig:11   | Noticed a dread lich
 91719 | Zig:11   | Killed a dread lich
 91752 | Zig:11   | Identified the -1 helmet of Disguise {-Tele Rampage rF+
                  | rCorr}
 91759 | Zig:12   | Entered Level 12 of a ziggurat
 91776 | Zig:12   | Reached skill level 15 in Long Blades
 91776 | Zig:12   | Reached skill level 15 in Polearms
 91777 | Zig:12   | Reached skill level 15 in Axes
 91779 | Zig:12   | Found the ring of the Octopus King
 91802 | Zig:12   | Identified a ring of the Octopus King {HP+2 MP+9 AC+2 EV+2
                  | SH+2}
 91819 | Zig:13   | Entered Level 13 of a ziggurat
 91835 | Zig:13   | Noticed Lohi the pandemonium lord
 91838 | Zig:13   | Reached skill level 15 in Ranged Weapons
 91841 | Zig:13   | Killed Lohi the pandemonium lord
 91860 | Zig:13   | Identified the +6 quarterstaff of Ithrikh {vorpal, Dex+4}
 91869 | Zig:13   | Identified the +7 shortbow of Zeevvay {freeze, SInv}
 91877 | Zig:14   | Entered Level 14 of a ziggurat
 91878 | Zig:14   | Noticed a dread lich
 91885 | Zig:14   | Noticed an orb of fire
 91886 | Zig:14   | Noticed an orb of fire
 91888 | Zig:14   | Noticed an orb of fire
 91889 | Zig:14   | Noticed an orb of fire
 91889 | Zig:14   | Noticed an orb of fire
 91889 | Zig:14   | Noticed an orb of fire
 91889 | Zig:14   | Noticed an orb of fire
 91890 | Zig:14   | Killed an orb of fire
 91890 | Zig:14   | Noticed an orb of fire
 91890 | Zig:14   | Noticed an orb of fire
 91890 | Zig:14   | Noticed an orb of fire
 91891 | Zig:14   | Reached skill level 15 in Poison Magic
 91891 | Zig:14   | Noticed an orb of fire
 91891 | Zig:14   | Noticed an orb of fire
 91891 | Zig:14   | Killed an orb of fire
 91891 | Zig:14   | Noticed an orb of fire
 91892 | Zig:14   | Killed an orb of fire
 91892 | Zig:14   | Killed an orb of fire
 91892 | Zig:14   | Killed an orb of fire
 91892 | Zig:14   | Killed an orb of fire
 91892 | Zig:14   | Killed an orb of fire
 91892 | Zig:14   | Noticed an orb of fire
 91898 | Zig:14   | Killed an orb of fire
 91900 | Zig:14   | Killed an orb of fire
 91901 | Zig:14   | Killed an orb of fire
 91901 | Zig:14   | Killed an orb of fire
 91901 | Zig:14   | Killed an orb of fire
 91901 | Zig:14   | Killed an orb of fire
 91906 | Zig:14   | Killed a dread lich
 91908 | Zig:14   | Noticed an orb of fire
 91909 | Zig:14   | Noticed an orb of fire
 91911 | Zig:14   | Noticed an orb of fire
 91912 | Zig:14   | Killed an orb of fire
 91914 | Zig:14   | Killed an orb of fire
 91915 | Zig:14   | Killed an orb of fire
 91927 | Zig:14   | Noticed an orb of fire
 91931 | Zig:14   | Found the ring of the Octopus King
 91933 | Zig:14   | Found the +8 frozen axe "Frostbite" {freezing cloud, *Noise
                  | Fly rC+}
 91979 | Zig:14   | Identified the ring of the Sun {rPois rF++ rC+ rCorr}
 91995 | Zig:15   | Entered Level 15 of a ziggurat
 92027 | Zig:15   | Noticed a dread lich
 92028 | Zig:15   | Killed a dread lich
 92029 | Zig:15   | Reached skill level 15 in Short Blades
 92039 | Zig:15   | Found the ring of the Tortoise {AC+8}
 92059 | Zig:15   | Identified the +12 demon blade "Qanosash" {venom, rPois
                  | rCorr Int+9}
 92064 | Zig:15   | Identified the ring "Zauf" {Drain rCorr Int+9 Slay-4 SInv}
 92082 | Zig:16   | Entered Level 16 of a ziggurat
 92090 | Zig:16   | Noticed an orb of fire
 92091 | Zig:16   | Noticed an orb of fire
 92092 | Zig:16   | Noticed an orb of fire
 92093 | Zig:16   | Noticed an orb of fire
 92094 | Zig:16   | Killed an orb of fire
 92094 | Zig:16   | Noticed an orb of fire
 92095 | Zig:16   | Killed an orb of fire
 92095 | Zig:16   | Noticed an orb of fire
 92096 | Zig:16   | Killed an orb of fire
 92096 | Zig:16   | Killed an orb of fire
 92096 | Zig:16   | Noticed an orb of fire
 92096 | Zig:16   | Noticed an orb of fire
 92096 | Zig:16   | Noticed an orb of fire
 92096 | Zig:16   | Noticed an orb of fire
 92097 | Zig:16   | Killed an orb of fire
 92097 | Zig:16   | Noticed an orb of fire
 92098 | Zig:16   | Killed an orb of fire
 92098 | Zig:16   | Noticed an orb of fire
 92099 | Zig:16   | Killed an orb of fire
 92099 | Zig:16   | Killed an orb of fire
 92099 | Zig:16   | Killed an orb of fire
 92099 | Zig:16   | Killed an orb of fire
 92099 | Zig:16   | Noticed an orb of fire
 92099 | Zig:16   | Noticed an orb of fire
 92100 | Zig:16   | Killed an orb of fire
 92100 | Zig:16   | Noticed an orb of fire
 92101 | Zig:16   | Killed an orb of fire
 92101 | Zig:16   | Noticed an orb of fire
 92102 | Zig:16   | Killed an orb of fire
 92102 | Zig:16   | Killed an orb of fire
 92102 | Zig:16   | Noticed an orb of fire
 92102 | Zig:16   | Noticed an orb of fire
 92103 | Zig:16   | Killed an orb of fire
 92104 | Zig:16   | Killed an orb of fire
 92104 | Zig:16   | Killed an orb of fire
 92105 | Zig:16   | Noticed an orb of fire
 92106 | Zig:16   | Killed an orb of fire
 92107 | Zig:16   | Noticed an orb of fire
 92109 | Zig:16   | Killed an orb of fire
 92109 | Zig:16   | Killed an orb of fire
 92141 | Zig:16   | Identified the ring of Tender Moments {rC- rCorr Dex+5}
 92155 | Zig:17   | Entered Level 17 of a ziggurat
 92190 | Zig:17   | Found the +8 lance "Wyrmbane" {slay drac, rPois rF+ rC+
                  | AC+3}
 92192 | Zig:17   | Found the necklace of Bloodlust {*Rage Will++ Int-3 Slay+6}
 92204 | Zig:17   | Identified the amulet "Gueng" {Spirit Drain rPois Int+3
                  | Stlth+}
 92228 | Zig:18   | Entered Level 18 of a ziggurat
 92295 | Zig:18   | Identified the +2 crystal plate armour of the Trilobite
                  | {rN+}
 92322 | Zig:18   | Identified the ring of Ussul {*Corrode AC+4 Str+2 Stlth+}
 92331 | Zig:19   | Entered Level 19 of a ziggurat
 92339 | Zig:19   | Noticed a royal mummy
 92340 | Zig:19   | Noticed a royal mummy
 92340 | Zig:19   | Noticed a royal mummy
 92341 | Zig:19   | Noticed a royal mummy
 92341 | Zig:19   | Noticed a royal mummy
 92342 | Zig:19   | Noticed a royal mummy
 92343 | Zig:19   | Killed a royal mummy
 92343 | Zig:19   | Noticed a royal mummy
 92343 | Zig:19   | Noticed a royal mummy
 92343 | Zig:19   | Noticed a royal mummy
 92343 | Zig:19   | Noticed a royal mummy
 92344 | Zig:19   | Killed a royal mummy
 92344 | Zig:19   | Killed a royal mummy
 92344 | Zig:19   | Noticed a royal mummy
 92346 | Zig:19   | Killed a royal mummy
 92346 | Zig:19   | Killed a royal mummy
 92346 | Zig:19   | Killed a royal mummy
 92346 | Zig:19   | Killed a royal mummy
 92346 | Zig:19   | Noticed a royal mummy
 92347 | Zig:19   | Killed a royal mummy
 92347 | Zig:19   | Killed a royal mummy
 92347 | Zig:19   | Killed a royal mummy
 92347 | Zig:19   | Killed a royal mummy
 92347 | Zig:19   | Noticed a royal mummy
 92347 | Zig:19   | Noticed a royal mummy
 92349 | Zig:19   | Killed a royal mummy
 92349 | Zig:19   | Noticed a royal mummy
 92350 | Zig:19   | Killed a royal mummy
 92350 | Zig:19   | Noticed a royal mummy
 92350 | Zig:19   | Noticed a royal mummy
 92350 | Zig:19   | Noticed a royal mummy
 92350 | Zig:19   | Noticed a royal mummy
 92351 | Zig:19   | Killed a royal mummy
 92351 | Zig:19   | Killed a royal mummy
 92351 | Zig:19   | Noticed a royal mummy
 92351 | Zig:19   | Noticed a royal mummy
 92351 | Zig:19   | Noticed a royal mummy
 92352 | Zig:19   | Killed a royal mummy
 92352 | Zig:19   | Killed a royal mummy
 92352 | Zig:19   | Killed a royal mummy
 92353 | Zig:19   | Killed a royal mummy
 92353 | Zig:19   | Killed a royal mummy
 92353 | Zig:19   | Killed a royal mummy
 92353 | Zig:19   | Killed a royal mummy
 92353 | Zig:19   | Noticed a royal mummy
 92355 | Zig:19   | Noticed a royal mummy
 92356 | Zig:19   | Killed a royal mummy
 92356 | Zig:19   | Noticed a royal mummy
 92360 | Zig:19   | Killed a royal mummy
 92360 | Zig:19   | Killed a royal mummy
 92361 | Zig:19   | Noticed a royal mummy
 92361 | Zig:19   | Noticed a royal mummy
 92362 | Zig:19   | Noticed a royal mummy
 92362 | Zig:19   | Noticed a royal mummy
 92362 | Zig:19   | Noticed a royal mummy
 92363 | Zig:19   | Noticed a royal mummy
 92364 | Zig:19   | Noticed a royal mummy
 92366 | Zig:19   | Killed a royal mummy
 92366 | Zig:19   | Killed a royal mummy
 92367 | Zig:19   | Killed a royal mummy
 92367 | Zig:19   | Killed a royal mummy
 92367 | Zig:19   | Killed a royal mummy
 92367 | Zig:19   | Killed a royal mummy
 92368 | Zig:19   | Killed a royal mummy
 92381 | Zig:19   | Found the +10 tower shield of Ignorance {rN+ Int-4}
 92382 | Zig:19   | Found the +13 scythe of Curses {drain, Drain}
 92393 | Zig:19   | Identified the +9 demon blade of the Genius {venom, Fly
                  | Will+}
 92397 | Zig:19   | Identified the ring "Histriegei" {Contam rC+++ Will+ Str+8
                  | Stlth-}
 92402 | Zig:19   | Identified the ring of Poixeino {+Blink rPois rCorr MP+9
                  | Dex-5}
 92403 | Zig:19   | Identified the +7 lajatang "Vakhluum" {vamp, Will+}
 92471 | Zig:19   | Identified the ring "Ywikh" {Fire rCorr Str+5}
 92489 | Zig:20   | Entered Level 20 of a ziggurat
 92500 | Zig:20   | Paralysed by a wendigo for 1 turns
 92518 | Zig:20   | Reached skill level 15 in Hexes
 92572 | Zig:20   | Identified the +8 dagger "Arcanum" {vorpal, Dex+2 SInv}
 92583 | Zig:20   | Acquired 913 gold pieces
 92590 | Zig:21   | Entered Level 21 of a ziggurat
 92672 | Zig:21   | Identified the ring of the Equinox {rC+ Int+6 SInv}
 92682 | Zig:21   | Identified the +5 longbow of Nemelex Xobeh's Hope {speed,
                  | Dex+4}
 92709 | Zig:22   | Entered Level 22 of a ziggurat
 92794 | Zig:22   | Reached skill level 27 in Maces & Flails
 92834 | Zig:22   | Identified the +1 rapier of Iconoclasm {vorpal, Fly rN+
                  | Dex+4}
 92848 | Zig:23   | Entered Level 23 of a ziggurat
 92919 | Zig:23   | Found the ring of the Octopus King
 92920 | Zig:23   | Found the +18 shield of the Gong {rElec rN+ Will+ EV-5}
 92927 | Zig:23   | Identified the +8 short sword of Honesty {freeze, rF+ Str+3
                  | Dex+7 SInv}
 92929 | Zig:23   | Identified the +3 quarterstaff "Ogreslayer" {vorpal, rF+
                  | Int+4}
 92937 | Zig:23   | Identified a ring of the Octopus King {rF+ HP+2 AC+2 EV+2
                  | SH+2}
 92938 | Zig:23   | Identified the +3 hand axe "Voggueg" {freeze, Fragile
                  | Int+10}
 92952 | Zig:23   | Identified the +8 battleaxe "Loeferul" {flame, Str+4 Int+2}
 92959 | Zig:24   | Entered Level 24 of a ziggurat
 93177 | Zig:24   | Identified the +9 hand axe "Himea" {vorpal, rF+ rC+}
 93187 | Zig:24   | Identified the ring "Ethreove" {rPois Str-5 Dex+6 Stlth+}
 93205 | Zig:25   | Entered Level 25 of a ziggurat
 93291 | Zig:25   | Found the +4 moon troll leather armour {Spirit, Regen++
                  | MP+5}
 93295 | Zig:25   | Found the +8 whip "Snakebite" {venom, curare, rPois}
 93295 | Zig:25   | Found the +15 Maxwell's patent armour {-Cast -Tele rElec
                  | Will+ rCorr}
 93339 | Zig:26   | Entered Level 26 of a ziggurat
 93354 | Zig:26   | Noticed Boiff the pandemonium lord
 93356 | Zig:26   | Noticed Taaruqai the pandemonium lord
 93356 | Zig:26   | Noticed Nyedgh the pandemonium lord
 93357 | Zig:26   | Noticed Xeniwn the pandemonium lord
 93358 | Zig:26   | Killed Taaruqai the pandemonium lord
 93359 | Zig:26   | Noticed Weixtaag the pandemonium lord
 93359 | Zig:26   | Noticed Oqup the pandemonium lord
 93360 | Zig:26   | Noticed Puop the pandemonium lord
 93360 | Zig:26   | Noticed Ynwiol the pandemonium lord
 93361 | Zig:26   | Noticed Bisecul the pandemonium lord
 93368 | Zig:26   | Killed Nyedgh the pandemonium lord
 93375 | Zig:26   | Noticed Sodat the pandemonium lord
 93377 | Zig:26   | Killed Sodat the pandemonium lord
 93379 | Zig:26   | Noticed Facez the pandemonium lord
 93381 | Zig:26   | Noticed Qajan the pandemonium lord
 93382 | Zig:26   | Killed Xeniwn the pandemonium lord
 93382 | Zig:26   | Noticed Tadomih the pandemonium lord
 93382 | Zig:26   | Noticed Sathrol the pandemonium lord
 93383 | Zig:26   | Killed Puop the pandemonium lord
 93385 | Zig:26   | Killed Sathrol the pandemonium lord
 93386 | Zig:26   | Killed Facez the pandemonium lord
 93387 | Zig:26   | Noticed Nuzoeppac the pandemonium lord
 93388 | Zig:26   | Noticed Keley the pandemonium lord
 93388 | Zig:26   | Noticed Vujyamn the pandemonium lord
 93397 | Zig:26   | Killed Keley the pandemonium lord
 93397 | Zig:26   | Killed Nuzoeppac the pandemonium lord
 93399 | Zig:26   | Killed Tadomih the pandemonium lord
 93399 | Zig:26   | Noticed Inil the pandemonium lord
 93400 | Zig:26   | Noticed Tyibu the pandemonium lord
 93401 | Zig:26   | Noticed Qaaforosk the pandemonium lord
 93401 | Zig:26   | Killed Inil the pandemonium lord
 93401 | Zig:26   | Noticed Jumilull the pandemonium lord
 93402 | Zig:26   | Noticed Cukuot the pandemonium lord
 93402 | Zig:26   | Noticed Zatrimah the pandemonium lord
 93403 | Zig:26   | Killed Zatrimah the pandemonium lord
 93403 | Zig:26   | Noticed Urretid the pandemonium lord
 93403 | Zig:26   | Noticed Yxokk the pandemonium lord
 93403 | Zig:26   | Noticed Asimyo Laorph the pandemonium lord
 93403 | Zig:26   | Noticed Bisurpheph the pandemonium lord
 93403 | Zig:26   | Noticed Ysyrymef the pandemonium lord
 93405 | Zig:26   | Noticed Paipeo the pandemonium lord
 93405 | Zig:26   | Noticed Ziuh the pandemonium lord
 93405 | Zig:26   | Noticed Pogue the pandemonium lord
 93405 | Zig:26   | Noticed Ylul the pandemonium lord
 93405 | Zig:26   | Noticed Heukkalo the pandemonium lord
 93405 | Zig:26   | Noticed Yskemag the pandemonium lord
 93405 | Zig:26   | Noticed Kuoghuf the pandemonium lord
 93405 | Zig:26   | Noticed Afenis the pandemonium lord
 93405 | Zig:26   | Noticed Bomeo the pandemonium lord
 93405 | Zig:26   | Noticed Feusk the pandemonium lord
 93405 | Zig:26   | Noticed Adibesid the pandemonium lord
 93405 | Zig:26   | Noticed Tomymeno the pandemonium lord
 93405 | Zig:26   | Noticed Xosup the pandemonium lord
 93405 | Zig:26   | Noticed Faorinni the pandemonium lord
 93405 | Zig:26   | Noticed Umetibev the pandemonium lord
 93405 | Zig:26   | Noticed Vygua the pandemonium lord
 93405 | Zig:26   | Noticed Kyipua the pandemonium lord
 93405 | Zig:26   | Noticed Kehoesos the pandemonium lord
 93405 | Zig:26   | Noticed Udes the pandemonium lord
 93405 | Zig:26   | Noticed Xuteizac the pandemonium lord
 93405 | Zig:26   | Noticed Piutwix the pandemonium lord
 93406 | Zig:26   | Noticed Oczutiup the pandemonium lord
 93407 | Zig:26   | Identified the +8 ice dragon scales of Aheomur {rF- rC++
                  | Dex+3}
 93410 | Zig:27   | Entered Level 27 of a ziggurat
 93439 | Zig:27   | Paralysed by a wendigo for 1 turns
 93452 | Zig:27   | Noticed an ancient lich
 93457 | Zig:27   | Killed an ancient lich
 93515 | Zig:27   | Found the +8 demon trident "Rift" {distort, reach+}
 93521 | Zig:27   | Identified the +9 hand axe of Fear {protect, rElec Str+8
                  | Dex+4 Stlth-}
 93547 | Zig:27   | Identified the ring of the Monkey {Fly rElec rCorr Str+8}
 93550 | Zig:27   | Identified the ring of the Unkillable {rElec rPois rN+
                  | Will- Dex+6}
 93552 | Zig:27   | Identified the ring "Zeoshyz" {rN+ Will+ EV+4 Str-4 Stlth+}
 93568 | Zig:1    | Entered Level 1 of a ziggurat
 93577 | Zig:2    | Entered Level 2 of a ziggurat
 93596 | Zig:3    | Entered Level 3 of a ziggurat
 93620 | Zig:4    | Entered Level 4 of a ziggurat
 93623 | Zig:4    | Noticed a dread lich
 93626 | Zig:4    | Killed a dread lich
 93653 | Zig:5    | Entered Level 5 of a ziggurat
 93686 | Zig:6    | Entered Level 6 of a ziggurat
 93688 | Zig:6    | Noticed Huferr the pandemonium lord
 93689 | Zig:6    | Noticed Ygyg Alo the pandemonium lord
 93690 | Zig:6    | Noticed Ahuyt the pandemonium lord
 93690 | Zig:6    | Noticed Akiyneu the pandemonium lord
 93691 | Zig:6    | Killed Ygyg Alo the pandemonium lord
 93691 | Zig:6    | Killed Huferr the pandemonium lord
 93691 | Zig:6    | Noticed Dowihat the pandemonium lord
 93692 | Zig:6    | Noticed Lerchon the pandemonium lord
 93693 | Zig:6    | Killed Ahuyt the pandemonium lord
 93693 | Zig:6    | Killed Akiyneu the pandemonium lord
 93693 | Zig:6    | Killed Dowihat the pandemonium lord
 93694 | Zig:6    | Killed Lerchon the pandemonium lord
 93728 | Zig:7    | Entered Level 7 of a ziggurat
 93730 | Zig:7    | Noticed a dread lich
 93733 | Zig:7    | Killed a dread lich
 93816 | Zig:7    | Identified the +3 longbow of Callousness {venom, rN+ Int+4
                  | Stlth-}
 93825 | Zig:8    | Entered Level 8 of a ziggurat
 93834 | Zig:8    | Noticed Rijokh the pandemonium lord
 93837 | Zig:8    | Killed Rijokh the pandemonium lord
 93838 | Zig:8    | Reached skill level 27 in Unarmed Combat
 93846 | Zig:8    | Found the +3 pair of gauntlets of War {Slay+5}
 93872 | Zig:8    | Identified the +6 flail "Pendulum" {flame, rF+}
 93876 | Zig:8    | Identified the ring "Jubagg" {rF++ rC+ Int-5}
 93893 | Zig:9    | Entered Level 9 of a ziggurat
 93921 | Zig:9    | Found the +7 lajatang of Order {silver, rMut}
 93948 | Zig:9    | Identified the +5 plate armour of Life {Fly rC++ rN+ Dex+3}
 93957 | Zig:9    | Identified the +6 spear "Lygg" {drain, rCorr}
 93981 | Zig:10   | Entered Level 10 of a ziggurat
 94024 | Zig:10   | Identified the ring of Tidul {Str+6 Dex+6}
 94032 | Zig:10   | Acquired 815 gold pieces
 94036 | Zig:11   | Entered Level 11 of a ziggurat
 94046 | Zig:11   | Reached skill level 27 in Long Blades
 94080 | Zig:12   | Entered Level 12 of a ziggurat
 94085 | Zig:12   | Noticed a dread lich
 94087 | Zig:12   | Killed a dread lich
 94088 | Zig:12   | Noticed an ancient lich
 94089 | Zig:12   | Noticed a dread lich
 94089 | Zig:12   | Noticed a dread lich
 94090 | Zig:12   | Noticed an ancient lich
 94091 | Zig:12   | Killed a dread lich
 94091 | Zig:12   | Killed an ancient lich
 94092 | Zig:12   | Noticed an ancient lich
 94092 | Zig:12   | Killed a dread lich
 94092 | Zig:12   | Killed an ancient lich
 94092 | Zig:12   | Noticed a dread lich
 94093 | Zig:12   | Killed an ancient lich
 94095 | Zig:12   | Killed a dread lich
 94095 | Zig:12   | Noticed an ancient lich
 94098 | Zig:12   | Noticed a dread lich
 94098 | Zig:12   | Killed an ancient lich
 94098 | Zig:12   | Killed a dread lich
 94121 | Zig:12   | Identified the +7 flail "Jimmari" {antimagic, rPois Will+
                  | Str-3 Int+7}
 94134 | Zig:13   | Entered Level 13 of a ziggurat
 94180 | Zig:13   | Identified the +2 ring mail "Xezean" {rPois Str-4 Int+2
                  | SInv}
 94185 | Zig:14   | Entered Level 14 of a ziggurat
 94222 | Zig:14   | Found the +3 hat of Pondering {ponderous, Will+ MP+10
                  | Int+5}
 94244 | Zig:14   | Identified the +3 leather armour of Fun and Games {Rampage
                  | Regen+ Int-5 Stlth+}
 94256 | Zig:15   | Entered Level 15 of a ziggurat
 94293 | Zig:15   | Found the +7 Singing Sword {vorpal, sonic wave}
 94315 | Zig:15   | Identified the ring "Hehuwuc" {rPois MP+9 SInv Stlth+}
 94325 | Zig:15   | Lost mutation: Your mind is acute. (Int +4, Str/Dex -1)
                  | [potion of mutation]
 94325 | Zig:15   | Lost mutation: Your muscles are strong. (Str +4, Int/Dex
                  | -1) [potion of mutation]
 94325 | Zig:15   | Lost mutation: You are partially covered in iridescent
                  | scales. (AC +2) [potion of mutation]
 94325 | Zig:15   | Gained mutation: Your mind is acute. (Int +4, Str/Dex -1)
                  | [potion of mutation]
 94325 | Zig:15   | Gained mutation: You have a somewhat thin skeletal
                  | structure. (Dex +2, Stealth+) [potion of mutation]
 94326 | Zig:15   | Lost mutation: You passively map a small area around you.
                  | [potion of mutation]
 94326 | Zig:15   | Lost mutation: You have a somewhat thin skeletal structure.
                  | (Dex +2, Stealth+) [potion of mutation]
 94326 | Zig:15   | Gained mutation: You occasionally shout uncontrollably at
                  | your foes. [potion of mutation]
 94327 | Zig:15   | Lost mutation: You occasionally shout uncontrollably at
                  | your foes. [potion of mutation]
 94327 | Zig:15   | Lost mutation: You are strong-willed. (Will+) [potion of
                  | mutation]
 94327 | Zig:15   | Gained mutation: Your magical capacity is low. (-10% MP)
                  | [potion of mutation]
 94327 | Zig:15   | Gained mutation: You have sharp fingernails. [potion of
                  | mutation]
 94327 | Zig:15   | Gained mutation: You passively dampen the noise of your
                  | surroundings. [potion of mutation]
 94328 | Zig:15   | Lost mutation: Your mind is acute. (Int +4, Str/Dex -1)
                  | [potion of mutation]
 94328 | Zig:15   | Lost mutation: You passively dampen the noise of your
                  | surroundings. [potion of mutation]
 94328 | Zig:15   | Gained mutation: You are occasionally teleported next to
                  | monsters. [potion of mutation]
 94328 | Zig:15   | Gained mutation: You have large cloven feet. [potion of
                  | mutation]
 94328 | Zig:15   | Gained mutation: Your body sometimes deteriorates upon
                  | taking damage. [potion of mutation]
 94328 | Zig:15   | Gained mutation: You are partially covered in iridescent
                  | scales. (AC +2) [potion of mutation]
 94329 | Zig:15   | Lost mutation: You have sharp fingernails. [potion of
                  | mutation]
 94329 | Zig:15   | Lost mutation: You have large cloven feet. [potion of
                  | mutation]
 94329 | Zig:15   | Gained mutation: You are frail. (-10% HP) [potion of
                  | mutation]
 94329 | Zig:15   | Gained mutation: Your movements are slightly less
                  | encumbered by armour. (ER -2) [potion of mutation]
 94330 | Zig:15   | Lost mutation: Your body sometimes deteriorates upon taking
                  | damage. [potion of mutation]
 94330 | Zig:15   | Lost mutation: You are occasionally teleported next to
                  | monsters. [potion of mutation]
 94330 | Zig:15   | Gained mutation: Your spells are a little harder to cast,
                  | but a little more powerful. [potion of mutation]
 94330 | Zig:15   | Lost mutation: You are partially covered in iridescent
                  | scales. (AC +2) [potion of mutation]
 94330 | Zig:15   | Gained mutation: You are partially covered in iridescent
                  | scales. (AC +2) [potion of mutation]
 94331 | Zig:15   | Lost mutation: Your movements are slightly less encumbered
                  | by armour. (ER -2) [potion of mutation]
 94331 | Zig:15   | Lost mutation: You are frail. (-10% HP) [potion of
                  | mutation]
 94331 | Zig:15   | Lost mutation: You are partially covered in iridescent
                  | scales. (AC +2) [potion of mutation]
 94331 | Zig:15   | Gained mutation: Your movements are slightly less
                  | encumbered by armour. (ER -2) [potion of mutation]
 94332 | Zig:15   | Lost mutation: Your magical capacity is low. (-10% MP)
                  | [potion of mutation]
 94332 | Zig:15   | Lost mutation: Your spells are a little harder to cast, but
                  | a little more powerful. [potion of mutation]
 94332 | Zig:15   | Gained mutation: You are robust. (+10% HP) [potion of
                  | mutation]
 94332 | Zig:15   | Gained mutation: You are somewhat resistant to further
                  | mutation. [potion of mutation]
 94350 | Zig:16   | Entered Level 16 of a ziggurat
 94367 | Zig:16   | Reached skill level 27 in Poison Magic
 94421 | Zig:16   | Identified the +9 great sword "Sivvo" {vorpal, Will+ Int+3}
 94435 | Zig:16   | Identified the ring "Xoas" {rF+ rN+++ Dex-4}
 94444 | Zig:17   | Entered Level 17 of a ziggurat
 94524 | Zig:17   | Identified the +1 robe of Valiance {rC++ rN+++ Int+2 Dex-2}
 94525 | Zig:17   | Identified the +1 dagger "Qighed" {venom, rPois rF+++ Will-
                  | Str+4}
 94542 | Zig:18   | Entered Level 18 of a ziggurat
 94562 | Zig:18   | Reached skill level 27 in Polearms
 94566 | Zig:18   | Reached skill level 27 in Ranged Weapons
 94594 | Zig:18   | Identified the amulet "Dugus" {Faith Fragile rPois Dex+4
                  | SInv}
 94597 | Zig:18   | Identified the +7 battleaxe of Cheibriados's Regard
                  | {vorpal, MP+9}
 94605 | Zig:18   | Identified the amulet of Siollipp {RegenMP rElec rCorr
                  | Dex+4}
 94606 | Zig:18   | Identified the ring of Reklud {Str+6 Dex+4}
 94613 | Zig:18   | Identified the +4 flail "Reoha" {freeze, Will+++ rCorr
                  | Str+3}
 94626 | Zig:19   | Entered Level 19 of a ziggurat
 94651 | Zig:19   | Reached skill level 27 in Short Blades
 94655 | Zig:19   | Noticed a dread lich
 94658 | Zig:19   | Killed a dread lich
 94659 | Zig:19   | Reached skill level 27 in Axes
 94699 | Zig:19   | Identified the +1 chain mail of the Teacher {Int+4}
 94709 | Zig:19   | Identified the +1 long sword of the Spectre {flame, rN++
                  | Will+}
 94710 | Zig:19   | Identified the +0 chain mail "Vabou" {Harm rPois Int-4}
 94714 | Zig:20   | Entered Level 20 of a ziggurat
 94725 | Zig:20   | Noticed strangelove's ghost (master GrEE)
 94725 | Zig:20   | Noticed Hewasun's ghost (legendary MiBe)
 94726 | Zig:20   | Noticed Vuopse's ghost (legendary GnIE)
 94726 | Zig:20   | Noticed Zeph's ghost (adept NaFi)
 94726 | Zig:20   | Noticed deprived's ghost (legendary HOFi)
 94729 | Zig:20   | Killed strangelove's ghost
 94729 | Zig:20   | Noticed Godueg's ghost (veteran HOFi)
 94730 | Zig:20   | Noticed Barug's ghost (adept TrMo)
 94731 | Zig:20   | Killed Hewasun's ghost
 94731 | Zig:20   | Noticed grandjackal's ghost (legendary DsGl)
 94732 | Zig:20   | Noticed frimble's ghost (adept DsGl)
 94733 | Zig:20   | Killed Zeph's ghost
 94733 | Zig:20   | Killed Vuopse's ghost
 94733 | Zig:20   | Noticed melllvar's ghost (legendary MiBe)
 94734 | Zig:20   | Killed deprived's ghost
 94735 | Zig:20   | Killed Godueg's ghost
 94735 | Zig:20   | Noticed Shayle's ghost (legendary GnHW)
 94736 | Zig:20   | Killed grandjackal's ghost
 94736 | Zig:20   | Killed Barug's ghost
 94736 | Zig:20   | Noticed stevelinton's ghost (legendary KoBe)
 94737 | Zig:20   | Reached skill level 27 in Hexes
 94737 | Zig:20   | Noticed Xaowkis's ghost (legendary GnWr)
 94738 | Zig:20   | Noticed melllvar's ghost (legendary MiBe)
 94739 | Zig:20   | Noticed runemage's ghost (legendary GnFi)
 94740 | Zig:20   | Killed Xaowkis's ghost
 94740 | Zig:20   | Killed frimble's ghost
 94740 | Zig:20   | Noticed Waohesse's ghost (legendary VSFi)
 94740 | Zig:20   | Noticed Anafel's ghost (legendary GrFi)
 94741 | Zig:20   | Killed Shayle's ghost
 94742 | Zig:20   | Noticed Fusentrap's ghost (legendary MiBe)
 94743 | Zig:20   | Killed Anafel's ghost
 94743 | Zig:20   | Noticed Hillam's ghost (legendary DsTm)
 94743 | Zig:20   | Noticed BerryKnight's ghost (legendary DgFi)
 94744 | Zig:20   | Noticed Dameikh's ghost (veteran FoFi)
 94745 | Zig:20   | Killed runemage's ghost
 94745 | Zig:20   | Noticed Ucrups's ghost (legendary MiFi)
 94745 | Zig:20   | Noticed frimble's ghost (legendary DsFi)
 94746 | Zig:20   | Killed stevelinton's ghost
 94747 | Zig:20   | Killed melllvar's ghost
 94747 | Zig:20   | Killed Hillam's ghost
 94747 | Zig:20   | Killed Waohesse's ghost
 94747 | Zig:20   | Killed melllvar's ghost
 94747 | Zig:20   | Noticed Jargh's ghost (legendary FoFi)
 94747 | Zig:20   | Noticed Kufiz's ghost (master GrCK)
 94747 | Zig:20   | Noticed Dameikh's ghost (veteran FoFi)
 94748 | Zig:20   | Noticed Zenecom's ghost (legendary MiFi)
 94749 | Zig:20   | Killed Dameikh's ghost
 94749 | Zig:20   | Killed frimble's ghost
 94749 | Zig:20   | Noticed Viugiw's ghost (legendary TeBe)
 94751 | Zig:20   | Noticed reasonance's ghost (legendary HOMo)
 94751 | Zig:20   | Killed BerryKnight's ghost
 94751 | Zig:20   | Noticed Amikeex's ghost (adept TrMo)
 94751 | Zig:20   | Noticed Zonian's ghost (legendary HOFi)
 94751 | Zig:20   | Noticed Barug's ghost (adept TrMo)
 94752 | Zig:20   | Killed Dameikh's ghost
 94752 | Zig:20   | Killed Zenecom's ghost
 94752 | Zig:20   | Killed Viugiw's ghost
 94752 | Zig:20   | Killed Kufiz's ghost
 94752 | Zig:20   | Noticed Rocah's ghost (veteran GrFi)
 94752 | Zig:20   | Noticed Zonian's ghost (legendary HOFi)
 94753 | Zig:20   | Noticed Zenecom's ghost (legendary MiFi)
 94753 | Zig:20   | Killed Jargh's ghost
 94754 | Zig:20   | Noticed Pohawk's ghost (adept MiGl)
 94754 | Zig:20   | Noticed Zenecom's ghost (legendary MiFi)
 94755 | Zig:20   | Killed reasonance's ghost
 94756 | Zig:20   | Noticed frimble's ghost (legendary GrFi)
 94756 | Zig:20   | Noticed frimble's ghost (legendary GrFi)
 94758 | Zig:20   | Killed Amikeex's ghost
 94758 | Zig:20   | Killed Barug's ghost
 94758 | Zig:20   | Killed Ucrups's ghost
 94758 | Zig:20   | Noticed Rirumasy's ghost (legendary OpWn)
 94759 | Zig:20   | Killed Zonian's ghost
 94759 | Zig:20   | Killed Rocah's ghost
 94759 | Zig:20   | Killed Zenecom's ghost
 94759 | Zig:20   | Noticed Becvyf's ghost (legendary GnFi)
 94760 | Zig:20   | Killed frimble's ghost
 94760 | Zig:20   | Killed Pohawk's ghost
 94760 | Zig:20   | Killed Zonian's ghost
 94761 | Zig:20   | Killed Zenecom's ghost
 94762 | Zig:20   | Noticed meatyocre's ghost (veteran TrFi)
 94762 | Zig:20   | Noticed Zeph's ghost (adept NaFi)
 94763 | Zig:20   | Killed Fusentrap's ghost
 94764 | Zig:20   | Killed Zeph's ghost
 94765 | Zig:20   | Killed frimble's ghost
 94767 | Zig:20   | Killed Becvyf's ghost
 94772 | Zig:20   | Killed meatyocre's ghost
 94773 | Zig:20   | Killed Rirumasy's ghost
 94798 | Zig:20   | Identified the +6 short sword "Nosa" {vorpal, Dex+2}
 94809 | Zig:20   | Identified the ring of Feikuuf {EV+4 Int+6}
 94818 | Zig:21   | Entered Level 21 of a ziggurat
 94839 | Zig:21   | Noticed a starcursed mass
 94896 | Zig:21   | Found the +8 arc blade {discharge, rElec}
 94928 | Zig:21   | Identified the +7 troll leather armour of Honesty {+Inv rC+
                  | Regen+}
 94930 | Zig:21   | Identified the +4 mace of Grontol {vorpal, MP+9}
 94953 | Zig:22   | Entered Level 22 of a ziggurat
 95028 | Zig:22   | Identified the +8 sling "Dodeuf" {venom, Drain rN+++ Str+4
                  | Stlth+}
 95033 | Zig:22   | Identified the +5 flail "iguanaiguana's Doom" {holy, Drain
                  | Fly rCorr}
 95037 | Zig:22   | Identified the ring "Cigeqig" {+Blink SInv}
 95047 | Zig:22   | Identified the ring "Guib Isukk" {+Blink MP-9 EV+4 Dex+4}
 95057 | Zig:22   | Identified the +1 plate armour of the Imp {*Slow rPois
                  | Int+4}
 95074 | Zig:23   | Entered Level 23 of a ziggurat
 95149 | Zig:23   | Found the +7 sceptre of Torment {pain, torment}
 95159 | Zig:23   | Identified the ring of Uggullesch {rN+ Int+3 Dex+6}
 95187 | Zig:23   | Identified the +3 leather armour "Gyuptu" {Rampage rN+
                  | Regen+}
 95208 | Zig:24   | Entered Level 24 of a ziggurat
 95220 | Zig:24   | Noticed Wuuwekir the pandemonium lord
 95221 | Zig:24   | Noticed Giagrypo the pandemonium lord
 95223 | Zig:24   | Noticed Pooly the pandemonium lord
 95223 | Zig:24   | Noticed Jyros the pandemonium lord
 95224 | Zig:24   | Killed Wuuwekir the pandemonium lord
 95224 | Zig:24   | Noticed Juusoij the pandemonium lord
 95224 | Zig:24   | Noticed Voyv the pandemonium lord
 95224 | Zig:24   | Noticed Yneiqai the pandemonium lord
 95225 | Zig:24   | Noticed Ciankumn the pandemonium lord
 95226 | Zig:24   | Killed Giagrypo the pandemonium lord
 95226 | Zig:24   | Noticed Miuh the pandemonium lord
 95226 | Zig:24   | Noticed Evaul the pandemonium lord
 95227 | Zig:24   | Noticed Jarph the pandemonium lord
 95228 | Zig:24   | Noticed Tuk Cou the pandemonium lord
 95228 | Zig:24   | Noticed Soketa the pandemonium lord
 95229 | Zig:24   | Noticed Zauf the pandemonium lord
 95230 | Zig:24   | Killed Pooly the pandemonium lord
 95230 | Zig:24   | Killed Voyv the pandemonium lord
 95230 | Zig:24   | Killed Yneiqai the pandemonium lord
 95231 | Zig:24   | Killed Miuh the pandemonium lord
 95231 | Zig:24   | Killed Jyros the pandemonium lord
 95231 | Zig:24   | Killed Evaul the pandemonium lord
 95231 | Zig:24   | Noticed Maupaa the pandemonium lord
 95231 | Zig:24   | Noticed Kakhet the pandemonium lord
 95232 | Zig:24   | Killed Zauf the pandemonium lord
 95232 | Zig:24   | Killed Juusoij the pandemonium lord
 95232 | Zig:24   | Noticed Unuxzabb the pandemonium lord
 95232 | Zig:24   | Noticed Suttuog the pandemonium lord
 95233 | Zig:24   | Killed Tuk Cou the pandemonium lord
 95233 | Zig:24   | Killed Ciankumn the pandemonium lord
 95233 | Zig:24   | Killed Jarph the pandemonium lord
 95234 | Zig:24   | Noticed Extec the pandemonium lord
 95234 | Zig:24   | Noticed Hotyen the pandemonium lord
 95234 | Zig:24   | Noticed Rotuiqi the pandemonium lord
 95234 | Zig:24   | Noticed Kuaqeg the pandemonium lord
 95234 | Zig:24   | Noticed Uwatu the pandemonium lord
 95234 | Zig:24   | Killed Suttuog the pandemonium lord
 95235 | Zig:24   | Noticed Xaploh the pandemonium lord
 95235 | Zig:24   | Noticed Telemom the pandemonium lord
 95236 | Zig:24   | Noticed Qiedonkaus the pandemonium lord
 95236 | Zig:24   | Killed Kakhet the pandemonium lord
 95236 | Zig:24   | Killed Maupaa the pandemonium lord
 95236 | Zig:24   | Killed Unuxzabb the pandemonium lord
 95236 | Zig:24   | Killed Hotyen the pandemonium lord
 95236 | Zig:24   | Noticed Mideefa the pandemonium lord
 95236 | Zig:24   | Noticed Umitteet the pandemonium lord
 95237 | Zig:24   | Noticed Fienaet the pandemonium lord
 95237 | Zig:24   | Noticed Duec the pandemonium lord
 95237 | Zig:24   | Noticed Sewak the pandemonium lord
 95238 | Zig:24   | Killed Kuaqeg the pandemonium lord
 95238 | Zig:24   | Killed Uwatu the pandemonium lord
 95238 | Zig:24   | Noticed Finn the pandemonium lord
 95239 | Zig:24   | Noticed Vaih the pandemonium lord
 95239 | Zig:24   | Noticed Leet the pandemonium lord
 95239 | Zig:24   | Noticed Rusar the pandemonium lord
 95240 | Zig:24   | Killed Rotuiqi the pandemonium lord
 95240 | Zig:24   | Killed Umitteet the pandemonium lord
 95240 | Zig:24   | Killed Mideefa the pandemonium lord
 95240 | Zig:24   | Killed Telemom the pandemonium lord
 95240 | Zig:24   | Killed Extec the pandemonium lord
 95240 | Zig:24   | Noticed Bewk the pandemonium lord
 95241 | Zig:24   | Killed Fienaet the pandemonium lord
 95241 | Zig:24   | Killed Sewak the pandemonium lord
 95241 | Zig:24   | Killed Xaploh the pandemonium lord
 95241 | Zig:24   | Killed Qiedonkaus the pandemonium lord
 95241 | Zig:24   | Killed Vaih the pandemonium lord
 95241 | Zig:24   | Killed Soketa the pandemonium lord
 95241 | Zig:24   | Noticed Pigit the pandemonium lord
 95241 | Zig:24   | Noticed Urphaj the pandemonium lord
 95242 | Zig:24   | Noticed Ivvi Iha the pandemonium lord
 95242 | Zig:24   | Noticed Siv Xigg the pandemonium lord
 95242 | Zig:24   | Noticed Hopidd the pandemonium lord
 95242 | Zig:24   | Noticed Uschin the pandemonium lord
 95242 | Zig:24   | Noticed Cuniden the pandemonium lord
 95243 | Zig:24   | Killed Leet the pandemonium lord
 95243 | Zig:24   | Killed Bewk the pandemonium lord
 95243 | Zig:24   | Killed Duec the pandemonium lord
 95244 | Zig:24   | Killed Finn the pandemonium lord
 95244 | Zig:24   | Killed Rusar the pandemonium lord
 95244 | Zig:24   | Killed Urphaj the pandemonium lord
 95244 | Zig:24   | Noticed Anlierpho the pandemonium lord
 95244 | Zig:24   | Noticed Arhiruc the pandemonium lord
 95244 | Zig:24   | Noticed Xiazus the pandemonium lord
 95245 | Zig:24   | Noticed Kaomas the pandemonium lord
 95245 | Zig:24   | Noticed Qireteas the pandemonium lord
 95246 | Zig:24   | Killed Ivvi Iha the pandemonium lord
 95246 | Zig:24   | Noticed Rejabaf the pandemonium lord
 95246 | Zig:24   | Noticed Teodumel the pandemonium lord
 95246 | Zig:24   | Noticed Yloy the pandemonium lord
 95247 | Zig:24   | Noticed Ugiclara the pandemonium lord
 95247 | Zig:24   | Killed Pigit the pandemonium lord
 95247 | Zig:24   | Killed Siv Xigg the pandemonium lord
 95247 | Zig:24   | Killed Uschin the pandemonium lord
 95247 | Zig:24   | Noticed Wocs the pandemonium lord
 95247 | Zig:24   | Noticed Vimip the pandemonium lord
 95247 | Zig:24   | Noticed Notaxat the pandemonium lord
 95248 | Zig:24   | Killed Hopidd the pandemonium lord
 95248 | Zig:24   | Killed Cuniden the pandemonium lord
 95248 | Zig:24   | Killed Xiazus the pandemonium lord
 95248 | Zig:24   | Noticed Canycebi the pandemonium lord
 95249 | Zig:24   | Killed Arhiruc the pandemonium lord
 95249 | Zig:24   | Killed Ugiclara the pandemonium lord
 95249 | Zig:24   | Killed Wocs the pandemonium lord
 95249 | Zig:24   | Killed Teodumel the pandemonium lord
 95250 | Zig:24   | Killed Qireteas the pandemonium lord
 95250 | Zig:24   | Killed Rejabaf the pandemonium lord
 95250 | Zig:24   | Killed Kaomas the pandemonium lord
 95251 | Zig:24   | Killed Canycebi the pandemonium lord
 95251 | Zig:24   | Killed Yloy the pandemonium lord
 95251 | Zig:24   | Killed Notaxat the pandemonium lord
 95251 | Zig:24   | Noticed Ugiusomn the pandemonium lord
 95251 | Zig:24   | Noticed Rylu Liu the pandemonium lord
 95252 | Zig:24   | Killed Vimip the pandemonium lord
 95252 | Zig:24   | Noticed Sadipe the pandemonium lord
 95253 | Zig:24   | Killed Anlierpho the pandemonium lord
 95253 | Zig:24   | Killed Rylu Liu the pandemonium lord
 95253 | Zig:24   | Killed Ugiusomn the pandemonium lord
 95253 | Zig:24   | Noticed Soikk the pandemonium lord
 95253 | Zig:24   | Noticed Jevao the pandemonium lord
 95254 | Zig:24   | Noticed Mivonwug the pandemonium lord
 95255 | Zig:24   | Noticed Puett the pandemonium lord
 95261 | Zig:24   | Noticed Ini Vede the pandemonium lord
 95262 | Zig:24   | Noticed Viagaiss the pandemonium lord
 95262 | Zig:24   | Noticed Xatasi the pandemonium lord
 95264 | Zig:24   | Found the +14 obsidian axe {vorpal, Mesm Drain Fly SInv}
 95267 | Zig:25   | Entered Level 25 of a ziggurat
 95325 | Zig:25   | Identified the +8 tower shield of a volcano {Str+4 Int+6}
 95330 | Zig:25   | Identified the +1 tower shield "Beuss" {rElec Str+5 Dex+4}
 95389 | Zig:25   | Found the +9 sword of Zonguldrok {reap}
 95399 | Zig:25   | Identified the amulet of Kindness {RegenMP Int+4}
 95400 | Zig:25   | Identified the +4 robe of Jicep {rN+}
 95402 | Zig:25   | Identified the +3 chain mail "Cuesmag" {Contam Harm rPois}
 95405 | Zig:25   | Identified the amulet of the Rabble {rF+ rC- rN+++ Regen+
                  | Dex+2}
 95420 | Zig:25   | Identified the +1 robe "Veteul" {Str-4 Int+6 Dex-3 SInv}
 95426 | Zig:25   | Identified the ring "Nicesop" {Drain rC+ Will+ rCorr AC+4
                  | Int+4}
 95427 | Zig:25   | Identified the +3 dagger of Valiance {freeze, rF++ rCorr}
 95445 | Zig:26   | Entered Level 26 of a ziggurat
 95525 | Zig:26   | Found the +5 glaive of the Guard {elec, spectral, AC+5}
 95526 | Zig:26   | Found the +10 dark maul {vorpal}
 95549 | Zig:26   | Identified the +4 falchion of Propriety {elec, Str+6 Int-3}
 95550 | Zig:26   | Identified the ring "Xeolor" {Wiz Drain Fly rPois Str+5}
 95552 | Zig:26   | Identified the ring "Luloch" {Int-4 Dex+6 Slay+4}
 95568 | Zig:27   | Entered Level 27 of a ziggurat
 95578 | Zig:27   | Noticed a dread lich
 95580 | Zig:27   | Killed a dread lich
 95583 | Zig:27   | Noticed an ancient lich
 95584 | Zig:27   | Noticed a dread lich
 95585 | Zig:27   | Killed an ancient lich
 95585 | Zig:27   | Killed a dread lich
 95585 | Zig:27   | Noticed a dread lich
 95586 | Zig:27   | Noticed an ancient lich
 95586 | Zig:27   | Noticed an ancient lich
 95587 | Zig:27   | Killed an ancient lich
 95587 | Zig:27   | Killed a dread lich
 95588 | Zig:27   | Killed an ancient lich
 95588 | Zig:27   | Noticed a dread lich
 95589 | Zig:27   | Noticed a dread lich
 95591 | Zig:27   | Killed a dread lich
 95591 | Zig:27   | Killed a dread lich
 95591 | Zig:27   | Noticed an ancient lich
 95592 | Zig:27   | Noticed a dread lich
 95592 | Zig:27   | Noticed a dread lich
 95593 | Zig:27   | Killed an ancient lich
 95594 | Zig:27   | Noticed a dread lich
 95595 | Zig:27   | Killed a dread lich
 95595 | Zig:27   | Killed a dread lich
 95595 | Zig:27   | Noticed a dread lich
 95595 | Zig:27   | Noticed a dread lich
 95596 | Zig:27   | Killed a dread lich
 95597 | Zig:27   | Noticed an ancient lich
 95597 | Zig:27   | Killed a dread lich
 95597 | Zig:27   | Killed a dread lich
 95598 | Zig:27   | Noticed a dread lich
 95599 | Zig:27   | Killed an ancient lich
 95600 | Zig:27   | Killed a dread lich
 95601 | Zig:27   | Noticed a dread lich
 95601 | Zig:27   | Noticed an ancient lich
 95602 | Zig:27   | Noticed a dread lich
 95603 | Zig:27   | Noticed an ancient lich
 95603 | Zig:27   | Noticed an ancient lich
 95603 | Zig:27   | Noticed a dread lich
 95604 | Zig:27   | Killed an ancient lich
 95604 | Zig:27   | Killed a dread lich
 95604 | Zig:27   | Killed a dread lich
 95604 | Zig:27   | Killed an ancient lich
 95604 | Zig:27   | Killed a dread lich
 95605 | Zig:27   | Killed an ancient lich
 95605 | Zig:27   | Noticed an ancient lich
 95606 | Zig:27   | Noticed a dread lich
 95606 | Zig:27   | Noticed a dread lich
 95607 | Zig:27   | Killed an ancient lich
 95607 | Zig:27   | Killed a dread lich
 95607 | Zig:27   | Noticed an ancient lich
 95608 | Zig:27   | Killed a dread lich
 95608 | Zig:27   | Killed an ancient lich
 95608 | Zig:27   | Noticed an ancient lich
 95608 | Zig:27   | Noticed a dread lich
 95609 | Zig:27   | Killed an ancient lich
 95609 | Zig:27   | Noticed a dread lich
 95610 | Zig:27   | Killed a dread lich
 95610 | Zig:27   | Killed a dread lich
 95615 | Zig:27   | Noticed a dread lich
 95616 | Zig:27   | Killed a dread lich
 95616 | Zig:27   | Noticed an ancient lich
 95617 | Zig:27   | Killed an ancient lich
 95642 | Zig:27   | Found the +7 Spriggan's Knife {stab, EV+4 Stlth+}
 95659 | Zig:27   | Identified the ring of Hard Scrabble {rPois rC+ rCorr
                  | Dex+4}
 95667 | Zig:27   | Identified the +5 broad axe of Execution {vamp, *Slow
                  | +Blink Int+2}
 95672 | Zig:27   | Identified the +0 gold dragon scales "Nimoi" {rPois rF+ rC+
                  | Str+2 Dex+4}
 95679 | Zig:27   | Identified the +11 mace "Vikaki" {vorpal, SInv}
 95680 | Zig:27   | Identified the +6 flail of Annoyance {vorpal, rC+ Str+6}
 95695 | Depths:3 | Acquired the +4 tower shield of Dishonesty {MP+9}
 95701 | Zig:1    | Entered Level 1 of a ziggurat
 95714 | Zig:2    | Entered Level 2 of a ziggurat
 95734 | Zig:2    | Identified the +5 hand axe "Foucixon" {vorpal, Str+3 Int+3
                  | Dex+2}
 95748 | Zig:3    | Entered Level 3 of a ziggurat
 95784 | Zig:4    | Entered Level 4 of a ziggurat
 95784 | Zig:4    | Noticed a dread lich
 95785 | Zig:4    | Noticed a dread lich
 95787 | Zig:4    | Killed a dread lich
 95787 | Zig:4    | Killed a dread lich
 95787 | Zig:4    | Noticed a dread lich
 95789 | Zig:4    | Killed a dread lich
 95809 | Zig:5    | Entered Level 5 of a ziggurat
 95842 | Zig:5    | Identified the ring "Liob" {rF+ SInv}
 95845 | Zig:5    | Identified the ring "Ykliduh" {rC- rCorr MP+9 Int+4 Dex+6}
 95876 | Zig:6    | Entered Level 6 of a ziggurat
 95876 | Zig:6    | Noticed a juggernaut
 95877 | Zig:6    | Noticed a juggernaut
 95880 | Zig:6    | Killed a juggernaut
 95883 | Zig:6    | Killed a juggernaut
 95883 | Zig:6    | Noticed a juggernaut
 95889 | Zig:6    | Killed a juggernaut
 96009 | Zig:7    | Entered Level 7 of a ziggurat
 96049 | Zig:8    | Entered Level 8 of a ziggurat
 96101 | Zig:9    | Entered Level 9 of a ziggurat
 96163 | Zig:9    | Acquired 875 gold pieces
 96174 | Zig:10   | Entered Level 10 of a ziggurat
 96194 | Zig:10   | Found the +3 greatsling "Punk" {acid, rCorr}
 96209 | Zig:10   | Identified the +2 chain mail "Xoniulyi" {Int+2}
 96213 | Zig:10   | Identified the +1 ring mail of Miracles {*Slow Str+5}
 96224 | Zig:11   | Entered Level 11 of a ziggurat
 96282 | Zig:11   | Identified the ring "Put-Me-On" {rC- rCorr Int+3 Dex+5
                  | SInv}
 96292 | Zig:11   | Identified the ring "Culoc" {rF- rC+ rN+ Dex+6}
 96308 | Zig:12   | Entered Level 12 of a ziggurat
 96313 | Zig:12   | Noticed an orb of fire
 96313 | Zig:12   | Noticed an orb of fire
 96313 | Zig:12   | Noticed an orb of fire
 96313 | Zig:12   | Noticed an orb of fire
 96315 | Zig:12   | Noticed an orb of fire
 96316 | Zig:12   | Killed an orb of fire
 96316 | Zig:12   | Noticed an orb of fire
 96317 | Zig:12   | Killed an orb of fire
 96317 | Zig:12   | Noticed an orb of fire
 96317 | Zig:12   | Noticed an orb of fire
 96318 | Zig:12   | Killed an orb of fire
 96318 | Zig:12   | Killed an orb of fire
 96318 | Zig:12   | Noticed an orb of fire
 96319 | Zig:12   | Noticed an orb of fire
 96319 | Zig:12   | Killed an orb of fire
 96320 | Zig:12   | Noticed an orb of fire
 96320 | Zig:12   | Noticed an orb of fire
 96321 | Zig:12   | Killed an orb of fire
 96321 | Zig:12   | Killed an orb of fire
 96321 | Zig:12   | Killed an orb of fire
 96321 | Zig:12   | Noticed an orb of fire
 96321 | Zig:12   | Noticed an orb of fire
 96322 | Zig:12   | Killed an orb of fire
 96322 | Zig:12   | Noticed an orb of fire
 96323 | Zig:12   | Noticed an orb of fire
 96323 | Zig:12   | Killed an orb of fire
 96323 | Zig:12   | Noticed an orb of fire
 96324 | Zig:12   | Killed an orb of fire
 96324 | Zig:12   | Killed an orb of fire
 96324 | Zig:12   | Noticed an orb of fire
 96325 | Zig:12   | Killed an orb of fire
 96325 | Zig:12   | Killed an orb of fire
 96325 | Zig:12   | Noticed an orb of fire
 96327 | Zig:12   | Killed an orb of fire
 96327 | Zig:12   | Killed an orb of fire
 96327 | Zig:12   | Killed an orb of fire
 96328 | Zig:12   | Killed an orb of fire
 96328 | Zig:12   | Killed an orb of fire
 96376 | Zig:12   | Identified the ring of Salvation {rCorr Str+4 SInv}
 96399 | Zig:13   | Entered Level 13 of a ziggurat
 96436 | Zig:13   | Identified the ring "Okkob" {rPois Dex+6 Stlth+}
 96485 | Zig:14   | Entered Level 14 of a ziggurat
 96669 | Zig:15   | Entered Level 15 of a ziggurat
 96718 | Zig:15   | Acquired the +9 plate armour of the Forgotten Lies {rElec
                  | rF+}
 96729 | Zig:15   | Identified the +8 hand axe "Zysoce Bece" {flame, Fly rC+
                  | Str+4}
 96742 | Zig:16   | Entered Level 16 of a ziggurat
 96759 | Zig:16   | Found the +8 autumn katana {vorpal, manifold assault}
 96773 | Zig:16   | Identified the +4 short sword of Paeh {vorpal, Dex+5}
 96774 | Zig:16   | Identified the +6 morningstar of Vona {protect, *Rage rC-
                  | rN+++ Will++}
 96791 | Zig:16   | Identified the +0 pair of gloves "Gufes" {Fly rElec Regen+}
 96817 | Zig:16   | Identified the +2 helmet of Panentheism {Rampage}
 96820 | Zig:16   | Identified the ring "Keedid" {Fire Str+5 Dex-5}
 96824 | Zig:16   | Identified the ring "Acsor" {rC+ Str+6}
 96838 | Zig:17   | Entered Level 17 of a ziggurat
 96842 | Zig:17   | Paralysed by an air elemental for 1 turns
 96872 | Zig:17   | Found the +2 Maxwell's thermic engine {flame, freeze}
 96885 | Zig:17   | Identified the +0 buckler "Heiwnit" {-Tele rF+ rC+}
 96914 | Zig:18   | Entered Level 18 of a ziggurat
 96920 | Zig:18   | Paralysed by an air elemental for 1 turns
 96953 | Zig:18   | Found the ring of the Octopus King
 96970 | Zig:18   | Identified the +7 glaive of Painful Death {vamp, *Noise
                  | rF++ Stlth+}
 96991 | Zig:19   | Entered Level 19 of a ziggurat
 97044 | Zig:19   | Found the +3 Mad Mage's Maulers {Infuse+∞ RegenMP Int-3}
 97057 | Zig:19   | Identified the +0 robe "Zoquer" {Harm rPois Int-3}
 97067 | Zig:19   | Identified the amulet of Diceiz {Acrobat *Slow Regen+
                  | Int+4}
 97071 | Zig:19   | Identified the +1 leather armour of the Morning Star
                  | {Will+}
 97074 | Zig:19   | Identified the +6 kite shield of the Ageless Wars {Harm
                  | rElec Dex+4}
 97075 | Zig:19   | Identified the +5 arbalest of the Hungering Sybil {freeze,
                  | rElec rC+ Str+5 Dex-4}
 97076 | Zig:19   | Identified the +2 robe "Pios Sos" {Int+3 Dex+3 Stlth-}
 97100 | Zig:20   | Entered Level 20 of a ziggurat
 97185 | Zig:20   | Identified the ring "Etaop" {Fire rElec rCorr Int+4 SInv}
 97264 | Zig:21   | Entered Level 21 of a ziggurat
 97274 | Zig:21   | Noticed a dread lich
 97275 | Zig:21   | Killed a dread lich
 97276 | Zig:21   | Killed an ancient lich
 97277 | Zig:21   | Noticed a dread lich
 97277 | Zig:21   | Noticed an ancient lich
 97278 | Zig:21   | Killed a dread lich
 97278 | Zig:21   | Killed an ancient lich
 97278 | Zig:21   | Noticed an ancient lich
 97279 | Zig:21   | Noticed a dread lich
 97280 | Zig:21   | Killed an ancient lich
 97280 | Zig:21   | Killed a dread lich
 97284 | Zig:21   | Noticed an ancient lich
 97286 | Zig:21   | Killed an ancient lich
 97286 | Zig:21   | Noticed a dread lich
 97287 | Zig:21   | Killed a dread lich
 97290 | Zig:21   | Noticed an ancient lich
 97291 | Zig:21   | Noticed a dread lich
 97292 | Zig:21   | Killed an ancient lich
 97292 | Zig:21   | Killed a dread lich
 97295 | Zig:21   | Noticed a dread lich
 97296 | Zig:21   | Killed a dread lich
 97303 | Zig:21   | Noticed a dread lich
 97305 | Zig:21   | Killed a dread lich
 97312 | Zig:21   | Noticed a dread lich
 97314 | Zig:21   | Noticed an ancient lich
 97315 | Zig:21   | Killed a dread lich
 97316 | Zig:21   | Killed an ancient lich
 97352 | Zig:21   | Identified the +5 lajatang of Narum {drain, rElec Dex+3
                  | SInv Stlth+}
 97363 | Zig:21   | Identified the amulet of Fuuroysk {Acrobat Int+5 Dex+3}
 97378 | Zig:22   | Entered Level 22 of a ziggurat
 97389 | Zig:22   | Noticed a dread lich
 97389 | Zig:22   | Noticed an ancient lich
 97390 | Zig:22   | Noticed a dread lich
 97394 | Zig:22   | Killed a dread lich
 97395 | Zig:22   | Killed a dread lich
 97396 | Zig:22   | Killed an ancient lich
 97398 | Zig:22   | Noticed a dread lich
 97399 | Zig:22   | Noticed a dread lich
 97399 | Zig:22   | Noticed a dread lich
 97399 | Zig:22   | Noticed an ancient lich
 97400 | Zig:22   | Noticed an ancient lich
 97400 | Zig:22   | Noticed a dread lich
 97401 | Zig:22   | Noticed an ancient lich
 97402 | Zig:22   | Killed a dread lich
 97402 | Zig:22   | Killed a dread lich
 97402 | Zig:22   | Killed an ancient lich
 97403 | Zig:22   | Killed a dread lich
 97403 | Zig:22   | Killed a dread lich
 97403 | Zig:22   | Killed an ancient lich
 97403 | Zig:22   | Noticed an ancient lich
 97404 | Zig:22   | Noticed a dread lich
 97405 | Zig:22   | Killed an ancient lich
 97405 | Zig:22   | Noticed an ancient lich
 97407 | Zig:22   | Killed an ancient lich
 97407 | Zig:22   | Killed a dread lich
 97408 | Zig:22   | Killed an ancient lich
 97408 | Zig:22   | Noticed a dread lich
 97408 | Zig:22   | Noticed an ancient lich
 97409 | Zig:22   | Noticed an ancient lich
 97409 | Zig:22   | Killed an ancient lich
 97409 | Zig:22   | Killed a dread lich
 97409 | Zig:22   | Noticed a dread lich
 97409 | Zig:22   | Noticed a dread lich
 97410 | Zig:22   | Killed a dread lich
 97410 | Zig:22   | Killed a dread lich
 97410 | Zig:22   | Killed an ancient lich
 97412 | Zig:22   | Noticed a dread lich
 97413 | Zig:22   | Noticed an ancient lich
 97413 | Zig:22   | Noticed an ancient lich
 97413 | Zig:22   | Noticed an ancient lich
 97413 | Zig:22   | Noticed an ancient lich
 97414 | Zig:22   | Killed an ancient lich
 97414 | Zig:22   | Killed an ancient lich
 97415 | Zig:22   | Killed an ancient lich
 97415 | Zig:22   | Killed an ancient lich
 97416 | Zig:22   | Killed a dread lich
 97416 | Zig:22   | Noticed an ancient lich
 97416 | Zig:22   | Noticed an ancient lich
 97416 | Zig:22   | Noticed an ancient lich
 97416 | Zig:22   | Noticed an ancient lich
 97417 | Zig:22   | Killed an ancient lich
 97417 | Zig:22   | Killed an ancient lich
 97418 | Zig:22   | Killed an ancient lich
 97418 | Zig:22   | Noticed a dread lich
 97418 | Zig:22   | Noticed a dread lich
 97419 | Zig:22   | Noticed a dread lich
 97420 | Zig:22   | Killed an ancient lich
 97420 | Zig:22   | Killed a dread lich
 97420 | Zig:22   | Killed a dread lich
 97422 | Zig:22   | Killed a dread lich
 97422 | Zig:22   | Noticed an ancient lich
 97424 | Zig:22   | Noticed an ancient lich
 97425 | Zig:22   | Killed an ancient lich
 97425 | Zig:22   | Noticed an ancient lich
 97426 | Zig:22   | Killed an ancient lich
 97426 | Zig:22   | Killed an ancient lich
 97426 | Zig:22   | Noticed an ancient lich
 97427 | Zig:22   | Noticed an ancient lich
 97428 | Zig:22   | Killed an ancient lich
 97430 | Zig:22   | Killed an ancient lich
 97440 | Zig:22   | Found the +8 trident of the Octopus King {venom, rElec
                  | rPois}
 97449 | Zig:22   | Identified the +6 dagger "Leifacuh" {chaos, MP+9}
 97469 | Zig:22   | Identified the ring "Cerghisaf" {MP+9 Dex+3}
 97480 | Zig:22   | Identified the ring of Gin and Tonic {Str+6 Dex+2 SInv}
 97509 | Zig:23   | Entered Level 23 of a ziggurat
 97532 | Zig:23   | Noticed an ancient lich
 97533 | Zig:23   | Killed an ancient lich
 97573 | Zig:23   | Identified the +2 tower shield of Grace {rElec rN+ Will+
                  | Int+7}
 97577 | Zig:23   | Paralysed by accursed screaming for 2 turns
 97652 | Zig:23   | Identified the -1 cloak of the Big Bang {Fly rF+ rCorr
                  | MP-9}
 97656 | Zig:23   | Identified the +0 ring mail of the Villain {Int+3}
 97656 | Zig:23   | Found the ring of the Octopus King
 97764 | Zig:23   | Identified the ring of the Mauling Gods {Fire +Blink rCorr
                  | Str-4}
 97775 | Zig:23   | Acquired 430 gold pieces
 97794 | Zig:24   | Entered Level 24 of a ziggurat
 97803 | Zig:24   | Noticed Veodywke's ghost (legendary MiBe)
 97807 | Zig:24   | Noticed Amikeex's ghost (adept TrMo)
 97808 | Zig:24   | Noticed astronautguy's ghost (legendary FoEE)
 97808 | Zig:24   | Noticed Pohawk's ghost (adept MiGl)
 97808 | Zig:24   | Noticed Vuopse's ghost (legendary GnIE)
 97809 | Zig:24   | Noticed Ecsetopt's ghost (legendary BaWn)
 97809 | Zig:24   | Noticed swap's ghost (legendary DEFE)
 97810 | Zig:24   | Noticed Ycuhohed's ghost (veteran TeBe)
 97812 | Zig:24   | Killed Pohawk's ghost
 97812 | Zig:24   | Noticed Motirgh's ghost (legendary DgHW)
 97813 | Zig:24   | Noticed frimble's ghost (adept DsGl)
 97813 | Zig:24   | Killed Amikeex's ghost
 97813 | Zig:24   | Killed Veodywke's ghost
 97813 | Zig:24   | Killed Ycuhohed's ghost
 97813 | Zig:24   | Noticed grandjackal's ghost (legendary DsGl)
 97814 | Zig:24   | Killed Vuopse's ghost
 97814 | Zig:24   | Killed Ecsetopt's ghost
 97814 | Zig:24   | Killed swap's ghost
 97814 | Zig:24   | Killed Motirgh's ghost
 97814 | Zig:24   | Noticed scarywalker64's ghost (veteran BaSu)
 97814 | Zig:24   | Noticed Gemnonof's ghost (adept DgCj)
 97814 | Zig:24   | Noticed corvin's ghost (legendary OgWn)
 97814 | Zig:24   | Noticed Fusentrap's ghost (legendary MiBe)
 97816 | Zig:24   | Killed Gemnonof's ghost
 97816 | Zig:24   | Killed astronautguy's ghost
 97816 | Zig:24   | Killed grandjackal's ghost
 97816 | Zig:24   | Killed frimble's ghost
 97816 | Zig:24   | Noticed Ekeiwkem's ghost (legendary DsFi)
 97816 | Zig:24   | Noticed strangelove's ghost (master GrEE)
 97817 | Zig:24   | Noticed melllvar's ghost (legendary MiBe)
 97817 | Zig:24   | Killed corvin's ghost
 97817 | Zig:24   | Killed scarywalker64's ghost
 97818 | Zig:24   | Killed Fusentrap's ghost
 97820 | Zig:24   | Noticed Dameikh's ghost (veteran FoFi)
 97820 | Zig:24   | Noticed reasonance's ghost (legendary HOMo)
 97821 | Zig:24   | Killed melllvar's ghost
 97821 | Zig:24   | Killed strangelove's ghost
 97821 | Zig:24   | Noticed Fugi's ghost (legendary FoFi)
 97822 | Zig:24   | Killed Ekeiwkem's ghost
 97823 | Zig:24   | Noticed Piginabag's ghost (legendary DsSk)
 97823 | Zig:24   | Noticed Viocziel's ghost (adept TrMo)
 97824 | Zig:24   | Killed Dameikh's ghost
 97825 | Zig:24   | Noticed scarywalker64's ghost (veteran BaSu)
 97825 | Zig:24   | Killed Fugi's ghost
 97825 | Zig:24   | Killed reasonance's ghost
 97825 | Zig:24   | Killed Viocziel's ghost
 97825 | Zig:24   | Noticed Denobboc's ghost (legendary OpMo)
 97825 | Zig:24   | Noticed Dameikh's ghost (veteran FoFi)
 97826 | Zig:24   | Killed scarywalker64's ghost
 97826 | Zig:24   | Noticed Haitsiopt's ghost (legendary DsGl)
 97826 | Zig:24   | Noticed Ubraesch's ghost (adept TrMo)
 97826 | Zig:24   | Noticed Hacvoq's ghost (legendary HOFi)
 97827 | Zig:24   | Killed Piginabag's ghost
 97827 | Zig:24   | Killed Denobboc's ghost
 97827 | Zig:24   | Noticed Xutext's ghost (adept DsAK)
 97827 | Zig:24   | Noticed Waohesse's ghost (legendary VSFi)
 97828 | Zig:24   | Noticed Kalug's ghost (legendary DrFi)
 97828 | Zig:24   | Noticed Xatwola's ghost (legendary DDFi)
 97828 | Zig:24   | Noticed Xorhowon's ghost (legendary MiBe)
 97828 | Zig:24   | Noticed Zeph's ghost (adept NaFi)
 97828 | Zig:24   | Noticed Ebassic's ghost (veteran GrFi)
 97829 | Zig:24   | Killed Ubraesch's ghost
 97829 | Zig:24   | Killed Haitsiopt's ghost
 97829 | Zig:24   | Killed Waohesse's ghost
 97829 | Zig:24   | Noticed Alysiarr's ghost (legendary KoHu)
 97829 | Zig:24   | Noticed frimble's ghost (adept DsGl)
 97830 | Zig:24   | Killed Dameikh's ghost
 97830 | Zig:24   | Killed Hacvoq's ghost
 97830 | Zig:24   | Killed Xutext's ghost
 97830 | Zig:24   | Noticed Zachydoop's ghost (veteran MiMo)
 97831 | Zig:24   | Noticed Ekeiwkem's ghost (legendary DsFi)
 97831 | Zig:24   | Killed Kalug's ghost
 97831 | Zig:24   | Killed Zeph's ghost
 97831 | Zig:24   | Killed Ebassic's ghost
 97831 | Zig:24   | Killed Xorhowon's ghost
 97831 | Zig:24   | Noticed frimble's ghost (legendary GrFi)
 97832 | Zig:24   | Noticed grandjackal's ghost (legendary DsGl)
 97833 | Zig:24   | Killed Xatwola's ghost
 97833 | Zig:24   | Killed frimble's ghost
 97833 | Zig:24   | Killed Alysiarr's ghost
 97834 | Zig:24   | Noticed Xuqyot's ghost (legendary DsFi)
 97834 | Zig:24   | Killed grandjackal's ghost
 97834 | Zig:24   | Noticed Pusocauss's ghost (legendary VSBe)
 97835 | Zig:24   | Killed Zachydoop's ghost
 97835 | Zig:24   | Killed Ekeiwkem's ghost
 97835 | Zig:24   | Noticed heteroy's ghost (legendary DsHu)
 97835 | Zig:24   | Noticed Xocw's ghost (legendary GrMo)
 97835 | Zig:24   | Noticed Xatwola's ghost (legendary DDFi)
 97837 | Zig:24   | Noticed Xatwola's ghost (legendary DDFi)
 97838 | Zig:24   | Noticed frimble's ghost (adept DsGl)
 97839 | Zig:24   | Killed Pusocauss's ghost
 97839 | Zig:24   | Killed Xocw's ghost
 97839 | Zig:24   | Noticed Fusentrap's ghost (legendary MiBe)
 97839 | Zig:24   | Noticed Fusentrap's ghost (legendary MiBe)
 97840 | Zig:24   | Killed Xuqyot's ghost
 97840 | Zig:24   | Noticed Amikeex's ghost (adept TrMo)
 97840 | Zig:24   | Noticed Alysiarr's ghost (legendary KoHu)
 97841 | Zig:24   | Killed Xatwola's ghost
 97841 | Zig:24   | Killed Xatwola's ghost
 97841 | Zig:24   | Noticed Teaz Xo Upt's ghost (legendary GnFE)
 97841 | Zig:24   | Noticed Jeklifit's ghost (legendary FoFi)
 97842 | Zig:24   | Killed frimble's ghost
 97842 | Zig:24   | Noticed Amikeex's ghost (adept TrMo)
 97842 | Zig:24   | Noticed Dameikh's ghost (veteran FoFi)
 97843 | Zig:24   | Noticed astronautguy's ghost (master DEFE)
 97844 | Zig:24   | Noticed Zachydoop's ghost (veteran MiMo)
 97849 | Zig:24   | Killed Fusentrap's ghost
 97849 | Zig:24   | Killed astronautguy's ghost
 97850 | Zig:24   | Killed Alysiarr's ghost
 97850 | Zig:24   | Noticed Godueg's ghost (veteran HOFi)
 97850 | Zig:24   | Noticed Qeilemp's ghost (legendary HOFi)
 97851 | Zig:24   | Killed Fusentrap's ghost
 97852 | Zig:24   | Killed frimble's ghost
 97852 | Zig:24   | Killed Dameikh's ghost
 97853 | Zig:24   | Killed Zachydoop's ghost
 97853 | Zig:24   | Killed Godueg's ghost
 97853 | Zig:24   | Killed Amikeex's ghost
 97854 | Zig:24   | Killed Qeilemp's ghost
 97855 | Zig:24   | Killed Amikeex's ghost
 97856 | Zig:24   | Killed Jeklifit's ghost
 97856 | Zig:24   | Killed Teaz Xo Upt's ghost
 97860 | Zig:24   | Killed heteroy's ghost
 97862 | Zig:24   | Noticed scarywalker64's ghost (veteran BaSu)
 97867 | Zig:24   | Killed scarywalker64's ghost
 97890 | Zig:24   | Identified the +11 morningstar of Gloom {antimagic,
                  | *Corrode rN+++ Will+ Int+4}
 97896 | Zig:24   | Identified the ring of the Chupacabra {*Corrode rElec rC+
                  | SInv}
 97897 | Zig:24   | Identified the ring "Xameh" {rPois Will+ EV+4}
 97922 | Zig:25   | Entered Level 25 of a ziggurat
 97938 | Zig:25   | Paralysed by an air elemental for 1 turns
 97946 | Zig:25   | Paralysed by an air elemental for 1 turns
 97980 | Zig:25   | Found the -2 hat of the Alchemist {rElec rPois rF+ rC+ rN+
                  | Will+ rMut rCorr}
 97992 | Zig:25   | Identified the ring of the Ubiquitous God {Int+4 Slay+4
                  | Stlth+}
 98003 | Zig:25   | Identified the +0 scale mail "Pishiann" {rC+ SInv}
 98015 | Zig:25   | Identified the ring "Ocraz" {Fire Fly Str+3}
 98036 | Zig:25   | Identified the +1 ring mail of Wisdom {rPois Regen+ Int-4}
 98048 | Zig:25   | Identified the +2 leather armour "Gemif" {Str+5}
 98052 | Zig:25   | Identified the +4 halberd of the Saviour {vorpal, Dex+4}
 98097 | Zig:26   | Entered Level 26 of a ziggurat
 98108 | Zig:26   | Paralysed by a floating eye for 4 turns
 98210 | Zig:26   | Identified the amulet of Peutedat {RegenMP Str+2}
 98224 | Zig:26   | Identified the +10 whip of Destiny {venom, Will+ Int+3}
 98231 | Zig:26   | Identified the +2 chain mail of Serendipity {Dex+4 Stlth+}
 98246 | Zig:26   | Identified the ring "Pukax" {rPois rC+ Dex+5}
 98250 | Zig:26   | Identified the +10 hand axe "Jeistrut" {venom, rN+ Str+4
                  | Dex-5}
 98253 | Zig:26   | Identified the +4 lajatang of Urizeczo {drain, rPois rCorr}
 98262 | Zig:27   | Entered Level 27 of a ziggurat
 98364 | Zig:27   | Identified the +0 pair of gloves of Zealulur {rC+ Dex+5}
 98379 | Zig:27   | Identified the amulet of Yredelemnul's Outrage {Reflect
                  | Dex+4 SH+5}
 98404 | Zig:27   | Identified the amulet of Hypnus {Reflect Fragile rElec
                  | rCorr SH+5}
 98406 | Zig:27   | Identified the amulet "Jirr" {RegenMP Will+++ Dex+7}
 98431 | Zig:1    | Entered Level 1 of a ziggurat
 98455 | Zig:2    | Entered Level 2 of a ziggurat
 98455 | Zig:2    | Noticed a royal mummy
 98455 | Zig:2    | Noticed a royal mummy
 98456 | Zig:2    | Noticed a royal mummy
 98456 | Zig:2    | Noticed a royal mummy
 98457 | Zig:2    | Killed a royal mummy
 98458 | Zig:2    | Killed a royal mummy
 98458 | Zig:2    | Killed a royal mummy
 98458 | Zig:2    | Killed a royal mummy
 98482 | Zig:3    | Entered Level 3 of a ziggurat
 98491 | Zig:3    | Found the ring of the Octopus King
 98514 | Zig:4    | Entered Level 4 of a ziggurat
 98514 | Zig:4    | Noticed a juggernaut
 98517 | Zig:4    | Noticed a juggernaut
 98518 | Zig:4    | Killed a juggernaut
 98519 | Zig:4    | Killed a juggernaut
 98538 | Zig:5    | Entered Level 5 of a ziggurat
 98540 | Zig:5    | Noticed an ancient lich
 98541 | Zig:5    | Noticed a dread lich
 98541 | Zig:5    | Noticed an ancient lich
 98542 | Zig:5    | Killed an ancient lich
 98542 | Zig:5    | Killed a dread lich
 98543 | Zig:5    | Killed an ancient lich
 98573 | Zig:5    | Identified the +5 great sword "Hushacki" {vorpal, Fragile
                  | rC+++ SInv Stlth+}
 98585 | Zig:6    | Entered Level 6 of a ziggurat
 98626 | Zig:6    | Identified the ring "Ameoclun" {rPois Will- Str+7}
 98637 | Zig:6    | Identified the +9 lajatang of Fate {vorpal, Will++}
 98657 | Zig:7    | Entered Level 7 of a ziggurat
 98659 | Zig:7    | Noticed a dread lich
 98659 | Zig:7    | Noticed a dread lich
 98661 | Zig:7    | Noticed a dread lich
 98661 | Zig:7    | Noticed a dread lich
 98662 | Zig:7    | Killed a dread lich
 98662 | Zig:7    | Killed a dread lich
 98662 | Zig:7    | Killed a dread lich
 98662 | Zig:7    | Noticed an ancient lich
 98663 | Zig:7    | Killed a dread lich
 98664 | Zig:7    | Killed an ancient lich
 98664 | Zig:7    | Noticed an ancient lich
 98665 | Zig:7    | Noticed an ancient lich
 98665 | Zig:7    | Killed an ancient lich
 98665 | Zig:7    | Noticed a dread lich
 98667 | Zig:7    | Killed an ancient lich
 98667 | Zig:7    | Noticed an ancient lich
 98668 | Zig:7    | Killed a dread lich
 98668 | Zig:7    | Killed an ancient lich
 98690 | Zig:7    | Identified the +3 trident "Mossom" {speed, +Blink rC+ Will+
                  | rCorr}
 98698 | Zig:7    | Identified the ring of Vikem {Wiz MP+9 Dex+4}
 98713 | Zig:8    | Entered Level 8 of a ziggurat
 98716 | Zig:8    | Noticed an ancient lich
 98717 | Zig:8    | Killed an ancient lich
 98718 | Zig:8    | Noticed a dread lich
 98718 | Zig:8    | Noticed an ancient lich
 98718 | Zig:8    | Noticed a dread lich
 98719 | Zig:8    | Killed an ancient lich
 98719 | Zig:8    | Noticed an ancient lich
 98720 | Zig:8    | Killed a dread lich
 98720 | Zig:8    | Killed a dread lich
 98721 | Zig:8    | Killed an ancient lich
 98732 | Zig:8    | Found the ring of the Octopus King
 98735 | Zig:8    | Found the +7 great mace "Undeadhunter" {disrupt, rN+}
 98758 | Zig:8    | Identified the +6 trident of the Gnashing Gods {antimagic,
                  | Drain Fly rCorr Str+3}
 98765 | Zig:8    | Identified the +3 rapier "Avuig" {venom, *Corrode rF+++ rC+
                  | Will+}
 98789 | Zig:9    | Entered Level 9 of a ziggurat
 98850 | Zig:10   | Entered Level 10 of a ziggurat
 98889 | Zig:10   | Identified the +11 war axe of Somewhere Else {drain, rC+
                  | Will- Int+2}
 98908 | Zig:11   | Entered Level 11 of a ziggurat
 98928 | Zig:11   | Killed a starcursed mass
 98943 | Zig:11   | Found the +8 orange crystal plate armour {Archmagi, Int+3
                  | Clar}
 98997 | Zig:12   | Entered Level 12 of a ziggurat
 98999 | Zig:12   | Noticed a juggernaut
 98999 | Zig:12   | Noticed a juggernaut
 98999 | Zig:12   | Noticed a juggernaut
 99000 | Zig:12   | Noticed a juggernaut
 99001 | Zig:12   | Noticed a juggernaut
 99002 | Zig:12   | Noticed a juggernaut
 99003 | Zig:12   | Killed a juggernaut
 99003 | Zig:12   | Killed a juggernaut
 99003 | Zig:12   | Killed a juggernaut
 99004 | Zig:12   | Killed a juggernaut
 99005 | Zig:12   | Killed a juggernaut
 99005 | Zig:12   | Killed a juggernaut
 99005 | Zig:12   | Noticed a juggernaut
 99005 | Zig:12   | Noticed a juggernaut
 99006 | Zig:12   | Noticed a juggernaut
 99007 | Zig:12   | Noticed a juggernaut
 99009 | Zig:12   | Killed a juggernaut
 99009 | Zig:12   | Killed a juggernaut
 99009 | Zig:12   | Noticed a juggernaut
 99010 | Zig:12   | Killed a juggernaut
 99010 | Zig:12   | Killed a juggernaut
 99016 | Zig:12   | Killed a juggernaut
 99054 | Zig:13   | Entered Level 13 of a ziggurat
 99057 | Zig:13   | Noticed a dread lich
 99058 | Zig:13   | Noticed a dread lich
 99059 | Zig:13   | Killed a dread lich
 99059 | Zig:13   | Noticed an ancient lich
 99059 | Zig:13   | Noticed a dread lich
 99060 | Zig:13   | Killed a dread lich
 99060 | Zig:13   | Noticed a dread lich
 99060 | Zig:13   | Noticed an ancient lich
 99060 | Zig:13   | Noticed an ancient lich
 99061 | Zig:13   | Noticed an ancient lich
 99061 | Zig:13   | Noticed a dread lich
 99061 | Zig:13   | Noticed an ancient lich
 99062 | Zig:13   | Killed an ancient lich
 99062 | Zig:13   | Killed an ancient lich
 99062 | Zig:13   | Killed an ancient lich
 99062 | Zig:13   | Killed a dread lich
 99062 | Zig:13   | Killed a dread lich
 99063 | Zig:13   | Killed a dread lich
 99063 | Zig:13   | Killed an ancient lich
 99063 | Zig:13   | Killed an ancient lich
 99063 | Zig:13   | Noticed a dread lich
 99064 | Zig:13   | Killed a dread lich
 99064 | Zig:13   | Noticed a dread lich
 99065 | Zig:13   | Killed a dread lich
 99065 | Zig:13   | Noticed a dread lich
 99067 | Zig:13   | Killed a dread lich
 99067 | Zig:13   | Noticed a dread lich
 99067 | Zig:13   | Noticed an ancient lich
 99068 | Zig:13   | Killed a dread lich
 99069 | Zig:13   | Killed an ancient lich
 99069 | Zig:13   | Noticed an ancient lich
 99071 | Zig:13   | Killed an ancient lich
 99074 | Zig:13   | Noticed a dread lich
 99075 | Zig:13   | Killed a dread lich
 99100 | Zig:13   | Identified the +6 spear of Day {vorpal, rC+ Stlth+}
 99101 | Zig:13   | Identified the ring of Duyzuitt {rF+ Str+2 Dex+4}
 99111 | Zig:13   | Identified the ring "Noh Zam" {Dex+4 SInv}
 99116 | Zig:13   | Identified the +4 halberd of the Philosopher {flame, Int+4}
 99122 | Zig:14   | Entered Level 14 of a ziggurat
 99130 | Zig:14   | Noticed a dread lich
 99130 | Zig:14   | Noticed a dread lich
 99130 | Zig:14   | Noticed a dread lich
 99130 | Zig:14   | Noticed a dread lich
 99131 | Zig:14   | Noticed an ancient lich
 99131 | Zig:14   | Noticed a dread lich
 99131 | Zig:14   | Noticed a dread lich
 99131 | Zig:14   | Noticed a dread lich
 99132 | Zig:14   | Noticed an ancient lich
 99132 | Zig:14   | Noticed a dread lich
 99132 | Zig:14   | Noticed an ancient lich
 99133 | Zig:14   | Killed a dread lich
 99133 | Zig:14   | Killed a dread lich
 99133 | Zig:14   | Killed a dread lich
 99133 | Zig:14   | Killed an ancient lich
 99133 | Zig:14   | Noticed an ancient lich
 99134 | Zig:14   | Killed a dread lich
 99134 | Zig:14   | Killed a dread lich
 99134 | Zig:14   | Killed an ancient lich
 99134 | Zig:14   | Killed a dread lich
 99134 | Zig:14   | Killed a dread lich
 99134 | Zig:14   | Killed an ancient lich
 99134 | Zig:14   | Killed a dread lich
 99135 | Zig:14   | Killed an ancient lich
 99135 | Zig:14   | Noticed an ancient lich
 99136 | Zig:14   | Killed an ancient lich
 99136 | Zig:14   | Noticed a dread lich
 99137 | Zig:14   | Killed a dread lich
 99138 | Zig:14   | Noticed a dread lich
 99139 | Zig:14   | Noticed a dread lich
 99140 | Zig:14   | Killed a dread lich
 99140 | Zig:14   | Killed a dread lich
 99140 | Zig:14   | Noticed a dread lich
 99140 | Zig:14   | Noticed a dread lich
 99140 | Zig:14   | Noticed a dread lich
 99142 | Zig:14   | Killed a dread lich
 99142 | Zig:14   | Killed a dread lich
 99142 | Zig:14   | Killed a dread lich
 99145 | Zig:14   | Noticed an ancient lich
 99146 | Zig:14   | Killed an ancient lich
 99175 | Zig:14   | Identified the +3 buckler of Poud {*Corrode rPois Dex+4}
 99195 | Zig:15   | Entered Level 15 of a ziggurat
 99255 | Zig:15   | Identified the +4 dagger of the End {flame, rC+ Dex+4}
 99272 | Zig:15   | Identified the ring of the Cast Vote {Fly rC+}
 99276 | Zig:15   | Acquired 255 gold pieces
 99277 | Zig:15   | Acquired 994 gold pieces
 99278 | Zig:15   | Acquired 673 gold pieces
 99279 | Zig:15   | Acquired 1018 gold pieces
 99294 | Zig:16   | Entered Level 16 of a ziggurat
 99327 | Zig:17   | Entered Level 17 of a ziggurat
 99408 | Zig:17   | Identified the +12 rapier of Fortitude {flame, Dex+3}
 99449 | Zig:18   | Entered Level 18 of a ziggurat
 99458 | Zig:18   | Noticed Goumi the pandemonium lord
 99458 | Zig:18   | Noticed Rug Seos the pandemonium lord
 99458 | Zig:18   | Noticed Pucongan the pandemonium lord
 99458 | Zig:18   | Noticed Rarietel the pandemonium lord
 99458 | Zig:18   | Noticed Oduucsor the pandemonium lord
 99459 | Zig:18   | Noticed Basuil the pandemonium lord
 99459 | Zig:18   | Noticed Cybenee the pandemonium lord
 99459 | Zig:18   | Noticed Sevyetaf the pandemonium lord
 99459 | Zig:18   | Noticed Ugrinok the pandemonium lord
 99459 | Zig:18   | Noticed Hazid the pandemonium lord
 99459 | Zig:18   | Noticed Reorphin the pandemonium lord
 99459 | Zig:18   | Noticed Meufaom the pandemonium lord
 99460 | Zig:18   | Killed Goumi the pandemonium lord
 99460 | Zig:18   | Noticed Satuushe the pandemonium lord
 99460 | Zig:18   | Noticed Rodotag the pandemonium lord
 99460 | Zig:18   | Noticed Tuvvyuj the pandemonium lord
 99460 | Zig:18   | Noticed Untun the pandemonium lord
 99461 | Zig:18   | Killed Pucongan the pandemonium lord
 99461 | Zig:18   | Killed Hazid the pandemonium lord
 99461 | Zig:18   | Killed Meufaom the pandemonium lord
 99461 | Zig:18   | Noticed Pessof the pandemonium lord
 99461 | Zig:18   | Noticed Tuptif the pandemonium lord
 99461 | Zig:18   | Noticed Wiehim the pandemonium lord
 99461 | Zig:18   | Noticed Mianwoarph the pandemonium lord
 99462 | Zig:18   | Killed Sevyetaf the pandemonium lord
 99462 | Zig:18   | Killed Untun the pandemonium lord
 99462 | Zig:18   | Noticed Bychikh the pandemonium lord
 99462 | Zig:18   | Noticed Nidowaud the pandemonium lord
 99462 | Zig:18   | Noticed Plog the pandemonium lord
 99462 | Zig:18   | Noticed Zoel the pandemonium lord
 99462 | Zig:18   | Noticed Viufit the pandemonium lord
 99463 | Zig:18   | Killed Rug Seos the pandemonium lord
 99463 | Zig:18   | Killed Oduucsor the pandemonium lord
 99463 | Zig:18   | Killed Ugrinok the pandemonium lord
 99463 | Zig:18   | Killed Cybenee the pandemonium lord
 99463 | Zig:18   | Noticed Defedd the pandemonium lord
 99463 | Zig:18   | Noticed Eropops the pandemonium lord
 99464 | Zig:18   | Noticed Wuepil the pandemonium lord
 99465 | Zig:18   | Killed Reorphin the pandemonium lord
 99465 | Zig:18   | Noticed Vydwin the pandemonium lord
 99465 | Zig:18   | Noticed Igomest the pandemonium lord
 99466 | Zig:18   | HP: 8/218 [Rarietel the pandemonium lord (9)]
 99466 | Zig:18   | Noticed Teihuz the pandemonium lord
 99466 | Zig:18   | Killed Tuvvyuj the pandemonium lord
 99466 | Zig:18   | Killed Rodotag the pandemonium lord
 99466 | Zig:18   | Killed by an exploding ball lightning

Illustrated notes

Levels and vault maps discovered:
D:1:      ncdulo_wetmaze, layout_basic, chequers_ecumenical_altar_island,
          st_stairs_14
D:2:      minmay_wonky_spiral, layout_loops_ring
D:3:      layout_loops_cross, mainiacjoe_overflow_brackets,
          mainiacjoe_overflow_swirl, serial_shops, nicolae_shop_crystal
D:4:      mumra_celtic_spiral_tile, layout_basic,
          nicolae_dithmenos_shadow_blocks, minmay_manual_monstrance
D:5:      layout_rooms, kennysheep_boxes, uniq_blork_the_orc, uniq_ijyb
D:6:      layout_layer_cave, mainiacjoe_overflow_boulevard,
          gammafunk_ghost_grave
D:7:      layout_loops_cross, grunt_temple_overflow_order_and_chaos_2,
          trog_book, temple_green, enter_bailey_2, grunt_ministairs_12
D:8:      layout_cave_pools, nicolae_overflow_crystal_walls,
          gammafunk_temple_overflow_claw, dpeg_lair_monsters
D:9:      minmay_bloctagon, layout_irregular_city, nzn_hepliaklqana_mist_gate,
          minmay_misc_feat_tower
D:10:     layout_cave_pools, amcnicky_altar_gilded, lemuel_tele_altar,
          serial_shops, shop
D:11:     layout_cave_pods, uniq_erolcha, uniq_harold, uniq_urug
D:12:     layout_roguey, orc_0_dummy, serial_shops, nicolae_stop_n_shop_2,
          minmay_misc_feat_plants, minmay_ruined_shrine
D:13:     minmay_spotlight, layout_basic, david_vaults_4
D:14:     regret_index_wax_grids, layout_basic, minivault_19, uniq_snorg
D:15:     grunt_enter_depths_hoard, layout_basic, minivault_14,
          minmay_tree_intersection
Temple:   nicolae_temple_ecumenical_triangle
Lair:1:   layout_regular_city, grunt_megastairs_3
Lair:2:   layout_cave_pods, lemuel_fruit_fields, infiniplex_staircase_pool_2,
          grunt_megastairs_5, uniq_maggie
Lair:3:   layout_regular_city, shoals_dummy_entry,
          minmay_snake_entry_guardpost_small
Lair:4:   layout_regular_city, slime_entry_1, gammafunk_ghost_arena
Lair:5:   cheibrodos_lair_end_hotspot, layout_loops_ring
Shoals:1: layout_shoals, ebering_ghost_xom, uniq_jorgrun
Shoals:2: layout_shoals, serial_shops, shop_coins, lemuel_oklob_altar,
          uniq_ilsuiw, uniq_polyphemus, uniq_roxanne
Shoals:3: layout_shoals, serial_shops, shop
Shoals:4: shoals_end_hellmonk_lost_city
Snake:1:  layout_onion_interference, minmay_shop_star, uniq_aizul, uniq_kirke
Snake:2:  layout_grid_maze
Snake:3:  layout_misc_corridors, serial_shops, nicolae_shop_window_shopping,
          uniq_mlioglotl
Snake:4:  snake_pit, layout_chambers, serial_bayou_ford_a,
          nicolae_snake_round_shape_thing, nicolae_snake_salamander_jacuzzi
Slime:1:  layout_caves
Slime:2:  layout_caves, basic_altar
Slime:3:  layout_caves, basic_altar
Slime:4:  layout_caves, cheibrodos_slime_lost_civilization_5
Slime:5:  uniq_dissolution
Orc:1:    layout_diamond_mine, hellmonk_bongcloud_opening, uniq_fannar
Orc:2:    grunt_orc_community_town_hall, layout_caves,
          grunt_orc_community_big_house_1, grunt_orc_community_big_house_2,
          grunt_orc_community_house_3, grunt_orc_community_house_3,
          grunt_orc_community_house_1, grunt_orc_community_house_1,
          grunt_orc_community_house_2, grunt_orc_community_house_2,
          kennysheep_orc_sif_temple
Elf:1:    eino_elf_arrival_altar, layout_rooms,
          hangedman_elven_crosses_minicolossus, uniq_asterion
Elf:2:    nicolae_elf_blades_splatter_lattice [nicolae_blade_little_rooms],
          layout_geoelf_octagon, serial_shops, nicolae_stop_n_shop_2
Elf:3:    minmay_elf_hall_four_x, layout_rooms, nicolae_elf_big_sculpture_1,
          wad_dig_loot
Vaults:1: vaults_mumra_hex, nicolae_vaults_ring_of_whatevers, vaults_room_pool,
          ontoclasm_vaults_decontamination, v_pattern_2,
          nicolae_vaults_rhombus_7, nicolae_vaults_network_star,
          ontoclasm_vaults_pinch, vaults_standard_mumra_lines,
          vaults_room_grunt_arrival_ludios, nicolae_vaults_yaktaur_gun_rack,
          ontoclasm_vaults_gateway, vaults_dpeg_encased_lava,
          vaults_room_semicircle, layout_vaults_omnicross, serial_shops,
          nicolae_square_shop, serial_glass
Vaults:2: nicolae_vaults_mini_display_case, ontoclasm_vaults_ligature,
          nicolae_vaults_theta, hangedman_vaults_stretched_pinwheel,
          nicolae_vaults_network_periphery, blue_anna_dwarven_crypt,
          vaults_mumra_hexcomb, nicolae_vaults_diagonal_hallway_6, v_pattern_3,
          nicolae_vaults_little_ls, layout_vaults_maze_snakey, serial_shops,
          shop_fountains
Vaults:3: special_room_vaults [special_room_orc],
          vaults_standard_mumra_enter_the_diamond,
          nicolae_vaults_ninety_degrees, v_misc_23, vaults_room_door_ring,
          v_misc_30, vaults_room_grunt_arrival_checkpoint,
          hangedman_vaults_river_flow, v_misc_22, layout_vaults_ring,
          uniq_margery
Vaults:4: kb_rosetta, vaults_room_door_ring, grunt_vaults_focal,
          hangedman_vaults_nails, v_misc_25, vaults_room_pool,
          layout_vaults_omnigrid
Vaults:5: uniq_sojobo
Crypt:1:  layout_catacombs, minmay_misc_feat_pillars, feat_on_display,
          grunt_crypt_arrival_webbed, uniq_mennas
Crypt:2:  layout_misc_corridors, hex_large
Crypt:3:  evilmike_haunted_forest
Depths:1: layout_forbidden_donut, enter_ziggurat_d, hangedman_coc_ice_floe,
          serial_shops, nicolae_take_the_stairs, minmay_misc_feat_encased,
          pan_entry, kennysheep_generic_room_9
Depths:2: minmay_the_grid_3x2 [minmay_the_grid_square_x,
          minmay_the_grid_large_cup, minmay_the_grid_tree,
          minmay_the_grid_gridbox, minmay_the_grid_empty,
          minmay_the_grid_prize_trominoes], layout_cave_pools,
          kennysheep_path_1, grunt_pan_entry_in_and_out,
          pf_hell_entry_tar_river, uniq_mara, uniq_josephina, uniq_nikola
Depths:3: cheibrodos_spurs, layout_cave_pools, minmay_crystal_water, hell_entry,
          gammafunk_ghost_ooze, hangedman_abyss_entry_splay,
          minmay_staircase_statues_hall_small, uniq_enchantress
Depths:4: evilmike_zot_entry_hall, layout_small_grid, grunt_hell_horde,
          grunt_megastairs_4, uniq_boris, uniq_vv
Hell
Dis:1:    layout_gridville
Dis:2:    layout_jigsaw
Dis:3:    layout_jigsaw
Dis:4:    layout_gridville, evilmike_ambush [evilmike_ambush_outer_basic,
          evilmike_ambush_inner_pond]
Dis:5:    layout_regular_city
Dis:6:    layout_gridville
Dis:7:    dis_grunt_layers
Geh:1:    layout_gehenna_lava_caves
Geh:2:    layout_gehenna_pools_triple
Geh:3:    nicolae_geh_realm_of_the_lava_sea
Geh:4:    layout_gehenna_lava_caves
Geh:5:    layout_gehenna_lava_caves
Geh:6:    layout_gehenna_lava_caves
Geh:7:    geh_mu
Coc:1:    layout_cocytus_water_paths
Coc:2:    layout_ice_bergs
Coc:3:    layout_cocytus_water_paths
Coc:4:    layout_cocytus_delve, nicolae_coc_downstairs_cove
Coc:5:    layout_cocytus_delve
Coc:6:    layout_ice_bergs
Coc:7:    coc_grunt
Tar:1:    layout_grid_maze
Tar:2:    layout_catacombs
Tar:3:    layout_honeycomb
Tar:4:    nicolae_tar_fifth_circle, layout_cathedral_of_symmetry
Tar:5:    layout_grid_maze
Tar:6:    layout_honeycomb
Tar:7:    tar_old
Zot:1:    kennysheep_bubbly, layout_gridlike, uniq_tiamat
Zot:2:    layout_gridlike
Zot:3:    layout_cathedral_of_symmetry, nicolae_lava_and_water,
          grunt_ministairs_12
Zot:4:    layout_onion
Zig:18:   ziggurat_pillar_d, ziggurat_pillar_d, ziggurat_pillar_d,
          ziggurat_pillar_d, ziggurat_pillar_abc, ziggurat_pillar_abc,
          ziggurat_pillar_abc, ziggurat_pillar_abc

Skill      XL: |  1  2  3  4  5  6  7  8  9 10 11 12 13 14 15 16 17 18 19 20 21 22 23 24 25 26 27 |
---------------+----------------------------------------------------------------------------------+-----
Poison Magic   | 4 5 7 9 27 | 27.0
Air Magic      | 2 27 | 27.0
Conjurations   | 2 3 4 5 6 10 12 15 27 | 27.0
Evocations     | 1 2 6 27 | 27.0
Fighting       | 2 6 12 13 15 27 | 27.0
Spellcasting   | 3 5 7 8 11 13 14 27 | 27.0
Earth Magic    | 4 10 12 15 19 21 22 23 27 | 27.0
Shields        | 5 6 27 | 27.0
Ice Magic      | 2 6 8 27 | 27.0
Maces & Flails | 4 27 | 27.0
Dodging        | 2 6 27 | 27.0
Armour         | 6 27 | 27.0
Stealth        | 7 8 27 | 27.0
Transmutations | 3 5 27 | 27.0
Fire Magic     | 2 7 12 13 14 15 16 27 | 27.0
Necromancy     | 3 5 27 | 27.0
Translocations | 6 27 | 27.0
Throwing       | 27 | 27.0
Staves         | 27 | 27.0
Invocations    | 27 | 27.0
Summonings     | 27 | 27.0
Short Blades   | 27 | 27.0
Long Blades    | 27 | 27.0
Axes           | 27 | 27.0
Polearms       | 27 | 27.0
Ranged Weapons | 27 | 27.0
Unarmed Combat | 27 | 27.0
Hexes          | 27 | 27.0

Action                   |  1- 3 |  4- 6 |  7- 9 | 10-12 | 13-15 | 16-18 | 19-21 | 22-24 | 25-27 || total
-------------------------+-------+-------+-------+-------+-------+-------+-------+-------+-------++-------
Melee: Unarmed           |    14 |       |       |       |       |       |       |       |       ||    14
       Spear             |     4 |    28 |    44 |       |       |       |       |       |       ||    76
       Flail             |       |       |   110 |   147 |   123 |       |       |       |       ||   380
       Punch             |       |       |     2 |       |       |       |       |       |       ||     2
       Staff             |       |       |       |       |    88 |    45 |    12 |       |   481 ||   626
Throw: Dart              |       |       |     3 |       |       |       |       |       |       ||     3
       Boomerang         |       |       |       |     5 |     5 |       |       |       |       ||    10
       Javelin           |       |       |       |       |       |       |       |       |    17 ||    17
       Throwing net      |       |       |       |       |       |       |       |       |     1 ||     1
 Cast: Sting             |    68 |    94 |    22 |       |     9 |       |       |       |       ||   193
       Poisonous Vapours |    10 |    50 |   104 |    51 |    17 |     1 |       |       |       ||   233
       Mephitic Cloud    |       |     4 |    20 |    23 |    16 |     1 |       |       |       ||    64
       Olgreb's Toxic Ra |       |       |    27 |    68 |   277 |   154 |    27 |       |       ||   553
       Sandblast         |       |       |       |    64 |   131 |       |       |       |       ||   195
       Ozocubu's Armour  |       |       |       |    23 |    10 |     2 |       |       |    13 ||    48
       Ignite Poison     |       |       |       |       |   100 |    79 |    22 |       |       ||   201
       Iron Shot         |       |       |       |       |    41 |   126 |   219 |       |    10 ||   396
       Borgnjor's Vile C |       |       |       |       |       |    43 |    90 |       |    57 ||   190
       Lee's Rapid Decon |       |       |       |       |       |    18 |    21 |       |    14 ||    53
       Lehudib's Crystal |       |       |       |       |       |       |     5 |       |   237 ||   242
       Shatter           |       |       |       |       |       |       |    11 |       |  2583 ||  2594
       Ignition          |       |       |       |       |       |       |       |       |  1345 ||  1345
       Fire Storm        |       |       |       |       |       |       |       |       |   570 ||   570
       Chain Lightning   |       |       |       |       |       |       |       |       |   470 ||   470
       Necromutation     |       |       |       |       |       |       |       |       |   277 ||   277
       Polar Vortex      |       |       |       |       |       |       |       |       |   146 ||   146
       Ozocubu's Refrige |       |       |       |       |       |       |       |       |   131 ||   131
       Apportation       |       |       |       |       |       |       |       |       |    49 ||    49
       Blink             |       |       |       |       |       |       |       |       |    12 ||    12
       Death's Door      |       |       |       |       |       |       |       |       |     2 ||     2
 Abil: End Transformatio |       |       |       |       |       |       |       |       |    26 ||    26
Evoke: Wand              |       |     1 |     8 |     7 |    11 |     3 |     5 |       |    25 ||    60
       Phantom mirror    |       |       |       |       |       |     2 |     3 |       |     3 ||     8
       Tin of tremorston |       |       |       |       |       |       |     2 |       |       ||     2
       Condenser vane    |       |       |       |       |       |       |     2 |       |     4 ||     6
       Figurine of a zig |       |       |       |       |       |       |       |       |     8 ||     8
  Use: Scroll            |       |     4 |     8 |    13 |    14 |     8 |     6 |       |   113 ||   166
       Potion            |       |       |     3 |     1 |       |       |     1 |     3 |   195 ||   203
 Stab: Confused          |       |     1 |       |     1 |       |       |       |       |       ||     2
       Paralysed         |       |       |     6 |       |       |       |       |       |       ||     6
       Sleeping          |       |       |       |     1 |       |       |       |       |       ||     1
       Distracted        |       |       |       |       |       |       |       |       |     1 ||     1
Armor: Robe              |    24 |    27 |   106 |    77 |       |       |       |       |       ||   234
       Steam dragon scal |       |       |       |   103 |    43 |       |       |       |       ||   146
       Fire dragon scale |       |       |       |       |   163 |       |       |       |       ||   163
       Troll leather arm |       |       |       |       |   149 |   109 |   100 |       |  1155 ||  1513
       Acid dragon scale |       |       |       |       |     2 |       |       |       |       ||     2
       Plate armour      |       |       |       |       |       |       |       |       |  1106 ||  1106
       Crystal plate arm |       |       |       |       |       |       |       |       |    76 ||    76
       Skin              |       |       |       |       |       |       |       |       |     9 ||     9
Dodge: Dodged            |    45 |    47 |    95 |   150 |   208 |    47 |    40 |       |  1215 ||  1847
Block: Buckler           |       |       |       |    57 |    52 |       |       |       |       ||   109
       Kite shield       |       |       |       |       |   181 |   110 |    81 |       |  2015 ||  2387
